Workbook

Sheet Context
A1: Context
A3: entity
A4: identifier | B4: entityCode
A5: scheme | B5: http://www.idx.co.id/xbrl
A7: period
A8: startDate | B8: 40544
A9: endDate | B9: 40816
A10: instant | B10: 40816
A11: startDate | B11: 40179
A12: endDate | B12: 40543
A13: instant | B13: 40543
A14: startDate | B14: 40179
A15: endDate | B15: 40451
A16: instant | B16: 40451
A17: instant | B17: 40178
A19: CurrentYearDuration
A20: entity
A21: identifier | B21: entityCode
A22: scheme | B22: http://www.idx.co.id/xbrl
A23: period
A24: startDate | B24: 40544
A25: endDate | B25: 40816
A27: CurrentYearInstant
A28: entity
A29: identifier | B29: entityCode
A30: scheme | B30: http://www.idx.co.id/xbrl
A31: period
A32: instant | B32: 40816
A34: PriorEndYearDuration
A35: entity
A36: identifier | B36: entityCode
A37: scheme | B37: http://www.idx.co.id/xbrl
A38: period
A39: startDate | B39: 40179
A40: endDate | B40: 40543
A42: PriorEndYearInstant
A43: entity
A44: identifier | B44: entityCode
A45: scheme | B45: http://www.idx.co.id/xbrl
A46: period
A47: instant | B47: 40543
A49: PriorYearDuration
A50: entity
A51: identifier | B51: entityCode
A52: scheme | B52: http://www.idx.co.id/xbrl
A53: period
A54: startDate | B54: 40179
A55: endDate | B55: 40451
A57: PriorYearInstant
A58: entity
A59: identifier | B59: entityCode
A60: scheme | B60: http://www.idx.co.id/xbrl
A61: period
A62: instant | B62: 40451
A64: Prior2YearsInstant
A65: entity
A66: identifier | B66: entityCode
A67: scheme | B67: http://www.idx.co.id/xbrl
A68: period
A69: instant | B69: 40178

Sheet InlineXBRL
A1: Inline XBRL file names | B1: Worksheet names
A2: 1000000.html | B2: 1000000

Sheet GENERAL INFO
A1: Informasi umum
A3: Period | C3: 2019-12-31 | D3: 2020-12-31 | E3: 2021-12-31 | F3: 2022-12-31 | G3: 2023-12-31 | H3: 2024-12-31 | I3: 2025-12-31
A4: Informasi umum
A5: Nama entitas | C5: PT Bank CIMB Niaga Tbk | D5: PT Bank CIMB Niaga Tbk | E5: PT Bank CIMB Niaga Tbk | F5: PT Bank CIMB Niaga Tbk | G5: PT Bank CIMB Niaga Tbk | H5: PT Bank CIMB Niaga Tbk | I5: PT Bank CIMB Niaga Tbk
A6: Penjelasan perubahan nama dari akhir periode laporan sebelumnya
A7: Kode entitas | C7: BNGA | D7: BNGA | E7: BNGA | F7: BNGA | G7: BNGA | H7: BNGA | I7: BNGA
A8: Nomor identifikasi entitas | C8: AA056 | D8: AA056 | E8: AA056 | F8: AA056 | G8: AA056 | H8: AA056 | I8: AA056
A9: Industri utama entitas | C9: Keuangan dan Syariah / Financial and Sharia | D9: Keuangan dan Syariah / Financial and Sharia | E9: Keuangan dan Syariah / Financial and Sharia | F9: Keuangan dan Syariah / Financial and Sharia | G9: Keuangan dan Syariah / Financial and Sharia | H9: Keuangan dan Syariah / Financial and Sharia | I9: Keuangan dan Syariah / Financial and Sharia
A10: Standar akutansi yang dipilih | F10: PSAK | G10: PSAK | H10: PSAK | I10: PSAK
A11: Sektor | C11: 8. Finance | D11: 8. Finance | E11: 8. Finance | F11: G. Financials | G11: G. Financials | H11: G. Financials | I11: G. Financials
A12: Subsektor | C12: 81. Bank | D12: 81. Bank | E12: 81. Bank | F12: G1. Banks | G12: G1. Banks | H12: G1. Banks | I12: G1. Banks
A13: Industri | F13: G11. Banks | G13: G11. Banks | H13: G11. Banks | I13: G11. Banks
A14: Subindustri | F14: G111. Banks | G14: G111. Banks | H14: G111. Banks | I14: G111. Banks
A15: Informasi pemegang saham pengendali | C15: Foreign Corporation | D15: Foreign Corporation | E15: Foreign Corporation | F15: Foreign Corporation | G15: Foreign Corporation | H15: Foreign Corporation | I15: Foreign Corporation
A16: Jenis entitas | C16: Local Company - Indonesia Jurisdiction | D16: Local Company - Indonesia Jurisdiction | E16: Local Company - Indonesia Jurisdiction | F16: Local Company - Indonesia Jurisdiction | G16: Local Company - Indonesia Jurisdiction | H16: Local Company - Indonesia Jurisdiction | I16: Local Company - Indonesia Jurisdiction
A17: Jenis efek yang dicatatkan | C17: Saham dan Obligasi / Stock and Bond | D17: Saham dan Obligasi / Stock and Bond | E17: Saham dan Obligasi / Stock and Bond | F17: Saham dan Obligasi / Stock and Bond | G17: Saham dan Obligasi / Stock and Bond | H17: Saham dan Obligasi / Stock and Bond | I17: Saham dan Obligasi / Stock and Bond
A18: Jenis papan perdagangan tempat entitas tercatat | F18: Utama / Main | G18: Utama / Main | H18: Utama / Main | I18: Utama / Main
A19: Apakah merupakan laporan keuangan satu entitas atau suatu kelompok entitas | C19: Entitas grup / Group entity | D19: Entitas grup / Group entity | E19: Entitas grup / Group entity | F19: Entitas grup / Group entity | G19: Entitas grup / Group entity | H19: Entitas grup / Group entity | I19: Entitas grup / Group entity
A20: Periode penyampaian laporan keuangan | C20: Tahunan / Annual | D20: Tahunan / Annual | E20: Tahunan / Annual | F20: Tahunan / Annual | G20: Tahunan / Annual | H20: Tahunan / Annual | I20: Tahunan / Annual
A21: Tanggal Surat Pernyataan Direksi | G21: 2024-02-19 | H21: 2025-02-18 | I21: 2026-02-24
A22: Tanggal awal periode berjalan | C22: 2019-01-01 | D22: 2020-01-01 | E22: 2021-01-01 | F22: 2022-01-01 | G22: 2023-01-01 | H22: 2024-01-01 | I22: 2025-01-01
A23: Tanggal akhir periode berjalan | C23: 2019-12-31 | D23: 2020-12-31 | E23: 2021-12-31 | F23: 2022-12-31 | G23: 2023-12-31 | H23: 2024-12-31 | I23: 2025-12-31
A24: Tanggal akhir tahun sebelumnya | C24: 2018-12-31 | D24: 2019-12-31 | E24: 2020-12-31 | F24: 2021-12-31 | G24: 2022-12-31 | H24: 2023-12-31 | I24: 2024-12-31
A25: Tanggal awal periode sebelumnya | C25: 2018-01-01 | D25: 2019-01-01 | E25: 2020-01-01 | F25: 2021-01-01 | G25: 2022-01-01 | H25: 2023-01-01 | I25: 2024-01-01
A26: Tanggal akhir periode sebelumnya | C26: 2018-12-31 | D26: 2019-12-31 | E26: 2020-12-31 | F26: 2021-12-31 | G26: 2022-12-31 | H26: 2023-12-31 | I26: 2024-12-31
A27: Tanggal akhir 2 tahun sebelumnya | F27: 2020-12-31 | G27: 2021-12-31 | H27: 2022-12-31 | I27: 2023-12-31
A28: Mata uang pelaporan | C28: Rupiah / IDR | D28: Rupiah / IDR | E28: Rupiah / IDR | F28: Rupiah / IDR | G28: Rupiah / IDR | H28: Rupiah / IDR | I28: Rupiah / IDR
A29: Kurs konversi pada tanggal pelaporan jika mata uang penyajian selain rupiah
A30: Pembulatan yang digunakan dalam penyajian jumlah dalam laporan keuangan | C30: Jutaan / In Million | D30: Jutaan / In Million | E30: Jutaan / In Million | F30: Jutaan / In Million | G30: Jutaan / In Million | H30: Jutaan / In Million | I30: Jutaan / In Million
A31: Jenis laporan atas laporan keuangan | C31: Diaudit / Audited | D31: Diaudit / Audited | E31: Diaudit / Audited | F31: Diaudit / Audited | G31: Diaudit / Audited | H31: Diaudit / Audited | I31: Diaudit / Audited
A32: Jenis opini auditor | C32: Wajar Tanpa Pengecualian / Unqualified | D32: Wajar Tanpa Pengecualian / Unqualified | E32: Wajar Tanpa Pengecualian / Unqualified | F32: Wajar Tanpa Modifikasian / Unqualified | G32: Wajar Tanpa Modifikasian / Unqualified | H32: Wajar Tanpa Modifikasian / Unqualified | I32: Wajar Tanpa Modifikasian / Unqualified
A33: Hal yang diungkapkan dalam paragraf pendapat untuk penekanan atas suatu masalah atau paragraf penjelasan lainnya, jika ada
A34: Hasil penugasan review
A35: Opini Hal Audit Utama | F35: Ya / Yes | G35: Ya / Yes | H35: Ya / Yes | I35: Ya / Yes
A36: Jumlah Hal Audit Utama | F36: 2 | G36: 2 | H36: 2 | I36: 2
A37: Paragraf Hal Audit Utama | F37: Cadangan Kerugian Penurunan Nilai Atas Kredit Yang Diberikan dan Sistem Operasi dan Pengendalian Teknologi Informasi (TI) Pelaporan Keuangan | G37: Cadangan Kerugian Penurunan Nilai Atas Kredit Yang Diberikan dan Sistem Operasi dan Pengendalian Teknologi Informasi (TI) Pelaporan Keuangan | H37: Cadangan Kerugian Penurunan Nilai Atas Kredit Yang Diberikan dan Sistem Operasi dan Pengendalian Teknologi Informasi (TI) Pelaporan Keuangan | I37: Cadangan Kerugian Penurunan Nilai Atas Kredit Yang Diberikan dan Sistem Operasi dan Pengendalian Teknologi Informasi (TI) Pelaporan Keuangan
A38: Tanggal laporan audit atau hasil laporan review | C38: February 17, 2020 | D38: February 17, 2021 | E38: February 17, 2022 | F38: 2023-02-17 | G38: 2024-02-19 | H38: 2025-02-18 | I38: 2026-02-24
A39: Auditor tahun berjalan | C39: Tanudiredja, Wibisana, Rintis & Rekan | D39: Tanudiredja, Wibisana & Rekan | E39: Tanudiredja, Wibisana, Rintis & Rekan | F39: Tanudiredja, Wibisana, Rintis & Rekan | G39: Tanudiredja, Wibisana, Rintis & Rekan | H39: KAP Rintis, Jumadi, Rianto Rekan | I39: KAP Rintis, Jumadi, Rianto Rekan
A40: Nama partner audit tahun berjalan | C40: Angelique Dewi Daryanto., S.E, CPA | D40: Drs. Irhoan Tanudiredj, CPA | E40: Drs. Irhoan Tanudiredja, CPA | F40: Drs. Irhoan Tanudiredja, CPA | G40: Jimmy Pangestu, S.E. | H40: Jimmy Pangestu | I40: Jimmy Pangestu
A41: Lama tahun penugasan partner yang menandatangani | E41: 2 | F41: 3 | G41: 1 | H41: 2
A42: Auditor tahun sebelumnya | C42: Tanudiredja, Wibisana & Rekan | D42: Tanuderedja, Wibisana, Rintis & Rekan | E42: Tanudiredja, Wibisana, Rintis & Rekan | F42: Tanudiredja, Wibisana Rintis & Rekan | G42: Tanudiredja, Wibisana, Rintis & Rekan | H42: KAP Tanudiredja, Wibisana, Rintis dan Rekan | I42: KAP Rintis, Jumadi, Rianto Rekan
A43: Nama partner audit tahun sebelumnya | C43: Angelique Dewi Daryanto., S.E, CPA | D43: Angelique Dewi Daryanto, S.E., CPA | E43: Drs. Irhoan Tanudiredja, CPA | F43: Drs. Irhoan Tanudiredja, CPA | G43: Drs. Irhoan Tanudiredja, CPA | H43: Jimmy Pangestu | I43: Jimmy Pangestu
A44: Kepatuhan terhadap pemenuhan peraturan OJK Nomor: 75/POJK.04/2017 tentang Tanggung Jawab Direksi Atas Laporan Keuangan | C44: Ya / Yes | D44: Ya / Yes | E44: Ya / Yes | F44: Ya / Yes | G44: Ya / Yes | H44: Ya / Yes | I44: Ya / Yes
A45: Kepatuhan terhadap pemenuhan independensi akuntan yang memberikan jasa audit di pasar modal sesuai dengan POJK Nomor 13/POJK.03/2017 tentang Penggunaan Jasa Akuntan Publik dalam Kegiatan Jasa Keuangan | C45: Ya / Yes | D45: Ya / Yes | E45: Ya / Yes | F45: Ya / Yes | G45: Ya / Yes | H45: Ya / Yes | I45: Ya / Yes

Sheet BALANCE SHEET
A1: Laporan posisi keuangan
A3: Period | C3: 2018-12-31 | D3: 2019-12-31 | E3: 2020-12-31 | F3: 2021-12-31 | G3: 2022-12-31 | H3: 2023-12-31 | I3: 2024-12-31 | J3: 2025-12-31
A4: Laporan posisi keuangan
A5: Aset
A6: Kas | C6: 4293.37 | D6: 5693.065 | E6: 4777.284 | F6: 4548.21 | G6: 5439.398 | H6: 3928.446 | I6: 3650.137 | J6: 3657.344
A7: Dana yang dibatasi penggunaannya
A8: Giro pada Bank Indonesia | C8: 10435.254 | D8: 11395.695 | E8: 6221.892 | F8: 9291.044 | G8: 8985.257 | H8: 13180.254 | I8: 9990.709 | J8: 11670.605
A9: Giro pada bank lain | C9: =C10+C11-C12 | D9: =D10+D11-D12 | E9: =E10+E11-E12 | F9: =F10+F11-F12 | G9: =G10+G11-G12 | H9: =H10+H11-H12 | I9: =I10+I11-I12 | J9: =J10+J11-J12 | ... AM9: =AM10+AM11-AM12
A10: Giro pada bank lain pihak ketiga | C10: 3093.901 | D10: 2162.195 | E10: 3697.487 | F10: 2822.988 | G10: 2748.458 | H10: 2703.266 | I10: 2508.917 | J10: 1907.866
A11: Giro pada bank lain pihak berelasi
A12: Cadangan kerugian penurunan nilai pada giro pada bank lain
A13: Penempatan pada Bank Indonesia dan bank lain | C13: =C14+C15-C16 | D13: =D14+D15-D16 | E13: =E14+E15-E16 | F13: =F14+F15-F16 | G13: =G14+G15-G16 | H13: =H14+H15-H16 | I13: =I14+I15-I16 | J13: =J14+J15-J16 | ... AM13: =AM14+AM15-AM16
A14: Penempatan pada Bank Indonesia dan bank lain pihak ketiga | C14: 9240.574 | D14: 12133.873 | E14: 13342.25 | F14: 30353.917 | G14: 14878.602 | H14: 4541.702 | I14: 5047.695 | J14: 11842.588
A15: Penempatan pada Bank Indonesia dan bank lain pihak berelasi
A16: Cadangan kerugian penurunan nilai pada penempatan pada bank lain | C16: 13.299 | D16: 29.143 | E16: 8.1 | F16: 8.132 | G16: 8.808 | H16: 8.714 | I16: 0 | J16: 0.071
A17: Total Cash | C17: =C6+C8+C9+C13 | D17: =D6+D8+D9+D13 | E17: =E6+E8+E9+E13 | F17: =F6+F8+F9+F13 | G17: =G6+G8+G9+G13 | H17: =H6+H8+H9+H13 | I17: =I6+I8+I9+I13 | J17: =J6+J8+J9+J13 | ... AM17: =AM6+AM8+AM9+AM13
A18: Expense from IS | C18: =IFERROR(HLOOKUP(C3,'INCOME STATEMENT'!$C$3:$AH$256, 82, FALSE), 0) + IFERROR(HLOOKUP(C3,'INCOME STATEMENT'!$C$3:$AH$256, 84, FALSE), 0) + IFERROR(HLOOKUP(C3,'INCOME STATEMENT'!$C$3:$AH$256, 85, FALSE), 0) + IFERROR(HLOOKUP(C3,'INCOME STATEMENT'!$C$3:$AH$256, 86, FALSE), 0) + IFERROR(HLOOKUP(C3,'INCOME STATEMENT'!$C$3:$AH$256, 75, FALSE), 0) | D18: =IFERROR(HLOOKUP(D3,'INCOME STATEMENT'!$C$3:$AH$256, 82, FALSE), 0) + IFERROR(HLOOKUP(D3,'INCOME STATEMENT'!$C$3:$AH$256, 84, FALSE), 0) + IFERROR(HLOOKUP(D3,'INCOME STATEMENT'!$C$3:$AH$256, 85, FALSE), 0) + IFERROR(HLOOKUP(D3,'INCOME STATEMENT'!$C$3:$AH$256, 86, FALSE), 0) + IFERROR(HLOOKUP(D3,'INCOME STATEMENT'!$C$3:$AH$256, 75, FALSE), 0) | E18: =IFERROR(HLOOKUP(E3,'INCOME STATEMENT'!$C$3:$AH$256, 82, FALSE), 0) + IFERROR(HLOOKUP(E3,'INCOME STATEMENT'!$C$3:$AH$256, 84, FALSE), 0) + IFERROR(HLOOKUP(E3,'INCOME STATEMENT'!$C$3:$AH$256, 85, FALSE), 0) + IFERROR(HLOOKUP(E3,'INCOME STATEMENT'!$C$3:$AH$256, 86, FALSE), 0) + IFERROR(HLOOKUP(E3,'INCOME STATEMENT'!$C$3:$AH$256, 75, FALSE), 0) | F18: =IFERROR(HLOOKUP(F3,'INCOME STATEMENT'!$C$3:$AH$256, 82, FALSE), 0) + IFERROR(HLOOKUP(F3,'INCOME STATEMENT'!$C$3:$AH$256, 84, FALSE), 0) + IFERROR(HLOOKUP(F3,'INCOME STATEMENT'!$C$3:$AH$256, 85, FALSE), 0) + IFERROR(HLOOKUP(F3,'INCOME STATEMENT'!$C$3:$AH$256, 86, FALSE), 0) + IFERROR(HLOOKUP(F3,'INCOME STATEMENT'!$C$3:$AH$256, 75, FALSE), 0) | G18: =IFERROR(HLOOKUP(G3,'INCOME STATEMENT'!$C$3:$AH$256, 82, FALSE), 0) + IFERROR(HLOOKUP(G3,'INCOME STATEMENT'!$C$3:$AH$256, 84, FALSE), 0) + IFERROR(HLOOKUP(G3,'INCOME STATEMENT'!$C$3:$AH$256, 85, FALSE), 0) + IFERROR(HLOOKUP(G3,'INCOME STATEMENT'!$C$3:$AH$256, 86, FALSE), 0) + IFERROR(HLOOKUP(G3,'INCOME STATEMENT'!$C$3:$AH$256, 75, FALSE), 0) | H18: =IFERROR(HLOOKUP(H3,'INCOME STATEMENT'!$C$3:$AH$256, 82, FALSE), 0) + IFERROR(HLOOKUP(H3,'INCOME STATEMENT'!$C$3:$AH$256, 84, FALSE), 0) + IFERROR(HLOOKUP(H3,'INCOME STATEMENT'!$C$3:$AH$256, 85, FALSE), 0) + IFERROR(HLOOKUP(H3,'INCOME STATEMENT'!$C$3:$AH$256, 86, FALSE), 0) + IFERROR(HLOOKUP(H3,'INCOME STATEMENT'!$C$3:$AH$256, 75, FALSE), 0) | I18: =IFERROR(HLOOKUP(I3,'INCOME STATEMENT'!$C$3:$AH$256, 82, FALSE), 0) + IFERROR(HLOOKUP(I3,'INCOME STATEMENT'!$C$3:$AH$256, 84, FALSE), 0) + IFERROR(HLOOKUP(I3,'INCOME STATEMENT'!$C$3:$AH$256, 85, FALSE), 0) + IFERROR(HLOOKUP(I3,'INCOME STATEMENT'!$C$3:$AH$256, 86, FALSE), 0) + IFERROR(HLOOKUP(I3,'INCOME STATEMENT'!$C$3:$AH$256, 75, FALSE), 0) | J18: =IFERROR(HLOOKUP(J3,'INCOME STATEMENT'!$C$3:$AH$256, 82, FALSE), 0) + IFERROR(HLOOKUP(J3,'INCOME STATEMENT'!$C$3:$AH$256, 84, FALSE), 0) + IFERROR(HLOOKUP(J3,'INCOME STATEMENT'!$C$3:$AH$256, 85, FALSE), 0) + IFERROR(HLOOKUP(J3,'INCOME STATEMENT'!$C$3:$AH$256, 86, FALSE), 0) + IFERROR(HLOOKUP(J3,'INCOME STATEMENT'!$C$3:$AH$256, 75, FALSE), 0) | ... AM18: =IFERROR(HLOOKUP(AM3,'INCOME STATEMENT'!$C$3:$AH$256, 82, FALSE), 0) + IFERROR(HLOOKUP(AM3,'INCOME STATEMENT'!$C$3:$AH$256, 84, FALSE), 0) + IFERROR(HLOOKUP(AM3,'INCOME STATEMENT'!$C$3:$AH$256, 85, FALSE), 0) + IFERROR(HLOOKUP(AM3,'INCOME STATEMENT'!$C$3:$AH$256, 86, FALSE), 0) + IFERROR(HLOOKUP(AM3,'INCOME STATEMENT'!$C$3:$AH$256, 75, FALSE), 0)
A19: Cash Buffer (Days) | C19: =IFERROR(C17/((C18/365)), 0) | D19: =IFERROR(D17/((D18/365)), 0) | E19: =IFERROR(E17/((E18/365)), 0) | F19: =IFERROR(F17/((F18/365)), 0) | G19: =IFERROR(G17/((G18/365)), 0) | H19: =IFERROR(H17/((H18/365)), 0) | I19: =IFERROR(I17/((I18/365)), 0) | J19: =IFERROR(J17/((J18/365)), 0) | ... AM19: =IFERROR(AM17/((AM18/365)), 0)
A20: Cash to Deposit (%) | C20: =IFERROR(C17/C135, 0) | D20: =IFERROR(D17/D135, 0) | E20: =IFERROR(E17/E135, 0) | F20: =IFERROR(F17/F135, 0) | G20: =IFERROR(G17/G135, 0) | H20: =IFERROR(H17/H135, 0) | I20: =IFERROR(I17/I135, 0) | J20: =IFERROR(J17/J135, 0) | ... AM20: =IFERROR(AM17/AM135, 0)
A21: Piutang asuransi | C21: =C22+C23-C24 | D21: =D22+D23-D24 | E21: =E22+E23-E24 | F21: =F22+F23-F24 | G21: =G22+G23-G24 | H21: =H22+H23-H24 | I21: =I22+I23-I24 | J21: =J22+J23-J24 | ... AM21: =AM22+AM23-AM24
A22: Piutang asuransi pihak ketiga
A23: Piutang asuransi pihak berelasi
A24: Cadangan kerugian penurunan nilai pada piutang asuransi
A25: Biaya akuisisi tangguhan
A26: Deposito pada lembaga kliring dan penjaminan
A27: Efek-efek yang diperdagangkan | C27: =C28+C29-C30 | D27: =D28+D29-D30 | E27: =E28+E29-E30 | F27: =F28+F29-F30 | G27: =G28+G29-G30 | H27: =H28+H29-H30 | I27: =I28+I29-I30 | J27: =J28+J29-J30 | ... AM27: =AM28+AM29-AM30
A28: Efek-efek yang diperdagangkan pihak ketiga | C28: 10715.002 | D28: 12000.711 | E28: 9326.501 | F28: 10191.984 | G28: 5828.093 | H28: 9403.093 | I28: 23456.134 | J28: 20326.814
A29: Efek-efek yang diperdagangkan pihak berelasi
A30: Cadangan kerugian penurunan nilai pada efek-efek yang diperdagangkan | C30: 38.777 | D30: 38.046 | E30: 16.315 | F30: 16.062 | G30: 18.428 | H30: 39.16 | I30: 0.84 | J30: 0.782
A31: Investasi pemegang polis pada kontrak unit-linked
A32: Efek yang dibeli dengan janji dijual kembali | C32: 593.593 | D32: 522.857 | E32: 2305.523 | F32: 1589.656 | G32: 510.307 | H32: 5159.387 | I32: 1612.832 | J32: 1000.129
A33: Wesel ekspor dan tagihan lainnya | C33: =C34+C35-C36 | D33: =D34+D35-D36 | E33: =E34+E35-E36 | F33: =F34+F35-F36 | G33: =G34+G35-G36 | H33: =H34+H35-H36 | I33: =I34+I35-I36 | J33: =J34+J35-J36 | ... AM33: =AM34+AM35-AM36
A34: Wesel ekspor dan tagihan lainnya pihak ketiga
A35: Wesel ekspor dan tagihan lainnya pihak berelasi
A36: Cadangan kerugian penurunan nilai pada wesel ekspor dan tagihan lainnya
A37: Tagihan akseptasi | C37: =C38+C39-C40 | D37: =D38+D39-D40 | E37: =E38+E39-E40 | F37: =F38+F39-F40 | G37: =G38+G39-G40 | H37: =H38+H39-H40 | I37: =I38+I39-I40 | J37: =J38+J39-J40 | ... AM37: =AM38+AM39-AM40
A38: Tagihan akseptasi pihak ketiga | C38: 4462.483 | D38: 3767.071 | E38: 2153.756 | F38: 2603.607 | G38: 2106.596 | H38: 1102.091 | I38: 2761.8 | J38: 1937.05
A39: Tagihan akseptasi pihak berelasi
A40: Cadangan kerugian penurunan nilai pada tagihan akseptasi | E40: 131.091 | F40: 39.566 | G40: 19.833 | H40: 8.638 | I40: 9.833 | J40: 1.592
A41: Tagihan derivatif | C41: =C42+C43 | D41: =D42+D43 | E41: =E42+E43 | F41: =F42+F43 | G41: =G42+G43 | H41: =H42+H43 | I41: =I42+I43 | J41: =J42+J43 | ... AM41: =AM42+AM43
A42: Tagihan derivatif pihak ketiga | C42: 1084.759 | D42: 725.478 | E42: 1359.286 | F42: 909.081 | G42: 969.308 | H42: 849.014 | I42: 1162.75 | J42: 744.707
A43: Tagihan derivatif pihak berelasi | I43: 22.14 | J43: 28.985
A44: Total Credit | C44: =C47+C52+C56+C60+C64+C68+C72+C76+C80+C84+C96 | D44: =D47+D52+D56+D60+D64+D68+D72+D76+D80+D84+D96 | E44: =E47+E52+E56+E60+E64+E68+E72+E76+E80+E84+E96 | F44: =F47+F52+F56+F60+F64+F68+F72+F76+F80+F84+F96 | G44: =G47+G52+G56+G60+G64+G68+G72+G76+G80+G84+G96 | H44: =H47+H52+H56+H60+H64+H68+H72+H76+H80+H84+H96 | I44: =I47+I52+I56+I60+I64+I68+I72+I76+I80+I84+I96 | J44: =J47+J52+J56+J60+J64+J68+J72+J76+J80+J84+J96 | ... AM44: =AM47+AM52+AM56+AM60+AM64+AM68+AM72+AM76+AM80+AM84+AM96
A45: Credit Growth (%) | C45: =IFERROR(IF(((C44-B44)/B44)=-1, "", (C44-B44)/B44), "") | D45: =IFERROR(IF(((D44-C44)/C44)=-1, "", (D44-C44)/C44), "") | E45: =IFERROR(IF(((E44-D44)/D44)=-1, "", (E44-D44)/D44), "") | F45: =IFERROR(IF(((F44-E44)/E44)=-1, "", (F44-E44)/E44), "") | G45: =IFERROR(IF(((G44-F44)/F44)=-1, "", (G44-F44)/F44), "") | H45: =IFERROR(IF(((H44-G44)/G44)=-1, "", (H44-G44)/G44), "") | I45: =IFERROR(IF(((I44-H44)/H44)=-1, "", (I44-H44)/H44), "") | J45: =IFERROR(IF(((J44-I44)/I44)=-1, "", (J44-I44)/I44), "") | ... AM45: =IFERROR(IF(((AM44-AL44)/AL44)=-1, "", (AM44-AL44)/AL44), "")
A46: Credit to Asset (%) | C46: =IFERROR(C44/C125, 0) | D46: =IFERROR(D44/D125, 0) | E46: =IFERROR(E44/E125, 0) | F46: =IFERROR(F44/F125, 0) | G46: =IFERROR(G44/G125, 0) | H46: =IFERROR(H44/H125, 0) | I46: =IFERROR(I44/I125, 0) | J46: =IFERROR(J44/J125, 0) | ... AM46: =IFERROR(AM44/AM125, 0)
A47: Pinjaman yang diberikan | C47: =C48+C49-C50 | D47: =D48+D49-D50 | E47: =E48+E49-E50 | F47: =F48+F49-F50 | G47: =G48+G49-G50 | H47: =H48+H49-H50 | I47: =I48+I49-I50 | J47: =J48+J49-J50 | ... AM47: =AM48+AM49-AM50
A48: Pinjaman yang diberikan pihak ketiga | C48: 185966.15 | D48: 190750.56 | E48: 171448.99 | F48: 176954.26 | G48: 190505.89 | H48: 205695.79 | I48: 217806.85 | J48: 227851.68
A49: Pinjaman yang diberikan pihak berelasi | C49: 296.48 | D49: 232.557 | E49: 221.4 | F49: 203.607 | G49: 186.295 | H49: 220.757 | I49: 143.085 | J49: 146.303
A50: Cadangan kerugian penurunan nilai pada pinjaman yang diberikan | C50: 5951.354 | D50: 5984.978 | E50: 11818.607 | F50: 13068.605 | G50: 13086.85 | H50: 11905.707 | I50: 10451.126 | J50: 8053.555
A51: Piutang dari lembaga kliring dan penjaminan
A52: Piutang nasabah | C52: =C53+C54-C55 | D52: =D53+D54-D55 | E52: =E53+E54-E55 | F52: =F53+F54-F55 | G52: =G53+G54-G55 | H52: =H53+H54-H55 | I52: =I53+I54-I55 | J52: =J53+J54-J55 | ... AM52: =AM53+AM54-AM55
A53: Piutang nasabah pihak ketiga
A54: Piutang nasabah pihak berelasi
A55: Cadangan kerugian penurunan nilai pada piutang nasabah
A56: Piutang murabahah | C56: =C57+C58-C59 | D56: =D57+D58-D59 | E56: =E57+E58-E59 | F56: =F57+F58-F59 | G56: =G57+G58-G59 | H56: =H57+H58-H59 | I56: =I57+I58-I59 | J56: =J57+J58-J59 | ... AM56: =AM57+AM58-AM59
A57: Piutang murabahah pihak ketiga
A58: Piutang murabahah pihak berelasi
A59: Cadangan kerugian penurunan nilai pada piutang murabahah
A60: Piutang istishna | C60: =C61+C62-C63 | D60: =D61+D62-D63 | E60: =E61+E62-E63 | F60: =F61+F62-F63 | G60: =G61+G62-G63 | H60: =H61+H62-H63 | I60: =I61+I62-I63 | J60: =J61+J62-J63 | ... AM60: =AM61+AM62-AM63
A61: Piutang istishna pihak ketiga
A62: Piutang istishna pihak berelasi
A63: Cadangan kerugian penurunan nilai pada piutang istishna
A64: Piutang ijarah | C64: =C65+C66-C67 | D64: =D65+D66-D67 | E64: =E65+E66-E67 | F64: =F65+F66-F67 | G64: =G65+G66-G67 | H64: =H65+H66-H67 | I64: =I65+I66-I67 | J64: =J65+J66-J67 | ... AM64: =AM65+AM66-AM67
A65: Piutang ijarah pihak ketiga
A66: Piutang ijarah pihak berelasi
A67: Cadangan kerugian penurunan nilai pada piutang ijarah
A68: Piutang pembiayaan konsumen | C68: =C69+C70-C71 | D68: =D69+D70-D71 | E68: =E69+E70-E71 | F68: =F69+F70-F71 | G68: =G69+G70-G71 | H68: =H69+H70-H71 | I68: =I69+I70-I71 | J68: =J69+J70-J71 | ... AM68: =AM69+AM70-AM71
A69: Piutang pembiayaan konsumen pihak ketiga | C69: 2199.8 | D69: 3254.233 | E69: 3084.202 | F69: 4455.558 | G69: 5918.824 | H69: 7453.32 | I69: 10053.059 | J69: 10310.842
A70: Piutang pembiayaan konsumen pihak berelasi
A71: Cadangan kerugian penurunan nilai pada piutang pembiayaan konsumen | C71: 146.998 | D71: 74.863 | E71: 106.353 | F71: 67.029 | G71: 110.535 | H71: 141.776 | I71: 202.274 | J71: 329.83
A72: Pinjaman qardh | C72: =C73+C74-C75 | D72: =D73+D74-D75 | E72: =E73+E74-E75 | F72: =F73+F74-F75 | G72: =G73+G74-G75 | H72: =H73+H74-H75 | I72: =I73+I74-I75 | J72: =J73+J74-J75 | ... AM72: =AM73+AM74-AM75
A73: Pinjaman qardh pihak ketiga
A74: Pinjaman qardh pihak berelasi
A75: Cadangan kerugian penurunan nilai pada pinjaman qardh
A76: Pembiayaan mudharabah | C76: =C77+C78-C79 | D76: =D77+D78-D79 | E76: =E77+E78-E79 | F76: =F77+F78-F79 | G76: =G77+G78-G79 | H76: =H77+H78-H79 | I76: =I77+I78-I79 | J76: =J77+J78-J79 | ... AM76: =AM77+AM78-AM79
A77: Pembiayaan mudharabah pihak ketiga
A78: Pembiayaan mudharabah pihak berelasi
A79: Cadangan kerugian penurunan nilai pada pembiayaan mudharabah
A80: Pembiayaan musyarakah | C80: =C81+C82-C83 | D80: =D81+D82-D83 | E80: =E81+E82-E83 | F80: =F81+F82-F83 | G80: =G81+G82-G83 | H80: =H81+H82-H83 | I80: =I81+I82-I83 | J80: =J81+J82-J83 | ... AM80: =AM81+AM82-AM83
A81: Pembiayaan musyarakah pihak ketiga
A82: Pembiayaan musyarakah pihak berelasi
A83: Cadangan kerugian penurunan nilai pada pembiayaan musyarakah
A84: Investasi sewa | C84: =C85+C86+C87+C88+C89-C90 | D84: =D85+D86+D87+D88+D89-D90 | E84: =E85+E86+E87+E88+E89-E90 | F84: =F85+F86+F87+F88+F89-F90 | G84: =G85+G86+G87+G88+G89-G90 | H84: =H85+H86+H87+H88+H89-H90 | I84: =I85+I86+I87+I88+I89-I90 | J84: =J85+J86+J87+J88+J89-J90 | ... AM84: =AM85+AM86+AM87+AM88+AM89-AM90
A85: Investasi sewa pihak ketiga
A86: Investasi sewa pihak berelasi
A87: Investasi sewa nilai residu yang terjamin
A88: Investasi sewa pendapatan pembiayaan tangguhan
A89: Investasi sewa simpanan jaminan
A90: Cadangan kerugian penurunan nilai pada investasi sewa
A91: Tagihan anjak piutang | C91: =C92+C93+C94-C95 | D91: =D92+D93+D94-D95 | E91: =E92+E93+E94-E95 | F91: =F92+F93+F94-F95 | G91: =G92+G93+G94-G95 | H91: =H92+H93+H94-H95 | I91: =I92+I93+I94-I95 | J91: =J92+J93+J94-J95 | ... AM91: =AM92+AM93+AM94-AM95
A92: Tagihan anjak piutang pihak ketiga
A93: Tagihan anjak piutang pihak berelasi
A94: Tagihan anjak piutang pada pendapatan anjak piutang tangguhan
A95: Cadangan kerugian penurunan nilai pada tagihan anjak piutang
A96: Piutang lainnya | C96: =C97+C98-C99 | D96: =D97+D98-D99 | E96: =E97+E98-E99 | F96: =F97+F98-F99 | G96: =G97+G98-G99 | H96: =H97+H98-H99 | I96: =I97+I98-I99 | J96: =J97+J98-J99 | ... AM96: =AM97+AM98-AM99
A97: Piutang lainnya pihak ketiga | C97: 5.106 | D97: 0.18 | E97: 0 | F97: 0
A98: Piutang lainnya pihak berelasi
A99: Cadangan kerugian penurunan nilai pada piutang lainnya | C99: 3.926 | D99: 0.18 | E99: 0 | F99: 0
A100: Aset keuangan lainnya
A101: Obligasi pemerintah | C101: 23999.772 | D101: 22160.303 | E101: 55828.799 | F101: 60520.764 | G101: 59199.026 | H101: 70596.507 | I101: 70354.627 | J101: 65138.715
...

Sheet Asset Composition
A1: Asset Composition
C3: ='BALANCE SHEET'!C3 | D3: ='BALANCE SHEET'!D3 | E3: ='BALANCE SHEET'!E3 | F3: ='BALANCE SHEET'!F3 | G3: ='BALANCE SHEET'!G3 | H3: ='BALANCE SHEET'!H3 | I3: ='BALANCE SHEET'!I3 | J3: ='BALANCE SHEET'!J3 | ... AM3: ='BALANCE SHEET'!AM3
A4: Absolute
A5: Cash | C5: =IFERROR(HLOOKUP(C3,'BALANCE SHEET'!$C$3:$AM$258, 15, FALSE), 0) | D5: =IFERROR(HLOOKUP(D3,'BALANCE SHEET'!$C$3:$AM$258, 15, FALSE), 0) | E5: =IFERROR(HLOOKUP(E3,'BALANCE SHEET'!$C$3:$AM$258, 15, FALSE), 0) | F5: =IFERROR(HLOOKUP(F3,'BALANCE SHEET'!$C$3:$AM$258, 15, FALSE), 0) | G5: =IFERROR(HLOOKUP(G3,'BALANCE SHEET'!$C$3:$AM$258, 15, FALSE), 0) | H5: =IFERROR(HLOOKUP(H3,'BALANCE SHEET'!$C$3:$AM$258, 15, FALSE), 0) | I5: =IFERROR(HLOOKUP(I3,'BALANCE SHEET'!$C$3:$AM$258, 15, FALSE), 0) | J5: =IFERROR(HLOOKUP(J3,'BALANCE SHEET'!$C$3:$AM$258, 15, FALSE), 0) | ... AM5: =IFERROR(HLOOKUP(AM3,'BALANCE SHEET'!$C$3:$AM$258, 15, FALSE), 0)
A6: Credit | C6: =IFERROR(HLOOKUP(C3,'BALANCE SHEET'!$C$3:$AM$258, 42, FALSE), 0) | D6: =IFERROR(HLOOKUP(D3,'BALANCE SHEET'!$C$3:$AM$258, 42, FALSE), 0) | E6: =IFERROR(HLOOKUP(E3,'BALANCE SHEET'!$C$3:$AM$258, 42, FALSE), 0) | F6: =IFERROR(HLOOKUP(F3,'BALANCE SHEET'!$C$3:$AM$258, 42, FALSE), 0) | G6: =IFERROR(HLOOKUP(G3,'BALANCE SHEET'!$C$3:$AM$258, 42, FALSE), 0) | H6: =IFERROR(HLOOKUP(H3,'BALANCE SHEET'!$C$3:$AM$258, 42, FALSE), 0) | I6: =IFERROR(HLOOKUP(I3,'BALANCE SHEET'!$C$3:$AM$258, 42, FALSE), 0) | J6: =IFERROR(HLOOKUP(J3,'BALANCE SHEET'!$C$3:$AM$258, 42, FALSE), 0) | ... AM6: =IFERROR(HLOOKUP(AM3,'BALANCE SHEET'!$C$3:$AM$258, 42, FALSE), 0)
A7: PPE | C7: =IFERROR(HLOOKUP(C3,'BALANCE SHEET'!$C$3:$AM$258, 116, FALSE) + HLOOKUP(C3,'BALANCE SHEET'!$C$3:$AM$258, 118, FALSE) + HLOOKUP(C3,'BALANCE SHEET'!$C$3:$AM$258, 119, FALSE), 0) | D7: =IFERROR(HLOOKUP(D3,'BALANCE SHEET'!$C$3:$AM$258, 116, FALSE) + HLOOKUP(D3,'BALANCE SHEET'!$C$3:$AM$258, 118, FALSE) + HLOOKUP(D3,'BALANCE SHEET'!$C$3:$AM$258, 119, FALSE), 0) | E7: =IFERROR(HLOOKUP(E3,'BALANCE SHEET'!$C$3:$AM$258, 116, FALSE) + HLOOKUP(E3,'BALANCE SHEET'!$C$3:$AM$258, 118, FALSE) + HLOOKUP(E3,'BALANCE SHEET'!$C$3:$AM$258, 119, FALSE), 0) | F7: =IFERROR(HLOOKUP(F3,'BALANCE SHEET'!$C$3:$AM$258, 116, FALSE) + HLOOKUP(F3,'BALANCE SHEET'!$C$3:$AM$258, 118, FALSE) + HLOOKUP(F3,'BALANCE SHEET'!$C$3:$AM$258, 119, FALSE), 0) | G7: =IFERROR(HLOOKUP(G3,'BALANCE SHEET'!$C$3:$AM$258, 116, FALSE) + HLOOKUP(G3,'BALANCE SHEET'!$C$3:$AM$258, 118, FALSE) + HLOOKUP(G3,'BALANCE SHEET'!$C$3:$AM$258, 119, FALSE), 0) | H7: =IFERROR(HLOOKUP(H3,'BALANCE SHEET'!$C$3:$AM$258, 116, FALSE) + HLOOKUP(H3,'BALANCE SHEET'!$C$3:$AM$258, 118, FALSE) + HLOOKUP(H3,'BALANCE SHEET'!$C$3:$AM$258, 119, FALSE), 0) | I7: =IFERROR(HLOOKUP(I3,'BALANCE SHEET'!$C$3:$AM$258, 116, FALSE) + HLOOKUP(I3,'BALANCE SHEET'!$C$3:$AM$258, 118, FALSE) + HLOOKUP(I3,'BALANCE SHEET'!$C$3:$AM$258, 119, FALSE), 0) | J7: =IFERROR(HLOOKUP(J3,'BALANCE SHEET'!$C$3:$AM$258, 116, FALSE) + HLOOKUP(J3,'BALANCE SHEET'!$C$3:$AM$258, 118, FALSE) + HLOOKUP(J3,'BALANCE SHEET'!$C$3:$AM$258, 119, FALSE), 0) | ... AM7: =IFERROR(HLOOKUP(AM3,'BALANCE SHEET'!$C$3:$AM$258, 116, FALSE) + HLOOKUP(AM3,'BALANCE SHEET'!$C$3:$AM$258, 118, FALSE) + HLOOKUP(AM3,'BALANCE SHEET'!$C$3:$AM$258, 119, FALSE), 0)
A8: Investment | C8: =IFERROR(HLOOKUP(C3,'BALANCE SHEET'!$C$3:$AM$258, 25, FALSE) + HLOOKUP(C3,'BALANCE SHEET'!$C$3:$AM$258, 30, FALSE) + HLOOKUP(C3,'BALANCE SHEET'!$C$3:$AM$258, 99, FALSE) + HLOOKUP(C3,'BALANCE SHEET'!$C$3:$AM$258, 108, FALSE) + HLOOKUP(C3,'BALANCE SHEET'!$C$3:$AM$258, 109, FALSE), 0) | D8: =IFERROR(HLOOKUP(D3,'BALANCE SHEET'!$C$3:$AM$258, 25, FALSE) + HLOOKUP(D3,'BALANCE SHEET'!$C$3:$AM$258, 30, FALSE) + HLOOKUP(D3,'BALANCE SHEET'!$C$3:$AM$258, 99, FALSE) + HLOOKUP(D3,'BALANCE SHEET'!$C$3:$AM$258, 108, FALSE) + + HLOOKUP(D3,'BALANCE SHEET'!$C$3:$AM$258, 109, FALSE), 0) | E8: =IFERROR(HLOOKUP(E3,'BALANCE SHEET'!$C$3:$AM$258, 25, FALSE) + HLOOKUP(E3,'BALANCE SHEET'!$C$3:$AM$258, 30, FALSE) + HLOOKUP(E3,'BALANCE SHEET'!$C$3:$AM$258, 99, FALSE) + HLOOKUP(E3,'BALANCE SHEET'!$C$3:$AM$258, 108, FALSE) + + HLOOKUP(E3,'BALANCE SHEET'!$C$3:$AM$258, 109, FALSE), 0) | F8: =IFERROR(HLOOKUP(F3,'BALANCE SHEET'!$C$3:$AM$258, 25, FALSE) + HLOOKUP(F3,'BALANCE SHEET'!$C$3:$AM$258, 30, FALSE) + HLOOKUP(F3,'BALANCE SHEET'!$C$3:$AM$258, 99, FALSE) + HLOOKUP(F3,'BALANCE SHEET'!$C$3:$AM$258, 108, FALSE) + + HLOOKUP(F3,'BALANCE SHEET'!$C$3:$AM$258, 109, FALSE), 0) | G8: =IFERROR(HLOOKUP(G3,'BALANCE SHEET'!$C$3:$AM$258, 25, FALSE) + HLOOKUP(G3,'BALANCE SHEET'!$C$3:$AM$258, 30, FALSE) + HLOOKUP(G3,'BALANCE SHEET'!$C$3:$AM$258, 99, FALSE) + HLOOKUP(G3,'BALANCE SHEET'!$C$3:$AM$258, 108, FALSE) + + HLOOKUP(G3,'BALANCE SHEET'!$C$3:$AM$258, 109, FALSE), 0) | H8: =IFERROR(HLOOKUP(H3,'BALANCE SHEET'!$C$3:$AM$258, 25, FALSE) + HLOOKUP(H3,'BALANCE SHEET'!$C$3:$AM$258, 30, FALSE) + HLOOKUP(H3,'BALANCE SHEET'!$C$3:$AM$258, 99, FALSE) + HLOOKUP(H3,'BALANCE SHEET'!$C$3:$AM$258, 108, FALSE) + + HLOOKUP(H3,'BALANCE SHEET'!$C$3:$AM$258, 109, FALSE), 0) | I8: =IFERROR(HLOOKUP(I3,'BALANCE SHEET'!$C$3:$AM$258, 25, FALSE) + HLOOKUP(I3,'BALANCE SHEET'!$C$3:$AM$258, 30, FALSE) + HLOOKUP(I3,'BALANCE SHEET'!$C$3:$AM$258, 99, FALSE) + HLOOKUP(I3,'BALANCE SHEET'!$C$3:$AM$258, 108, FALSE) + + HLOOKUP(I3,'BALANCE SHEET'!$C$3:$AM$258, 109, FALSE), 0) | J8: =IFERROR(HLOOKUP(J3,'BALANCE SHEET'!$C$3:$AM$258, 25, FALSE) + HLOOKUP(J3,'BALANCE SHEET'!$C$3:$AM$258, 30, FALSE) + HLOOKUP(J3,'BALANCE SHEET'!$C$3:$AM$258, 99, FALSE) + HLOOKUP(J3,'BALANCE SHEET'!$C$3:$AM$258, 108, FALSE) + + HLOOKUP(J3,'BALANCE SHEET'!$C$3:$AM$258, 109, FALSE), 0) | K8: =IFERROR(HLOOKUP(K3,'BALANCE SHEET'!$C$3:$AM$258, 25, FALSE) + HLOOKUP(K3,'BALANCE SHEET'!$C$3:$AM$258, 30, FALSE) + HLOOKUP(K3,'BALANCE SHEET'!$C$3:$AM$258, 99, FALSE) + HLOOKUP(K3,'BALANCE SHEET'!$C$3:$AM$258, 108, FALSE) + + HLOOKUP(K3,'BALANCE SHEET'!$C$3:$AM$258, 109, FALSE), 0) | ... AM8: =IFERROR(HLOOKUP(AM3,'BALANCE SHEET'!$C$3:$AM$258, 25, FALSE) + HLOOKUP(AM3,'BALANCE SHEET'!$C$3:$AM$258, 30, FALSE) + HLOOKUP(AM3,'BALANCE SHEET'!$C$3:$AM$258, 99, FALSE) + HLOOKUP(AM3,'BALANCE SHEET'!$C$3:$AM$258, 108, FALSE) + + HLOOKUP(AM3,'BALANCE SHEET'!$C$3:$AM$258, 109, FALSE), 0)
A9: Others | C9: =IFERROR(HLOOKUP(C3,'BALANCE SHEET'!$C$3:$AM$258, 5, FALSE) + HLOOKUP(C3,'BALANCE SHEET'!$C$3:$AM$258, 19, FALSE) + HLOOKUP(C3,'BALANCE SHEET'!$C$3:$AM$258, 23, FALSE) + HLOOKUP(C3,'BALANCE SHEET'!$C$3:$AM$258, 24, FALSE) + HLOOKUP(C3,'BALANCE SHEET'!$C$3:$AM$258, 29, FALSE) + HLOOKUP(C3,'BALANCE SHEET'!$C$3:$AM$258, 31, FALSE) + HLOOKUP(C3,'BALANCE SHEET'!$C$3:$AM$258, 35, FALSE)+ HLOOKUP(C3,'BALANCE SHEET'!$C$3:$AM$258, 39, FALSE) + HLOOKUP(C3,'BALANCE SHEET'!$C$3:$AM$258, 49, FALSE) + HLOOKUP(C3,'BALANCE SHEET'!$C$3:$AM$258, 89, FALSE) + HLOOKUP(C3,'BALANCE SHEET'!$C$3:$AM$258, 98, FALSE) + HLOOKUP(C3,'BALANCE SHEET'!$C$3:$AM$258, 100, FALSE)+ HLOOKUP(C3,'BALANCE SHEET'!$C$3:$AM$258, 101, FALSE)+ HLOOKUP(C3,'BALANCE SHEET'!$C$3:$AM$258, 102, FALSE)+ HLOOKUP(C3,'BALANCE SHEET'!$C$3:$AM$258, 103, FALSE)+ HLOOKUP(C3,'BALANCE SHEET'!$C$3:$AM$258, 104, FALSE)+ HLOOKUP(C3,'BALANCE SHEET'!$C$3:$AM$258, 105, FALSE)+ HLOOKUP(C3,'BALANCE SHEET'!$C$3:$AM$258, 106, FALSE) + + HLOOKUP(C3,'BALANCE SHEET'!$C$3:$AM$258, 107, FALSE) + HLOOKUP(C3,'BALANCE SHEET'!$C$3:$AM$258, 112, FALSE)+ HLOOKUP(C3,'BALANCE SHEET'!$C$3:$AM$258, 113, FALSE)+ HLOOKUP(C3,'BALANCE SHEET'!$C$3:$AM$258, 114, FALSE)+ HLOOKUP(C3,'BALANCE SHEET'!$C$3:$AM$258, 115, FALSE)+ HLOOKUP(C3,'BALANCE SHEET'!$C$3:$AM$258, 117, FALSE)+ HLOOKUP(C3,'BALANCE SHEET'!$C$3:$AM$258, 120, FALSE)+ HLOOKUP(C3,'BALANCE SHEET'!$C$3:$AM$258, 121, FALSE)+ HLOOKUP(C3,'BALANCE SHEET'!$C$3:$AM$258, 122, FALSE), 0) | D9: =IFERROR(HLOOKUP(D3,'BALANCE SHEET'!$C$3:$AM$258, 5, FALSE) + HLOOKUP(D3,'BALANCE SHEET'!$C$3:$AM$258, 19, FALSE) + HLOOKUP(D3,'BALANCE SHEET'!$C$3:$AM$258, 23, FALSE) + HLOOKUP(D3,'BALANCE SHEET'!$C$3:$AM$258, 24, FALSE) + HLOOKUP(D3,'BALANCE SHEET'!$C$3:$AM$258, 29, FALSE) + HLOOKUP(D3,'BALANCE SHEET'!$C$3:$AM$258, 31, FALSE) + HLOOKUP(D3,'BALANCE SHEET'!$C$3:$AM$258, 35, FALSE)+ HLOOKUP(D3,'BALANCE SHEET'!$C$3:$AM$258, 39, FALSE) + HLOOKUP(D3,'BALANCE SHEET'!$C$3:$AM$258, 49, FALSE) + HLOOKUP(D3,'BALANCE SHEET'!$C$3:$AM$258, 89, FALSE) + HLOOKUP(D3,'BALANCE SHEET'!$C$3:$AM$258, 98, FALSE) + HLOOKUP(D3,'BALANCE SHEET'!$C$3:$AM$258, 100, FALSE)+ HLOOKUP(D3,'BALANCE SHEET'!$C$3:$AM$258, 101, FALSE)+ HLOOKUP(D3,'BALANCE SHEET'!$C$3:$AM$258, 102, FALSE)+ HLOOKUP(D3,'BALANCE SHEET'!$C$3:$AM$258, 103, FALSE)+ HLOOKUP(D3,'BALANCE SHEET'!$C$3:$AM$258, 104, FALSE)+ HLOOKUP(D3,'BALANCE SHEET'!$C$3:$AM$258, 105, FALSE)+ HLOOKUP(D3,'BALANCE SHEET'!$C$3:$AM$258, 106, FALSE) + + HLOOKUP(D3,'BALANCE SHEET'!$C$3:$AM$258, 107, FALSE) + HLOOKUP(D3,'BALANCE SHEET'!$C$3:$AM$258, 112, FALSE)+ HLOOKUP(D3,'BALANCE SHEET'!$C$3:$AM$258, 113, FALSE)+ HLOOKUP(D3,'BALANCE SHEET'!$C$3:$AM$258, 114, FALSE)+ HLOOKUP(D3,'BALANCE SHEET'!$C$3:$AM$258, 115, FALSE)+ HLOOKUP(D3,'BALANCE SHEET'!$C$3:$AM$258, 117, FALSE)+ HLOOKUP(D3,'BALANCE SHEET'!$C$3:$AM$258, 120, FALSE)+ HLOOKUP(D3,'BALANCE SHEET'!$C$3:$AM$258, 121, FALSE)+ HLOOKUP(D3,'BALANCE SHEET'!$C$3:$AM$258, 122, FALSE), 0) | E9: =IFERROR(HLOOKUP(E3,'BALANCE SHEET'!$C$3:$AM$258, 5, FALSE) + HLOOKUP(E3,'BALANCE SHEET'!$C$3:$AM$258, 19, FALSE) + HLOOKUP(E3,'BALANCE SHEET'!$C$3:$AM$258, 23, FALSE) + HLOOKUP(E3,'BALANCE SHEET'!$C$3:$AM$258, 24, FALSE) + HLOOKUP(E3,'BALANCE SHEET'!$C$3:$AM$258, 29, FALSE) + HLOOKUP(E3,'BALANCE SHEET'!$C$3:$AM$258, 31, FALSE) + HLOOKUP(E3,'BALANCE SHEET'!$C$3:$AM$258, 35, FALSE)+ HLOOKUP(E3,'BALANCE SHEET'!$C$3:$AM$258, 39, FALSE) + HLOOKUP(E3,'BALANCE SHEET'!$C$3:$AM$258, 49, FALSE) + HLOOKUP(E3,'BALANCE SHEET'!$C$3:$AM$258, 89, FALSE) + HLOOKUP(E3,'BALANCE SHEET'!$C$3:$AM$258, 98, FALSE) + HLOOKUP(E3,'BALANCE SHEET'!$C$3:$AM$258, 100, FALSE)+ HLOOKUP(E3,'BALANCE SHEET'!$C$3:$AM$258, 101, FALSE)+ HLOOKUP(E3,'BALANCE SHEET'!$C$3:$AM$258, 102, FALSE)+ HLOOKUP(E3,'BALANCE SHEET'!$C$3:$AM$258, 103, FALSE)+ HLOOKUP(E3,'BALANCE SHEET'!$C$3:$AM$258, 104, FALSE)+ HLOOKUP(E3,'BALANCE SHEET'!$C$3:$AM$258, 105, FALSE)+ HLOOKUP(E3,'BALANCE SHEET'!$C$3:$AM$258, 106, FALSE) + + HLOOKUP(E3,'BALANCE SHEET'!$C$3:$AM$258, 107, FALSE) + HLOOKUP(E3,'BALANCE SHEET'!$C$3:$AM$258, 112, FALSE)+ HLOOKUP(E3,'BALANCE SHEET'!$C$3:$AM$258, 113, FALSE)+ HLOOKUP(E3,'BALANCE SHEET'!$C$3:$AM$258, 114, FALSE)+ HLOOKUP(E3,'BALANCE SHEET'!$C$3:$AM$258, 115, FALSE)+ HLOOKUP(E3,'BALANCE SHEET'!$C$3:$AM$258, 117, FALSE)+ HLOOKUP(E3,'BALANCE SHEET'!$C$3:$AM$258, 120, FALSE)+ HLOOKUP(E3,'BALANCE SHEET'!$C$3:$AM$258, 121, FALSE)+ HLOOKUP(E3,'BALANCE SHEET'!$C$3:$AM$258, 122, FALSE), 0) | F9: =IFERROR(HLOOKUP(F3,'BALANCE SHEET'!$C$3:$AM$258, 5, FALSE) + HLOOKUP(F3,'BALANCE SHEET'!$C$3:$AM$258, 19, FALSE) + HLOOKUP(F3,'BALANCE SHEET'!$C$3:$AM$258, 23, FALSE) + HLOOKUP(F3,'BALANCE SHEET'!$C$3:$AM$258, 24, FALSE) + HLOOKUP(F3,'BALANCE SHEET'!$C$3:$AM$258, 29, FALSE) + HLOOKUP(F3,'BALANCE SHEET'!$C$3:$AM$258, 31, FALSE) + HLOOKUP(F3,'BALANCE SHEET'!$C$3:$AM$258, 35, FALSE)+ HLOOKUP(F3,'BALANCE SHEET'!$C$3:$AM$258, 39, FALSE) + HLOOKUP(F3,'BALANCE SHEET'!$C$3:$AM$258, 49, FALSE) + HLOOKUP(F3,'BALANCE SHEET'!$C$3:$AM$258, 89, FALSE) + HLOOKUP(F3,'BALANCE SHEET'!$C$3:$AM$258, 98, FALSE) + HLOOKUP(F3,'BALANCE SHEET'!$C$3:$AM$258, 100, FALSE)+ HLOOKUP(F3,'BALANCE SHEET'!$C$3:$AM$258, 101, FALSE)+ HLOOKUP(F3,'BALANCE SHEET'!$C$3:$AM$258, 102, FALSE)+ HLOOKUP(F3,'BALANCE SHEET'!$C$3:$AM$258, 103, FALSE)+ HLOOKUP(F3,'BALANCE SHEET'!$C$3:$AM$258, 104, FALSE)+ HLOOKUP(F3,'BALANCE SHEET'!$C$3:$AM$258, 105, FALSE)+ HLOOKUP(F3,'BALANCE SHEET'!$C$3:$AM$258, 106, FALSE) + + HLOOKUP(F3,'BALANCE SHEET'!$C$3:$AM$258, 107, FALSE) + HLOOKUP(F3,'BALANCE SHEET'!$C$3:$AM$258, 112, FALSE)+ HLOOKUP(F3,'BALANCE SHEET'!$C$3:$AM$258, 113, FALSE)+ HLOOKUP(F3,'BALANCE SHEET'!$C$3:$AM$258, 114, FALSE)+ HLOOKUP(F3,'BALANCE SHEET'!$C$3:$AM$258, 115, FALSE)+ HLOOKUP(F3,'BALANCE SHEET'!$C$3:$AM$258, 117, FALSE)+ HLOOKUP(F3,'BALANCE SHEET'!$C$3:$AM$258, 120, FALSE)+ HLOOKUP(F3,'BALANCE SHEET'!$C$3:$AM$258, 121, FALSE)+ HLOOKUP(F3,'BALANCE SHEET'!$C$3:$AM$258, 122, FALSE), 0) | G9: =IFERROR(HLOOKUP(G3,'BALANCE SHEET'!$C$3:$AM$258, 5, FALSE) + HLOOKUP(G3,'BALANCE SHEET'!$C$3:$AM$258, 19, FALSE) + HLOOKUP(G3,'BALANCE SHEET'!$C$3:$AM$258, 23, FALSE) + HLOOKUP(G3,'BALANCE SHEET'!$C$3:$AM$258, 24, FALSE) + HLOOKUP(G3,'BALANCE SHEET'!$C$3:$AM$258, 29, FALSE) + HLOOKUP(G3,'BALANCE SHEET'!$C$3:$AM$258, 31, FALSE) + HLOOKUP(G3,'BALANCE SHEET'!$C$3:$AM$258, 35, FALSE)+ HLOOKUP(G3,'BALANCE SHEET'!$C$3:$AM$258, 39, FALSE) + HLOOKUP(G3,'BALANCE SHEET'!$C$3:$AM$258, 49, FALSE) + HLOOKUP(G3,'BALANCE SHEET'!$C$3:$AM$258, 89, FALSE) + HLOOKUP(G3,'BALANCE SHEET'!$C$3:$AM$258, 98, FALSE) + HLOOKUP(G3,'BALANCE SHEET'!$C$3:$AM$258, 100, FALSE)+ HLOOKUP(G3,'BALANCE SHEET'!$C$3:$AM$258, 101, FALSE)+ HLOOKUP(G3,'BALANCE SHEET'!$C$3:$AM$258, 102, FALSE)+ HLOOKUP(G3,'BALANCE SHEET'!$C$3:$AM$258, 103, FALSE)+ HLOOKUP(G3,'BALANCE SHEET'!$C$3:$AM$258, 104, FALSE)+ HLOOKUP(G3,'BALANCE SHEET'!$C$3:$AM$258, 105, FALSE)+ HLOOKUP(G3,'BALANCE SHEET'!$C$3:$AM$258, 106, FALSE) + + HLOOKUP(G3,'BALANCE SHEET'!$C$3:$AM$258, 107, FALSE) + HLOOKUP(G3,'BALANCE SHEET'!$C$3:$AM$258, 112, FALSE)+ HLOOKUP(G3,'BALANCE SHEET'!$C$3:$AM$258, 113, FALSE)+ HLOOKUP(G3,'BALANCE SHEET'!$C$3:$AM$258, 114, FALSE)+ HLOOKUP(G3,'BALANCE SHEET'!$C$3:$AM$258, 115, FALSE)+ HLOOKUP(G3,'BALANCE SHEET'!$C$3:$AM$258, 117, FALSE)+ HLOOKUP(G3,'BALANCE SHEET'!$C$3:$AM$258, 120, FALSE)+ HLOOKUP(G3,'BALANCE SHEET'!$C$3:$AM$258, 121, FALSE)+ HLOOKUP(G3,'BALANCE SHEET'!$C$3:$AM$258, 122, FALSE), 0) | H9: =IFERROR(HLOOKUP(H3,'BALANCE SHEET'!$C$3:$AM$258, 5, FALSE) + HLOOKUP(H3,'BALANCE SHEET'!$C$3:$AM$258, 19, FALSE) + HLOOKUP(H3,'BALANCE SHEET'!$C$3:$AM$258, 23, FALSE) + HLOOKUP(H3,'BALANCE SHEET'!$C$3:$AM$258, 24, FALSE) + HLOOKUP(H3,'BALANCE SHEET'!$C$3:$AM$258, 29, FALSE) + HLOOKUP(H3,'BALANCE SHEET'!$C$3:$AM$258, 31, FALSE) + HLOOKUP(H3,'BALANCE SHEET'!$C$3:$AM$258, 35, FALSE)+ HLOOKUP(H3,'BALANCE SHEET'!$C$3:$AM$258, 39, FALSE) + HLOOKUP(H3,'BALANCE SHEET'!$C$3:$AM$258, 49, FALSE) + HLOOKUP(H3,'BALANCE SHEET'!$C$3:$AM$258, 89, FALSE) + HLOOKUP(H3,'BALANCE SHEET'!$C$3:$AM$258, 98, FALSE) + HLOOKUP(H3,'BALANCE SHEET'!$C$3:$AM$258, 100, FALSE)+ HLOOKUP(H3,'BALANCE SHEET'!$C$3:$AM$258, 101, FALSE)+ HLOOKUP(H3,'BALANCE SHEET'!$C$3:$AM$258, 102, FALSE)+ HLOOKUP(H3,'BALANCE SHEET'!$C$3:$AM$258, 103, FALSE)+ HLOOKUP(H3,'BALANCE SHEET'!$C$3:$AM$258, 104, FALSE)+ HLOOKUP(H3,'BALANCE SHEET'!$C$3:$AM$258, 105, FALSE)+ HLOOKUP(H3,'BALANCE SHEET'!$C$3:$AM$258, 106, FALSE) + + HLOOKUP(H3,'BALANCE SHEET'!$C$3:$AM$258, 107, FALSE) + HLOOKUP(H3,'BALANCE SHEET'!$C$3:$AM$258, 112, FALSE)+ HLOOKUP(H3,'BALANCE SHEET'!$C$3:$AM$258, 113, FALSE)+ HLOOKUP(H3,'BALANCE SHEET'!$C$3:$AM$258, 114, FALSE)+ HLOOKUP(H3,'BALANCE SHEET'!$C$3:$AM$258, 115, FALSE)+ HLOOKUP(H3,'BALANCE SHEET'!$C$3:$AM$258, 117, FALSE)+ HLOOKUP(H3,'BALANCE SHEET'!$C$3:$AM$258, 120, FALSE)+ HLOOKUP(H3,'BALANCE SHEET'!$C$3:$AM$258, 121, FALSE)+ HLOOKUP(H3,'BALANCE SHEET'!$C$3:$AM$258, 122, FALSE), 0) | I9: =IFERROR(HLOOKUP(I3,'BALANCE SHEET'!$C$3:$AM$258, 5, FALSE) + HLOOKUP(I3,'BALANCE SHEET'!$C$3:$AM$258, 19, FALSE) + HLOOKUP(I3,'BALANCE SHEET'!$C$3:$AM$258, 23, FALSE) + HLOOKUP(I3,'BALANCE SHEET'!$C$3:$AM$258, 24, FALSE) + HLOOKUP(I3,'BALANCE SHEET'!$C$3:$AM$258, 29, FALSE) + HLOOKUP(I3,'BALANCE SHEET'!$C$3:$AM$258, 31, FALSE) + HLOOKUP(I3,'BALANCE SHEET'!$C$3:$AM$258, 35, FALSE)+ HLOOKUP(I3,'BALANCE SHEET'!$C$3:$AM$258, 39, FALSE) + HLOOKUP(I3,'BALANCE SHEET'!$C$3:$AM$258, 49, FALSE) + HLOOKUP(I3,'BALANCE SHEET'!$C$3:$AM$258, 89, FALSE) + HLOOKUP(I3,'BALANCE SHEET'!$C$3:$AM$258, 98, FALSE) + HLOOKUP(I3,'BALANCE SHEET'!$C$3:$AM$258, 100, FALSE)+ HLOOKUP(I3,'BALANCE SHEET'!$C$3:$AM$258, 101, FALSE)+ HLOOKUP(I3,'BALANCE SHEET'!$C$3:$AM$258, 102, FALSE)+ HLOOKUP(I3,'BALANCE SHEET'!$C$3:$AM$258, 103, FALSE)+ HLOOKUP(I3,'BALANCE SHEET'!$C$3:$AM$258, 104, FALSE)+ HLOOKUP(I3,'BALANCE SHEET'!$C$3:$AM$258, 105, FALSE)+ HLOOKUP(I3,'BALANCE SHEET'!$C$3:$AM$258, 106, FALSE) + + HLOOKUP(I3,'BALANCE SHEET'!$C$3:$AM$258, 107, FALSE) + HLOOKUP(I3,'BALANCE SHEET'!$C$3:$AM$258, 112, FALSE)+ HLOOKUP(I3,'BALANCE SHEET'!$C$3:$AM$258, 113, FALSE)+ HLOOKUP(I3,'BALANCE SHEET'!$C$3:$AM$258, 114, FALSE)+ HLOOKUP(I3,'BALANCE SHEET'!$C$3:$AM$258, 115, FALSE)+ HLOOKUP(I3,'BALANCE SHEET'!$C$3:$AM$258, 117, FALSE)+ HLOOKUP(I3,'BALANCE SHEET'!$C$3:$AM$258, 120, FALSE)+ HLOOKUP(I3,'BALANCE SHEET'!$C$3:$AM$258, 121, FALSE)+ HLOOKUP(I3,'BALANCE SHEET'!$C$3:$AM$258, 122, FALSE), 0) | J9: =IFERROR(HLOOKUP(J3,'BALANCE SHEET'!$C$3:$AM$258, 5, FALSE) + HLOOKUP(J3,'BALANCE SHEET'!$C$3:$AM$258, 19, FALSE) + HLOOKUP(J3,'BALANCE SHEET'!$C$3:$AM$258, 23, FALSE) + HLOOKUP(J3,'BALANCE SHEET'!$C$3:$AM$258, 24, FALSE) + HLOOKUP(J3,'BALANCE SHEET'!$C$3:$AM$258, 29, FALSE) + HLOOKUP(J3,'BALANCE SHEET'!$C$3:$AM$258, 31, FALSE) + HLOOKUP(J3,'BALANCE SHEET'!$C$3:$AM$258, 35, FALSE)+ HLOOKUP(J3,'BALANCE SHEET'!$C$3:$AM$258, 39, FALSE) + HLOOKUP(J3,'BALANCE SHEET'!$C$3:$AM$258, 49, FALSE) + HLOOKUP(J3,'BALANCE SHEET'!$C$3:$AM$258, 89, FALSE) + HLOOKUP(J3,'BALANCE SHEET'!$C$3:$AM$258, 98, FALSE) + HLOOKUP(J3,'BALANCE SHEET'!$C$3:$AM$258, 100, FALSE)+ HLOOKUP(J3,'BALANCE SHEET'!$C$3:$AM$258, 101, FALSE)+ HLOOKUP(J3,'BALANCE SHEET'!$C$3:$AM$258, 102, FALSE)+ HLOOKUP(J3,'BALANCE SHEET'!$C$3:$AM$258, 103, FALSE)+ HLOOKUP(J3,'BALANCE SHEET'!$C$3:$AM$258, 104, FALSE)+ HLOOKUP(J3,'BALANCE SHEET'!$C$3:$AM$258, 105, FALSE)+ HLOOKUP(J3,'BALANCE SHEET'!$C$3:$AM$258, 106, FALSE) + + HLOOKUP(J3,'BALANCE SHEET'!$C$3:$AM$258, 107, FALSE) + HLOOKUP(J3,'BALANCE SHEET'!$C$3:$AM$258, 112, FALSE)+ HLOOKUP(J3,'BALANCE SHEET'!$C$3:$AM$258, 113, FALSE)+ HLOOKUP(J3,'BALANCE SHEET'!$C$3:$AM$258, 114, FALSE)+ HLOOKUP(J3,'BALANCE SHEET'!$C$3:$AM$258, 115, FALSE)+ HLOOKUP(J3,'BALANCE SHEET'!$C$3:$AM$258, 117, FALSE)+ HLOOKUP(J3,'BALANCE SHEET'!$C$3:$AM$258, 120, FALSE)+ HLOOKUP(J3,'BALANCE SHEET'!$C$3:$AM$258, 121, FALSE)+ HLOOKUP(J3,'BALANCE SHEET'!$C$3:$AM$258, 122, FALSE), 0) | ... AM9: =IFERROR(HLOOKUP(AM3,'BALANCE SHEET'!$C$3:$AM$258, 5, FALSE) + HLOOKUP(AM3,'BALANCE SHEET'!$C$3:$AM$258, 19, FALSE) + HLOOKUP(AM3,'BALANCE SHEET'!$C$3:$AM$258, 23, FALSE) + HLOOKUP(AM3,'BALANCE SHEET'!$C$3:$AM$258, 24, FALSE) + HLOOKUP(AM3,'BALANCE SHEET'!$C$3:$AM$258, 29, FALSE) + HLOOKUP(AM3,'BALANCE SHEET'!$C$3:$AM$258, 31, FALSE) + HLOOKUP(AM3,'BALANCE SHEET'!$C$3:$AM$258, 35, FALSE)+ HLOOKUP(AM3,'BALANCE SHEET'!$C$3:$AM$258, 39, FALSE) + HLOOKUP(AM3,'BALANCE SHEET'!$C$3:$AM$258, 49, FALSE) + HLOOKUP(AM3,'BALANCE SHEET'!$C$3:$AM$258, 89, FALSE) + HLOOKUP(AM3,'BALANCE SHEET'!$C$3:$AM$258, 98, FALSE) + HLOOKUP(AM3,'BALANCE SHEET'!$C$3:$AM$258, 100, FALSE)+ HLOOKUP(AM3,'BALANCE SHEET'!$C$3:$AM$258, 101, FALSE)+ HLOOKUP(AM3,'BALANCE SHEET'!$C$3:$AM$258, 102, FALSE)+ HLOOKUP(AM3,'BALANCE SHEET'!$C$3:$AM$258, 103, FALSE)+ HLOOKUP(AM3,'BALANCE SHEET'!$C$3:$AM$258, 104, FALSE)+ HLOOKUP(AM3,'BALANCE SHEET'!$C$3:$AM$258, 105, FALSE)+ HLOOKUP(AM3,'BALANCE SHEET'!$C$3:$AM$258, 106, FALSE) + + HLOOKUP(AM3,'BALANCE SHEET'!$C$3:$AM$258, 107, FALSE) + HLOOKUP(AM3,'BALANCE SHEET'!$C$3:$AM$258, 112, FALSE)+ HLOOKUP(AM3,'BALANCE SHEET'!$C$3:$AM$258, 113, FALSE)+ HLOOKUP(AM3,'BALANCE SHEET'!$C$3:$AM$258, 114, FALSE)+ HLOOKUP(AM3,'BALANCE SHEET'!$C$3:$AM$258, 115, FALSE)+ HLOOKUP(AM3,'BALANCE SHEET'!$C$3:$AM$258, 117, FALSE)+ HLOOKUP(AM3,'BALANCE SHEET'!$C$3:$AM$258, 120, FALSE)+ HLOOKUP(AM3,'BALANCE SHEET'!$C$3:$AM$258, 121, FALSE)+ HLOOKUP(AM3,'BALANCE SHEET'!$C$3:$AM$258, 122, FALSE), 0)
A10: Total Asset Sum | C10: =SUM(C5:C9) | D10: =SUM(D5:D9) | E10: =SUM(E5:E9) | F10: =SUM(F5:F9) | G10: =SUM(G5:G9) | H10: =SUM(H5:H9) | I10: =SUM(I5:I9) | J10: =SUM(J5:J9) | ... AM10: =SUM(AM5:AM9)
A11: Total Asset Check | C11: =IFERROR(HLOOKUP(C3,'BALANCE SHEET'!$C$3:$AM$258, 123, FALSE), 0) | D11: =IFERROR(HLOOKUP(D3,'BALANCE SHEET'!$C$3:$AM$258, 123, FALSE), 0) | E11: =IFERROR(HLOOKUP(E3,'BALANCE SHEET'!$C$3:$AM$258, 123, FALSE), 0) | F11: =IFERROR(HLOOKUP(F3,'BALANCE SHEET'!$C$3:$AM$258, 123, FALSE), 0) | G11: =IFERROR(HLOOKUP(G3,'BALANCE SHEET'!$C$3:$AM$258, 123, FALSE), 0) | H11: =IFERROR(HLOOKUP(H3,'BALANCE SHEET'!$C$3:$AM$258, 123, FALSE), 0) | I11: =IFERROR(HLOOKUP(I3,'BALANCE SHEET'!$C$3:$AM$258, 123, FALSE), 0) | J11: =IFERROR(HLOOKUP(J3,'BALANCE SHEET'!$C$3:$AM$258, 123, FALSE), 0) | ... AM11: =IFERROR(HLOOKUP(AM3,'BALANCE SHEET'!$C$3:$AM$258, 123, FALSE), 0)
A12: Percentage
A13: Cash | C13: =IFERROR(C5/C$10, 0) | D13: =IFERROR(D5/D$10, 0) | E13: =IFERROR(E5/E$10, 0) | F13: =IFERROR(F5/F$10, 0) | G13: =IFERROR(G5/G$10, 0) | H13: =IFERROR(H5/H$10, 0) | I13: =IFERROR(I5/I$10, 0) | J13: =IFERROR(J5/J$10, 0) | ... AM13: =IFERROR(AM5/AM$10, 0)
A14: Credit | C14: =IFERROR(C6/C$10, 0) | D14: =IFERROR(D6/D$10, 0) | E14: =IFERROR(E6/E$10, 0) | F14: =IFERROR(F6/F$10, 0) | G14: =IFERROR(G6/G$10, 0) | H14: =IFERROR(H6/H$10, 0) | I14: =IFERROR(I6/I$10, 0) | J14: =IFERROR(J6/J$10, 0) | ... AM14: =IFERROR(AM6/AM$10, 0)
A15: PPE | C15: =IFERROR(C7/C$10, 0) | D15: =IFERROR(D7/D$10, 0) | E15: =IFERROR(E7/E$10, 0) | F15: =IFERROR(F7/F$10, 0) | G15: =IFERROR(G7/G$10, 0) | H15: =IFERROR(H7/H$10, 0) | I15: =IFERROR(I7/I$10, 0) | J15: =IFERROR(J7/J$10, 0) | ... AM15: =IFERROR(AM7/AM$10, 0)
A16: Investment | C16: =IFERROR(C8/C$10, 0) | D16: =IFERROR(D8/D$10, 0) | E16: =IFERROR(E8/E$10, 0) | F16: =IFERROR(F8/F$10, 0) | G16: =IFERROR(G8/G$10, 0) | H16: =IFERROR(H8/H$10, 0) | I16: =IFERROR(I8/I$10, 0) | J16: =IFERROR(J8/J$10, 0) | ... AM16: =IFERROR(AM8/AM$10, 0)
A17: Others | C17: =IFERROR(C9/C$10, 0) | D17: =IFERROR(D9/D$10, 0) | E17: =IFERROR(E9/E$10, 0) | F17: =IFERROR(F9/F$10, 0) | G17: =IFERROR(G9/G$10, 0) | H17: =IFERROR(H9/H$10, 0) | I17: =IFERROR(I9/I$10, 0) | J17: =IFERROR(J9/J$10, 0) | ... AM17: =IFERROR(AM9/AM$10, 0)
A18: Total Percentage Sum | C18: =SUM(C13:C17) | D18: =SUM(D13:D17) | E18: =SUM(E13:E17) | F18: =SUM(F13:F17) | G18: =SUM(G13:G17) | H18: =SUM(H13:H17) | I18: =SUM(I13:I17) | J18: =SUM(J13:J17) | ... AM18: =SUM(AM13:AM17)

Sheet INCOME STATEMENT
A1: Laporan laba rugi dan penghasilan komprehensif lain
A3: Period | C3: 2018-12-31 | D3: 2019-12-31 | E3: 2020-12-31 | F3: 2021-12-31 | G3: 2022-12-31 | H3: 2023-12-31 | I3: 2024-12-31 | J3: 2025-12-31
A4: Laporan laba rugi dan penghasilan komprehensif lain
A5: Gross Operating Revenue (without recoveries, change in fair value, & one off) | C5: =C11+C19+C20+C28+C29+C30+C22+C25+C27+C33+C34+C38+C47+C48+C49+C50+C61+C52+C53+C54+C55+C56+C57+C60+C63+C62+C64+C69 | D5: =D11+D19+D20+D28+D29+D30+D22+D25+D27+D33+D34+D38+D47+D48+D49+D50+D61+D52+D53+D54+D55+D56+D57+D60+D63+D62+D64+D69 | E5: =E11+E19+E20+E28+E29+E30+E22+E25+E27+E33+E34+E38+E47+E48+E49+E50+E61+E52+E53+E54+E55+E56+E57+E60+E63+E62+E64+E69 | F5: =F11+F19+F20+F28+F29+F30+F22+F25+F27+F33+F34+F38+F47+F48+F49+F50+F61+F52+F53+F54+F55+F56+F57+F60+F63+F62+F64+F69 | G5: =G11+G19+G20+G28+G29+G30+G22+G25+G27+G33+G34+G38+G47+G48+G49+G50+G61+G52+G53+G54+G55+G56+G57+G60+G63+G62+G64+G69 | H5: =H11+H19+H20+H28+H29+H30+H22+H25+H27+H33+H34+H38+H47+H48+H49+H50+H61+H52+H53+H54+H55+H56+H57+H60+H63+H62+H64+H69 | I5: =I11+I19+I20+I28+I29+I30+I22+I25+I27+I33+I34+I38+I47+I48+I49+I50+I61+I52+I53+I54+I55+I56+I57+I60+I63+I62+I64+I69 | J5: =J11+J19+J20+J28+J29+J30+J22+J25+J27+J33+J34+J38+J47+J48+J49+J50+J61+J52+J53+J54+J55+J56+J57+J60+J63+J62+J64+J69 | ... AL5: =AL11+AL19+AL20+AL28+AL29+AL30+AL22+AL25+AL27+AL33+AL34+AL38+AL47+AL48+AL49+AL50+AL61+AL52+AL53+AL54+AL55+AL56+AL57+AL60+AL63+AL62+AL64+AL69
A6: Gross Operating Revenue Growth (%) | C6: =IFERROR(IF(((C5-B5)/B5)=-1, "", (C5-B5)/B5), "") | D6: =IFERROR(IF(((D5-C5)/C5)=-1, "", (D5-C5)/C5), "") | E6: =IFERROR(IF(((E5-D5)/D5)=-1, "", (E5-D5)/D5), "") | F6: =IFERROR(IF(((F5-E5)/E5)=-1, "", (F5-E5)/E5), "") | G6: =IFERROR(IF(((G5-F5)/F5)=-1, "", (G5-F5)/F5), "") | H6: =IFERROR(IF(((H5-G5)/G5)=-1, "", (H5-G5)/G5), "") | I6: =IFERROR(IF(((I5-H5)/H5)=-1, "", (I5-H5)/H5), "") | J6: =IFERROR(IF(((J5-I5)/I5)=-1, "", (J5-I5)/I5), "") | ... AL6: =IFERROR(IF(((AL5-AK5)/AK5)=-1, "", (AL5-AK5)/AK5), "")
A7: Net Operating Revenue (without recoveries, change in fair value, & one off) | C7: =C5 - (C14+C23+C24+C26+C32+C35+C36+C37+C39+C40+C41+C42+C43+C77) | D7: =D5 - (D14+D23+D24+D26+D32+D35+D36+D37+D39+D40+D41+D42+D43+D77) | E7: =E5 - (E14+E23+E24+E26+E32+E35+E36+E37+E39+E40+E41+E42+E43+E77) | F7: =F5 - (F14+F23+F24+F26+F32+F35+F36+F37+F39+F40+F41+F42+F43+F77) | G7: =G5 - (G14+G23+G24+G26+G32+G35+G36+G37+G39+G40+G41+G42+G43+G77) | H7: =H5 - (H14+H23+H24+H26+H32+H35+H36+H37+H39+H40+H41+H42+H43+H77) | I7: =I5 - (I14+I23+I24+I26+I32+I35+I36+I37+I39+I40+I41+I42+I43+I77) | J7: =J5 - (J14+J23+J24+J26+J32+J35+J36+J37+J39+J40+J41+J42+J43+J77) | ... AL7: =AL5 - (AL14+AL23+AL24+AL26+AL32+AL35+AL36+AL37+AL39+AL40+AL41+AL42+AL43+AL77)
A8: Net Operating Revenue Growth (%) | C8: =IFERROR(IF(((C7-B7)/B7)=-1, "", (C7-B7)/B7), "") | D8: =IFERROR(IF(((D7-C7)/C7)=-1, "", (D7-C7)/C7), "") | E8: =IFERROR(IF(((E7-D7)/D7)=-1, "", (E7-D7)/D7), "") | F8: =IFERROR(IF(((F7-E7)/E7)=-1, "", (F7-E7)/E7), "") | G8: =IFERROR(IF(((G7-F7)/F7)=-1, "", (G7-F7)/F7), "") | H8: =IFERROR(IF(((H7-G7)/G7)=-1, "", (H7-G7)/G7), "") | I8: =IFERROR(IF(((I7-H7)/H7)=-1, "", (I7-H7)/H7), "") | J8: =IFERROR(IF(((J7-I7)/I7)=-1, "", (J7-I7)/I7), "") | ... AL8: =IFERROR(IF(((AL7-AK7)/AK7)=-1, "", (AL7-AK7)/AK7), "")
A9: Total Asset Turnover Ratio (TATO) (%) | C9: =IFERROR(C7/HLOOKUP(C3,'BALANCE SHEET'!$C$3:$AH$258, 123, FALSE), "") | D9: =IFERROR(D7/HLOOKUP(D3,'BALANCE SHEET'!$C$3:$AH$258, 123, FALSE), "") | E9: =IFERROR(E7/HLOOKUP(E3,'BALANCE SHEET'!$C$3:$AH$258, 123, FALSE), "") | F9: =IFERROR(F7/HLOOKUP(F3,'BALANCE SHEET'!$C$3:$AH$258, 123, FALSE), "") | G9: =IFERROR(G7/HLOOKUP(G3,'BALANCE SHEET'!$C$3:$AH$258, 123, FALSE), "") | H9: =IFERROR(H7/HLOOKUP(H3,'BALANCE SHEET'!$C$3:$AH$258, 123, FALSE), "") | I9: =IFERROR(I7/HLOOKUP(I3,'BALANCE SHEET'!$C$3:$AH$258, 123, FALSE), "") | J9: =IFERROR(J7/HLOOKUP(J3,'BALANCE SHEET'!$C$3:$AH$258, 123, FALSE), "") | ... AL9: =IFERROR(AL7/HLOOKUP(AL3,'BALANCE SHEET'!$C$3:$AH$258, 123, FALSE), "")
A10: Pendapatan dan beban operasional
A11: Pendapatan bunga | C11: 20293.247 | D11: 21689.486 | E11: 20703.099 | F11: 18862.951 | G11: 19114.194 | H11: 22306 | I11: 24227.316 | J11: 24671.96
A12: Gross Interest Income Growth (%) | C12: =IFERROR(IF(((C11-B11)/B11)=-1, "", (C11-B11)/B11), "") | D12: =IFERROR(IF(((D11-C11)/C11)=-1, "", (D11-C11)/C11), "") | E12: =IFERROR(IF(((E11-D11)/D11)=-1, "", (E11-D11)/D11), "") | F12: =IFERROR(IF(((F11-E11)/E11)=-1, "", (F11-E11)/E11), "") | G12: =IFERROR(IF(((G11-F11)/F11)=-1, "", (G11-F11)/F11), "") | H12: =IFERROR(IF(((H11-G11)/G11)=-1, "", (H11-G11)/G11), "") | I12: =IFERROR(IF(((I11-H11)/H11)=-1, "", (I11-H11)/H11), "") | J12: =IFERROR(IF(((J11-I11)/I11)=-1, "", (J11-I11)/I11), "") | ... AL12: =IFERROR(IF(((AL11-AK11)/AK11)=-1, "", (AL11-AK11)/AK11), "")
A13: Gross Interest Margin (GIM) (%) | C13: =IFERROR(C11/HLOOKUP(C3,'BALANCE SHEET'!$C$3:$AH$258, 125, FALSE), "") | D13: =IFERROR(D11/HLOOKUP(D3,'BALANCE SHEET'!$C$3:$AH$258, 125, FALSE), "") | E13: =IFERROR(E11/HLOOKUP(E3,'BALANCE SHEET'!$C$3:$AH$258, 125, FALSE), "") | F13: =IFERROR(F11/HLOOKUP(F3,'BALANCE SHEET'!$C$3:$AH$258, 125, FALSE), "") | G13: =IFERROR(G11/HLOOKUP(G3,'BALANCE SHEET'!$C$3:$AH$258, 125, FALSE), "") | H13: =IFERROR(H11/HLOOKUP(H3,'BALANCE SHEET'!$C$3:$AH$258, 125, FALSE), "") | I13: =IFERROR(I11/HLOOKUP(I3,'BALANCE SHEET'!$C$3:$AH$258, 125, FALSE), "") | J13: =IFERROR(J11/HLOOKUP(J3,'BALANCE SHEET'!$C$3:$AH$258, 125, FALSE), "") | ... AL13: =IFERROR(AL11/HLOOKUP(AL3,'BALANCE SHEET'!$C$3:$AH$258, 125, FALSE), "")
A14: Beban bunga | C14: 8281.516 | D14: 9121.468 | E14: 8232.581 | F14: 5774.091 | G14: 5638.056 | H14: 8953.617 | I14: 10960.776 | J14: 11195.671
A15: Cost of Fund (COF) (%) | C15: =IFERROR(C$14/HLOOKUP(C$3,'BALANCE SHEET'!$C$3:$AH$258, 203, FALSE), "") | D15: =IFERROR(D$14/HLOOKUP(D$3,'BALANCE SHEET'!$C$3:$AH$258, 203, FALSE), "") | E15: =IFERROR(E$14/HLOOKUP(E$3,'BALANCE SHEET'!$C$3:$AH$258, 203, FALSE), "") | F15: =IFERROR(F$14/HLOOKUP(F$3,'BALANCE SHEET'!$C$3:$AH$258, 203, FALSE), "") | G15: =IFERROR(G$14/HLOOKUP(G$3,'BALANCE SHEET'!$C$3:$AH$258, 203, FALSE), "") | H15: =IFERROR(H$14/HLOOKUP(H$3,'BALANCE SHEET'!$C$3:$AH$258, 203, FALSE), "") | I15: =IFERROR(I$14/HLOOKUP(I$3,'BALANCE SHEET'!$C$3:$AH$258, 203, FALSE), "") | J15: =IFERROR(J$14/HLOOKUP(J$3,'BALANCE SHEET'!$C$3:$AH$258, 203, FALSE), "") | ... AL15: =IFERROR(AL$14/HLOOKUP(AL$3,'BALANCE SHEET'!$C$3:$AH$258, 203, FALSE), "")
A16: Pendapatan bunga bersih | C16: =C11-C14 | D16: =D11-D14 | E16: =E11-E14 | F16: =F11-F14 | G16: =G11-G14 | H16: =H11-H14 | I16: =I11-I14 | J16: =J11-J14 | ... AL16: =AL11-AL14
A17: Net Interest Income Growth (%) | C17: =IFERROR(IF(((C16-B16)/B16)=-1, "", (C16-B16)/B16), "") | D17: =IFERROR(IF(((D16-C16)/C16)=-1, "", (D16-C16)/C16), "") | E17: =IFERROR(IF(((E16-D16)/D16)=-1, "", (E16-D16)/D16), "") | F17: =IFERROR(IF(((F16-E16)/E16)=-1, "", (F16-E16)/E16), "") | G17: =IFERROR(IF(((G16-F16)/F16)=-1, "", (G16-F16)/F16), "") | H17: =IFERROR(IF(((H16-G16)/G16)=-1, "", (H16-G16)/G16), "") | I17: =IFERROR(IF(((I16-H16)/H16)=-1, "", (I16-H16)/H16), "") | J17: =IFERROR(IF(((J16-I16)/I16)=-1, "", (J16-I16)/I16), "") | ... AL17: =IFERROR(IF(((AL16-AK16)/AK16)=-1, "", (AL16-AK16)/AK16), "")
A18: Net Interest Margin (NIM) (%) | C18: =IFERROR(C16/HLOOKUP(C3,'BALANCE SHEET'!$C$3:$AH$258, 125, FALSE), "") | D18: =IFERROR(D16/HLOOKUP(D3,'BALANCE SHEET'!$C$3:$AH$258, 125, FALSE), "") | E18: =IFERROR(E16/HLOOKUP(E3,'BALANCE SHEET'!$C$3:$AH$258, 125, FALSE), "") | F18: =IFERROR(F16/HLOOKUP(F3,'BALANCE SHEET'!$C$3:$AH$258, 125, FALSE), "") | G18: =IFERROR(G16/HLOOKUP(G3,'BALANCE SHEET'!$C$3:$AH$258, 125, FALSE), "") | H18: =IFERROR(H16/HLOOKUP(H3,'BALANCE SHEET'!$C$3:$AH$258, 125, FALSE), "") | I18: =IFERROR(I16/HLOOKUP(I3,'BALANCE SHEET'!$C$3:$AH$258, 125, FALSE), "") | J18: =IFERROR(J16/HLOOKUP(J3,'BALANCE SHEET'!$C$3:$AH$258, 125, FALSE), "") | ... AL18: =IFERROR(AL16/HLOOKUP(AL3,'BALANCE SHEET'!$C$3:$AH$258, 125, FALSE), "")
A19: Pendapatan pengelolaan dana oleh bank sebagai mudharib
A20: Hak pihak ketiga atas bagi hasil dana syirkah temporer
A21: Pendapatan asuransi
A22: Pendapatan dari premi asuransi
A23: Premi reasuransi
A24: Premi retrosesi
A25: Penurunan (kenaikan) premi yang belum merupakan pendapatan
A26: Penurunan (kenaikan) pendapatan premi disesikan kepada reasuradur
A27: Pendapatan komisi asuransi
A28: Pendapatan bersih investasi
A29: Penerimaan ujrah
A30: Pendapatan asuransi lainnya
... A43: Beban asuransi lainnya
A44: Net Operating Revenue before Provisions | C44: =C5 - (C14+C23+C24+C26+C32+C35+C36+C37+C39+C40+C41+C42+C43) | D44: =D5-D14-D32 | E44: =E5-E14-E32 | F44: =F5-F14-F32 | G44: =G5-G14-G32 | H44: =H5-H14-H32 | I44: =I5-I14-I32 | J44: =J5-J14-J32 | K44: =K5-K14-K32 | ... AL44: =AL5-AL14-AL32
A45: GPM (%) | C45: =IFERROR(C44/C5, "") | D45: =IFERROR(D44/D5, "") | E45: =IFERROR(E44/E5, "") | F45: =IFERROR(F44/F5, "") | G45: =IFERROR(G44/G5, "") | H45: =IFERROR(H44/H5, "") | I45: =IFERROR(I44/I5, "") | J45: =IFERROR(J44/J5, "") | ... AL45: =IFERROR(AL44/AL5, "")
A46: Pendapatan dari pembiayaan
A47: Pendapatan dari pembiayaan konsumen
A48: Pendapatan dari sewa pembiayaan
A49: Pendapatan dari sewa operasi
A50: Pendapatan dari anjak piutang
A51: Pendapatan sekuritas
A52: Pendapatan kegiatan penjamin emisi dan penjualan efek
A53: Pendapatan pembiayaan transaksi nasabah
A54: Pendapatan jasa biro administrasi efek
A55: Pendapatan kegiatan jasa manajer investasi
A56: Pendapatan kegiatan jasa penasehat keuangan
A57: Keuntungan (kerugian) dari transaksi perdagangan efek yang telah direalisasi | C57: 99.015 | D57: 377.557 | E57: 805.86 | F57: 1122.101 | G57: 740.443 | H57: 525.507 | I57: 486.538 | J57: 2168.955
A58: Keuntungan (kerugian) perubahan nilai wajar efek | C58: 802.607 | D58: 586.536 | E58: 1140.561 | F58: 806.522 | G58: 1953.932 | H58: 1097.419 | I58: 465.526 | J58: 127.445
A59: Pendapatan operasional lainnya
A60: Pendapatan investasi
A61: Pendapatan provisi dan komisi dari transaksi lainnya selain kredit | C61: 2151.855 | D61: 2206.68 | E61: 1738.053 | F61: 2266.284 | G61: 2413.405 | H61: 3154.83 | I61: 3002.087 | J61: 2958.926
A62: Pendapatan transaksi perdagangan
A63: Pendapatan dividen
A64: Keuntungan (kerugian) yang telah direalisasi atas instrumen derivatif
A65: Penerimaan kembali aset yang telah dihapusbukukan
A66: Keuntungan (kerugian) selisih kurs mata uang asing | C66: 38.323 | D66: 2.937 | E66: -178.063 | F66: -92.522 | G66: -472.93 | H66: 176.255 | I66: 764.866 | J66: -64.241
A67: Keuntungan (kerugian) pelepasan aset tetap
A68: Keuntungan (kerugian) pelepasan agunan yang diambil alih
A69: Pendapatan operasional lainnya | C69: 724.472 | D69: 1083.002 | E69: 381.596 | F69: 376.272 | G69: 754.733 | H69: 479.126 | I69: 931.979 | J69: 768.314
A70: Pemulihan penyisihan kerugian penurunan nilai
A71: Pemulihan penyisihan kerugian penurunan nilai aset keuangan | D71: 0.731 | E71: 390.218 | F71: 244.561 | G71: 19.801 | H71: 11.195 | I71: 22.744 | J71: 9.215
A72: Pemulihan penyisihan kerugian penurunan nilai aset keuangan - sewa pembiayaan | C72: 4.745 | D72: 0.111 | E72: 0 | F72: 0
A73: Pemulihan penyisihan kerugian penurunan nilai aset keuangan - piutang pembiayaan konsumen | C73: 62.867 | D73: 4.75 | E73: 0
A74: Pemulihan penyisihan kerugian penurunan nilai aset non-keuangan | D74: 0 | J74: 30.048
A75: Pemulihan penyisihan kerugian penurunan nilai aset non-keuangan - agunan yang diambil alih | D75: 62.825 | E75: 0 | F75: 0
A76: Pemulihan penyisihan estimasi kerugian atas komitmen dan kontinjensi | D76: 0 | E76: 35.912 | H76: 191.406 | I76: 206.972 | J76: 61.355
A77: Pembentukan kerugian penurunan nilai | C77: =C80+C81 | D77: =D80+D81 | E77: =E80+E81 | F77: =F80+F81 | G77: =G80+G81 | H77: =H80+H81 | I77: =I80+I81 | J77: =J80+J81 | ... AL77: =AL80+AL81
A78: CKPN to Net Revenue (%) | C78: =IFERROR(C77/C7, "") | D78: =IFERROR(D77/D7, "") | E78: =IFERROR(E77/E7, "") | F78: =IFERROR(F77/F7, "") | G78: =IFERROR(G77/G7, "") | H78: =IFERROR(H77/H7, "") | I78: =IFERROR(I77/I7, "") | J78: =IFERROR(J77/J7, "") | ... AL78: =IFERROR(AL77/AL7, "")
A79: Credit Cost (%) | C79: =IFERROR(C77/HLOOKUP(C3,'BALANCE SHEET'!$C$3:$AH$258, 42, FALSE), "") | D79: =IFERROR(D77/HLOOKUP(D3,'BALANCE SHEET'!$C$3:$AH$258, 42, FALSE), "") | E79: =IFERROR(E77/HLOOKUP(E3,'BALANCE SHEET'!$C$3:$AH$258, 42, FALSE), "") | F79: =IFERROR(F77/HLOOKUP(F3,'BALANCE SHEET'!$C$3:$AH$258, 42, FALSE), "") | G79: =IFERROR(G77/HLOOKUP(G3,'BALANCE SHEET'!$C$3:$AH$258, 42, FALSE), "") | H79: =IFERROR(H77/HLOOKUP(H3,'BALANCE SHEET'!$C$3:$AH$258, 42, FALSE), "") | I79: =IFERROR(I77/HLOOKUP(I3,'BALANCE SHEET'!$C$3:$AH$258, 42, FALSE), "") | J79: =IFERROR(J77/HLOOKUP(J3,'BALANCE SHEET'!$C$3:$AH$258, 42, FALSE), "") | ... AL79: =IFERROR(AL77/HLOOKUP(AL3,'BALANCE SHEET'!$C$3:$AH$258, 42, FALSE), "")
A80: Pembentukan penyisihan kerugian penurunan nilai aset produktif | C80: 3058.372 | D80: 3325.036 | E80: 5785.824 | F80: 4259.531 | G80: 3444.506 | H80: 2053.555 | I80: 1779.53 | J80: 1448.283
A81: Pembentukan penyisihan kerugian penurunan nilai aset non-produktif | C81: 38.772 | E81: 44.192 | F81: 44.77 | G81: 238.888 | H81: 155.659 | I81: 255.436 | J81: 337.792
A82: Pembalikan (beban) estimasi kerugian komitmen dan kontijensi | F82: -110.148 | G82: -150.116 | H82: 0
A83: Beban operasional lainnya
A84: Beban umum dan administrasi | C84: 3708.5 | D84: 3828.664 | E84: 3626.589 | F84: 3693.012 | G84: 3758.285 | H84: 3615.769 | I84: 3678.228 | J84: 3668.085
A85: Beban penjualan
A86: Beban sewa, pemeliharaan, dan perbaikan
A87: Beban provisi dan komisi
A88: Beban operasional lainnya | C88: 4295.628 | D88: 4805.7 | E88: 4474.195 | F88: 4586.225 | G88: 4725.365 | H88: 4967.758 | I88: 5071.171 | J88: 5300.061
A89: Jumlah laba operasional | C89: 4794.343 | D89: 4933.747 | E89: 2853.855 | F89: 5118.392 | G89: 6568.362 | H89: 8195.38 | I89: 8362.887 | J89: 8782.085
A90: Operating Profit Growth (%) | C90: =IFERROR(IF(((C89-B89)/B89)=-1, "", (C89-B89)/B89), "") | D90: =IFERROR(IF(((D89-C89)/C89)=-1, "", (D89-C89)/C89), "") | E90: =IFERROR(IF(((E89-D89)/D89)=-1, "", (E89-D89)/D89), "") | F90: =IFERROR(IF(((F89-E89)/E89)=-1, "", (F89-E89)/E89), "") | G90: =IFERROR(IF(((G89-F89)/F89)=-1, "", (G89-F89)/F89), "") | H90: =IFERROR(IF(((H89-G89)/G89)=-1, "", (H89-G89)/G89), "") | I90: =IFERROR(IF(((I89-H89)/H89)=-1, "", (I89-H89)/H89), "") | J90: =IFERROR(IF(((J89-I89)/I89)=-1, "", (J89-I89)/I89), "") | ... AL90: =IFERROR(IF(((AL89-AK89)/AK89)=-1, "", (AL89-AK89)/AK89), "")
A91: OPM (%) | C91: =IFERROR(C89/C5, "") | D91: =IFERROR(D89/D5, "") | E91: =IFERROR(E89/E5, "") | F91: =IFERROR(F89/F5, "") | G91: =IFERROR(G89/G5, "") | H91: =IFERROR(H89/H5, "") | I91: =IFERROR(I89/I5, "") | J91: =IFERROR(J89/J5, "") | ... AL91: =IFERROR(AL89/AL5, "")
A92: Pendapatan dan beban bukan operasional
A93: Pendapatan bukan operasional | C93: 56.475 | D93: 20.15 | E93: 93.565 | F93: 72.706 | G93: 10.97 | H93: 161.892 | I93: 365.9 | J93: 43.68
A94: Beban bukan operasional | E94: 0
A95: Bagian atas laba (rugi) entitas asosiasi yang dicatat dengan menggunakan metode ekuitas
A96: Bagian atas laba (rugi) entitas ventura bersama yang dicatat menggunakan metode ekuitas
A97: Jumlah laba (rugi) sebelum pajak penghasilan | C97: 4850.818 | D97: 4953.897 | E97: 2947.42 | F97: 5191.098 | G97: 6579.332 | H97: 8357.272 | I97: 8728.787 | J97: 8825.765
A98: Pendapatan (beban) pajak | C98: -1368.39 | D98: -1310.962 | E98: -936.166 | F98: -1092.494 | G98: -1482.561 | H98: -1805.871 | I98: -1829.853 | J98: -1890.38
A99: Jumlah laba (rugi) dari operasi yang dilanjutkan | C99: 3482.428 | D99: 3642.935 | E99: 2011.254 | F99: 4098.604 | G99: 5096.771 | H99: 6551.401 | I99: 6898.934 | J99: 6935.385
A100: Laba (rugi) dari operasi yang dihentikan
A101: Jumlah laba (rugi) | C101: 3482.428 | D101: 3642.935 | E101: 2011.254 | F101: 4098.604 | G101: 5096.771 | H101: 6551.401 | I101: 6898.934 | J101: 6935.385
A102: Pendapatan komprehensif lainnya, sebelum pajak
A103: Pendapatan komprehensif lainnya yang tidak akan direklasifikasi ke laba rugi, sebelum pajak
A104: Pendapatan komprehensif lainnya atas keuntungan (kerugian) hasil revaluasi aset tetap, sebelum pajak | D104: 490.097 | E104: -4.843 | F104: 0 | G104: 757.274 | H104: 1.176 | I104: -4.592 | J104: 518.744
A105: Pendapatan komprehensif lainnya atas pengukuran kembali kewajiban manfaat pasti, sebelum pajak | D105: 0 | E105: 0 | G105: -67.625 | H105: -26.814 | I105: -3.584 | J105: 59.394
A106: Penyesuaian lainnya atas pendapatan komprehensif lainnya yang tidak akan direklasifikasi ke laba rugi, sebelum pajak | C106: 243.638 | D106: 5.565 | E106: -0.555 | F106: -4.496
A107: Jumlah pendapatan komprehensif lainnya yang tidak akan direklasifikasi ke laba rugi, sebelum pajak | C107: 243.638 | D107: 495.662 | E107: -5.398 | F107: -4.496 | G107: 689.649 | H107: -25.638 | I107: -8.176 | J107: 578.138
A108: Pendapatan komprehensif lainnya yang akan direklasifikasi ke laba rugi, sebelum pajak
A109: Keuntungan (kerugian) selisih kurs penjabaran, sebelum pajak
A110: Penyesuaian reklasifikasi selisih kurs penjabaran, sebelum pajak
A111: Keuntungan (kerugian) yang belum direalisasi atas perubahan nilai wajar aset keuangan melalui penghasilan komprehensif lain, sebelum pajak | F111: -766.43 | G111: -1934.41 | H111: 299.06 | I111: -138.457 | J111: 1701.184
A112: Penyesuaian reklasifikasi atas aset keuangan nilai wajar melalui pendapatan komprehensif lainnya, sebelum pajak
A113: Keuntungan (kerugian) lindung nilai arus kas, sebelum pajak
...

Sheet CASH FLOW
A1: Laporan arus kas
A3: Period | C3: 2018-12-31 | D3: 2019-12-31 | E3: 2020-12-31 | F3: 2021-12-31 | G3: 2022-12-31 | H3: 2023-12-31 | I3: 2024-12-31 | J3: 2025-12-31
A4: Laporan arus kas
A5: Arus kas dari aktivitas operasi
A6: Arus kas sebelum perubahan dalam aset dan liabilitas operasi
A7: Penerimaan bunga, hasil investasi, provisi, dan komisi | C7: 22213.875 | D7: 23903.812 | E7: 21173.373 | F7: 20681.654 | G7: 21549.293 | H7: 24970.474 | I7: 27615.905 | J7: 27602.122
A8: Pembayaran bunga dan bonus, provisi dan komisi | C8: 7311.76 | D8: 8420.115 | E8: 7365.06 | F8: 5575.444 | G8: 5302.931 | H8: 8680.466 | I8: 11800.663 | J8: 11019.095
A9: Bunga bank dan deposito berjangka
A10: Penerimaan pendapatan pengelolaan dana sebagai mudharib
A11: Pembayaran bagi hasil dana syirkah temporer
A12: Penerimaan premi asuransi
A13: Penerimaan klaim reasuransi
A14: Penerimaan (pembayaran) komisi
A15: Penerimaan klaim retrosesi
A16: Penerimaan dari ujrah
A17: Penerimaan dari (pembayaran kepada) lembaga kliring dan penjaminan
A18: Penerimaan dari (pembayaran kepada) nasabah
A19: Pencairan (penempatan) deposito pada lembaga kliring dan penjaminan
A20: Pendapatan dari transaksi operasional lainnya | C20: 724.471 | D20: 1083.001 | E20: 381.598 | F20: 376.272 | G20: 754.733 | H20: 479.126 | I20: 931.979 | J20: 768.314
A21: Penerimaan kembali aset yang telah dihapusbukukan
A22: Pembayaran biaya akuisisi ditangguhkan
A23: Pembayaran atas beban keuangan dan beban administrasi bank
A24: Pembayaran gaji dan tunjangan
A25: Pembayaran pajak penghasilan badan | J25: 2023.814
A26: Pembayaran beban umum dan administrasi
A27: Laba (rugi) selisih kurs | C27: -99.5 | D27: 1107.182 | E27: 236.246 | F27: 659.172 | G27: 1485.008 | H27: 1211.885 | I27: 1364.865 | J27: -144.084
A28: Penerimaan pengembalian (pembayaran) pajak penghasilan | D28: -1277.823 | E28: -689.519 | F28: -1151.728 | G28: -1703.339 | H28: -1662.666 | I28: -475.959
A29: Pembayaran beban operasional lainnya | C29: 9638.983 | D29: 6206.264 | E29: 6358.745 | F29: 6726.22 | G29: 9608.079 | H29: 6132.729 | I29: 6675.413 | J29: 8264.411
A30: Penerimaan pendapatan non-operasional | C30: 58.832 | D30: 40.207 | E30: -156.016 | F30: 491.411 | G30: 225.053 | H30: 162.758 | I30: 430.23 | J30: 85.057
A31: Pengembalian (penempatan) uang jaminan
A32: Penerimaan (pengeluaran) kas lainnya dari aktivitas operasi
A33: Penurunan (kenaikan) aset operasi
A34: Penurunan (kenaikan) penempatan pada bank lain dan Bank Indonesia
A35: Penurunan (kenaikan) efek yang diperdagangkan | C35: 2394.084 | D35: -943.18 | E35: -4111.287 | F35: 3463.692 | G35: -1736.799 | H35: -9355.699 | I35: -4017.481 | J35: -288.817
A36: Penurunan (kenaikan) efek yang dibeli dengan janji dijual kembali | C36: -593.593 | D36: 70.736 | E36: -1782.666 | F36: 715.867 | G36: 1079.349 | H36: -4649.08 | I36: 3546.555 | J36: 612.579
A37: Penurunan (kenaikan) investasi pemegang polis pada kontrak unit-linked
A38: Penurunan (kenaikan) wesel ekspor dan tagihan lainnya
A39: Penurunan (kenaikan) tagihan akseptasi | C39: -277.518 | D39: 695.412 | E39: 1744.406 | F39: -449.851 | G39: 497.011 | H39: 1004.505 | I39: -1659.709 | J39: 878.323
A40: Penurunan (kenaikan) pinjaman yang diberikan | C40: -8861.562 | D40: -8040.87 | E40: 15509.561 | F40: -8423.675 | G40: -16754.365 | H40: -18136.127 | I40: -14903.579 | J40: -13491.178
A41: Penurunan (kenaikan) piutang pembiayaan konsumen | C41: 1524.785 | D41: -1049.507 | E41: 201.701 | F41: -1481.252 | G41: -1624.579 | H41: -1796.613 | I41: -2900.948 | J41: -648.918
A42: Penurunan (kenaikan) investasi sewa
A43: Penurunan (kenaikan) tagihan anjak piutang
A44: Penurunan (kenaikan) piutang dan pembiayaan syariah
A45: Penurunan (kenaikan) piutang murabahah
A46: Penurunan (kenaikan) piutang istishna
A47: Penurunan (kenaikan) piutang ijarah
A48: Penurunan (kenaikan) pinjaman qardh
A49: Penurunan (kenaikan) pembiayaan mudharabah
A50: Penurunan (kenaikan) pembiayaan musyarakah
A51: Penurunan (kenaikan) aset ijarah
A52: Penurunan (kenaikan) piutang lainnya
A53: Penurunan (kenaikan) agunan yang diambil alih
... A58: Kenaikan (penurunan) liabilitas segera
A59: Kenaikan (penurunan) giro dan tabungan simpanan nasabah | C59: 857.739 | D59: 7906.948 | E59: 15463.934 | F59: 24318.523 | G59: 1543.52 | H59: 5654.296 | I59: 16826.95 | J59: 16968.849
A60: Kenaikan (penurunan) deposito berjangka nasabah | C60: 575.283 | D60: -3056.866 | E60: -3534.81 | F60: 9500.563 | G60: -10543.066 | H60: 2466.038 | I60: 3342.786 | J60: -7508.551
A61: Kenaikan (penurunan) giro wadiah simpanan nasabah
A62: Kenaikan (penurunan) tabungan wadiah simpanan nasabah
A63: Kenaikan (penurunan) deposito wakalah simpanan nasabah
A64: Kenaikan (penurunan) simpanan dari bank lain | C64: -3955.642 | D64: -1564.107 | E64: 1536.97 | F64: 157.895 | G64: -553.439 | H64: -745.565 | I64: 4199.021 | J64: 1381.362
A65: Kenaikan (penurunan) giro mudharabah
A66: Kenaikan (penurunan) tabungan mudharabah
A67: Kenaikan (penurunan) efek yang dijual dengan janji dibeli kembali | C67: 2562.197 | D67: -1470.163 | E67: -1814.094 | F67: -7394.411 | G67: 4800.495 | H67: 14364.099 | I67: -9137.863 | J67: 225.995
A68: Kenaikan (penurunan) liabilitas akseptasi | C68: 277.518 | D68: -695.412 | E68: -1613.315 | F68: 449.851 | G68: -497.011 | H68: -1004.505 | I68: 1659.709 | J68: -878.385
A69: Kenaikan (penurunan) liabilitas pemegang polis pada kontrak unit-linked
A70: Kenaikan (penurunan) liabilitas derivatif
A71: Kenaikan (penurunan) dana syirkah temporer
A72: Kenaikan (penurunan) liabilitas lainnya | C72: -1199.742 | D72: -1289.868 | E72: -197.349 | F72: -2.809 | G72: 28.715 | H72: 53.293 | I72: -124.448 | J72: -105.149
A73: Jumlah arus kas bersih yang diperoleh dari (digunakan untuk) aktivitas operasi | C73: -749.516 | D73: 2070.946 | E73: 28624.928 | F73: 29609.51 | G73: -16360.431 | H73: -1796.976 | I73: 8221.937 | J73: 4150.199
A74: Arus kas dari aktivitas investasi
A75: Penerimaan dari penyertaan saham dalam klasifikasi biaya perolehan diamortisasi dan nilai wajar melalui pendapatan komprehensif lainnya | I75: -20 | J75: 0
A76: Pencairan (penempatan) obligasi dan (atau) sukuk | E76: -25813.428 | F76: -8552.978 | G76: 6788.508 | H76: -5300.976 | I76: -6762.034 | J76: 8463.544
A77: Penerimaan dividen dari aktivitas investasi
A78: Penerimaan dari penjualan (perolehan) properti investasi
A79: Penerimaan dari penjualan (perolehan) aset tetap | C79: -691.354 | D79: -656.775 | E79: -677.776 | F79: 83.58 | G79: -282.632 | H79: -278.498 | I79: -504.518 | J79: -363.617
A80: Penerimaan dari penjualan (perolehan) aset takberwujud selain goodwill | C80: -262.934 | D80: -295.943 | E80: -272.007 | F80: -573.777 | G80: -511.322 | H80: -418.963 | I80: -441.438 | J80: -456.923
A81: Pencairan (penempatan) aset keuangan nilai wajar melalui pendapatan komprehensif lainnya
A82: Penempatan aset keuangan biaya perolehan diamortisasi
A83: Pencairan aset keuangan biaya perolehan diamortisasi
A84: Penerimaan dari (pembayaran kepada) pinjaman polis
A85: Pembayaran untuk perolehan entitas anak
A86: Penerimaan dari pelepasan entitas anak
A87: Pembayaran untuk perolehan tambahan kepemilikan pada entitas anak
A88: Pencairan (penempatan) efek-efek yang diperdagangkan
A89: Penerimaan dari pelepasan kepentingan di entitas anak tanpa hilangnya pengendalian dari kegiatan investasi
A90: Pembayaran untuk perolehan kepemilikan pada entitas asosiasi
A91: Penerimaan dari pelepasan kepemilikan pada entitas asosiasi | E91: 0 | F91: 0
A92: Penerimaan (pengeluaran) kas lainnya dari aktivitas investasi | C92: -654.558 | D92: 2647.549 | E92: 0 | F92: 0
A93: Jumlah arus kas bersih yang diperoleh dari (digunakan untuk) aktivitas investasi | C93: -1608.846 | D93: 1694.831 | E93: -26763.211 | F93: -9043.175 | G93: 5994.554 | H93: -5998.437 | I93: -7727.99 | J93: 7643.004
A94: Arus kas dari aktivitas pendanaan
A95: Kenaikan (penurunan) efek yang diterbitkan | C95: 2021 | D95: 3823 | E95: 1000 | F95: 0 | H95: 1000 | I95: 1000 | J95: 3100
A96: Penerbitan sukuk mudharabah
A97: Penempatan sertifikat investasi mudharabah
A98: Biaya emisi sukuk mudharabah
A99: Penerimaan pinjaman yang diterima | C99: 1787.434 | D99: 2570.056 | E99: 533.463 | F99: 1708.383 | G99: 3442.34 | H99: 4683.52 | I99: 13423.5 | J99: 20983
A100: Pembayaran pinjaman yang diterima | F100: 668.51 | G100: 1990.237 | H100: 1822.601 | I100: 10235.264 | J100: 25018.464
A101: Penerimaan pinjaman subordinasi | C101: 150 | D101: 83 | E101: 0
A102: Pembayaran pinjaman subordinasi | D102: 0 | E102: 1600 | F102: 0 | H102: 75 | I102: 83 | J102: 75
A103: Pembayaran bunga pinjaman | C103: 5730.721 | D103: 2118.959 | E103: 2376.421
A104: Penerimaan dari penerbitan obligasi
A105: Pembayaran utang obligasi | C105: 2770.921 | D105: 2257.672 | E105: 2747.97 | F105: 1714.634 | G105: 4044.897 | H105: 584.851 | I105: 1792.236 | J105: 1306.192
...

Sheet ACCOUNTING POLICIES
A1: Kebijakan akuntansi signifikan
A2: 1
A3: Period | C3: 2022-12-31 | D3: 2023-12-31 | E3: 2024-12-31 | F3: 2025-12-31
A4: Kebijakan akuntansi signifikan
A5: Dasar penyusunan laporan keuangan konsolidasian | C5: Laporan keuangan konsolidasian 31 Desember 2022, 2021, dan 2020, disusun dan disajikan sesuai dengan Standar Akuntansi Keuangan di Indonesia yang dikeluarkan oleh Ikatan Akuntan Indonesia. Laporan keuangan konsolidasian juga disusun sesuai dengan Keputusan Ketua Bapepam-LK No. KEP-347/BL/2012 tanggal 25 Juni 2012 yang merupakan perubahan terakhir atas Keputusan Ketua Bapepam-LK No. KEP 554/BL/2010 tanggal 30 Desember 2010 dan Keputusan Ketua Bapepam-LK No. KEP-06/PM/2000 tanggal 13 Maret 2000 yaitu Peraturan No. VIII.G.7 tentang “Penyajian dan Pengungkapan Laporan Keuangan Emiten atau Perusahaan Publik”. Laporan keuangan konsolidasian disusun berdasarkan harga perolehan kecuali untuk aset keuangan yang diukur pada penghasilan komprehensif lain, aset dan liabilitas keuangan yang diukur pada nilai wajar melalui laba rugi, instrumen derivatif yang diukur berdasarkan nilai wajar, dan aset tetap berupa tanah dan bangunan yang diukur berdasarkan nilai wajar sesuai model revaluasi. Nilai tercatat dari aset dan liabilitas yang merupakan item yang dilindung nilai dalam lindung nilai atas nilai wajar, yang seharusnya disajikan sebesar harga perolehan, disesuaikan dengan perubahan nilai wajar yang dapat diatribusikan dengan risiko yang dilindungnilaikan. Laporan keuangan konsolidasian disusun berdasarkan akuntansi berbasis akrual, kecuali laporan arus kas konsolidasian. Laporan arus kas konsolidasian disusun menggunakan metode langsung dan arus kas dikelompokkan atas dasar kegiatan operasi, investasi, dan pendanaan. Untuk tujuan laporan arus kas konsolidasian, kas dan setara kas mencakup kas, giro pada BI, giro pada bank lain, dan investasi jangka pendek lancar lainnya dengan jangka waktu 3 (tiga) bulan atau kurang sejak tanggal perolehan. Seluruh angka dalam laporan keuangan konsolidasian ini, kecuali dinyatakan secara khusus, dibulatkan dan disajikan dalam jutaan Rupiah yang terdekat. | D5: Laporan keuangan konsolidasian disusun dan disajikan sesuai dengan Standar Akuntansi Keuangan di Indonesia yang dikeluarkan oleh Ikatan Akuntan Indonesia. Laporan keuangan konsolidasian juga disusun sesuai dengan Keputusan Ketua Bapepam-LK No. KEP-347/BL/2012 tanggal 25 Juni 2012 yang merupakan perubahan terakhir atas Keputusan Ketua Bapepam-LK No. KEP 554/BL/2010 tanggal 30 Desember 2010 dan Keputusan Ketua Bapepam-LK No. KEP-06/PM/2000 tanggal 13 Maret 2000 yaitu Peraturan No. VIII.G.7 tentang “Penyajian dan Pengungkapan Laporan Keuangan Emiten atau Perusahaan Publik”. Laporan keuangan konsolidasian disusun berdasarkan harga perolehan kecuali untuk aset keuangan yang diukur pada penghasilan komprehensif lain, aset dan liabilitas keuangan yang diukur pada nilai wajar melalui laba rugi, instrumen derivatif yang diukur berdasarkan nilai wajar, dan aset tetap berupa tanah dan bangunan yang diukur berdasarkan nilai wajar sesuai model revaluasi. Nilai tercatat dari aset dan liabilitas yang merupakan item yang dilindung nilai dalam lindung nilai atas nilai wajar, yang seharusnya disajikan sebesar harga perolehan, disesuaikan dengan perubahan nilai wajar yang dapat diatribusikan dengan risiko yang dilindungnilaikan. Laporan keuangan konsolidasian disusun berdasarkan akuntansi berbasis akrual, kecuali laporan arus kas konsolidasian. Laporan arus kas konsolidasian disusun menggunakan metode langsung dan arus kas dikelompokkan atas dasar kegiatan operasi, investasi, dan pendanaan. Untuk tujuan laporan arus kas konsolidasian, kas dan setara kas mencakup kas, giro pada BI, giro pada bank lain, dan investasi jangka pendek lancar lainnya dengan jangka waktu 3 (tiga) bulan atau kurang sejak tanggal perolehan. Seluruh angka dalam laporan keuangan konsolidasian ini, kecuali dinyatakan secara khusus, dibulatkan dan disajikan dalam jutaan Rupiah yang terdekat. | E5: Laporan keuangan konsolidasian disusun dan disajikan sesuai dengan Standar Akuntansi Keuangan di Indonesia yang dikeluarkan oleh Ikatan Akuntan Indonesia. Laporan keuangan konsolidasian juga disusun sesuai dengan Keputusan Ketua Bapepam-LK No. KEP-347/BL/2012 tanggal 25 Juni 2012 yang merupakan perubahan terakhir atas Keputusan Ketua Bapepam-LK No. KEP 554/BL/2010 tanggal 30 Desember 2010 dan Keputusan Ketua Bapepam-LK No. KEP-06/PM/2000 tanggal 13 Maret 2000 yaitu Peraturan No. VIII.G.7 tentang dan Pengungkapan Laporan Keuangan Emiten atau Perusahaan Publik. Laporan keuangan konsolidasian disusun berdasarkan harga perolehan kecuali untuk aset keuangan yang diukur pada nilai wajar melalui penghasilan komprehensif lain, aset dan liabilitas keuangan yang diukur pada nilai wajar melalui laba rugi, instrumen derivatif yang diukur berdasarkan nilai wajar, dan aset tetap berupa tanah dan bangunan yang diukur berdasarkan nilai wajar sesuai model revaluasi. Nilai tercatat dari aset dan liabilitas yang merupakan item yang dilindung nilai dalam lindung nilai atas nilai wajar, yang seharusnya disajikan sebesar harga perolehan, disesuaikan dengan perubahan nilai wajar yang dapat diatribusikan dengan risiko yang dilindungnilaikan. Laporan keuangan konsolidasian disusun berdasarkan akuntansi berbasis akrual, kecuali laporan arus kas konsolidasian. Laporan arus kas konsolidasian disusun menggunakan metode langsung dan arus kas dikelompokkan atas dasar kegiatan operasi, investasi, dan pendanaan. Untuk tujuan laporan arus kas konsolidasian, kas dan setara kas mencakup kas, giro pada BI, giro pada bank lain, dan investasi jangka pendek lancar lainnya dengan jangka waktu 3 (tiga) bulan atau kurang sejak tanggal perolehan. Seluruh angka dalam laporan keuangan konsolidasian ini, kecuali dinyatakan secara khusus, dibulatkan dan disajikan dalam jutaan Rupiah yang terdekat. | F5: Laporan keuangan konsolidasian disusun dan disajikan sesuai dengan Standar Akuntansi Keuangan di Indonesia yang dikeluarkan oleh Ikatan Akuntan Indonesia. Laporan keuangan konsolidasian juga disusun sesuai dengan Keputusan Ketua Bapepam-LK No. KEP-347/BL/2012 tanggal 25 Juni 2012 yang merupakan perubahan terakhir atas Keputusan Ketua Bapepam-LK No. KEP 554/BL/2010 tanggal 30 Desember 2010 dan Keputusan Ketua Bapepam-LK No. KEP-06/PM/2000 tanggal 13 Maret 2000 yaitu Peraturan No. VIII.G.7 tentang dan Pengungkapan Laporan Keuangan Emiten atau Perusahaan Publik. Laporan keuangan konsolidasian disusun berdasarkan harga perolehan kecuali untuk aset keuangan yang diukur pada nilai wajar melalui penghasilan komprehensif lain, aset dan liabilitas keuangan yang diukur pada nilai wajar melalui laba rugi, instrumen derivatif yang diukur berdasarkan nilai wajar, dan aset tetap berupa tanah dan bangunan yang diukur berdasarkan nilai wajar sesuai model revaluasi. Nilai tercatat dari aset dan liabilitas yang merupakan item yang dilindung nilai dalam lindung nilai atas nilai wajar, yang seharusnya disajikan sebesar harga perolehan, disesuaikan dengan perubahan nilai wajar yang dapat diatribusikan dengan risiko yang dilindungnilaikan. Laporan keuangan konsolidasian disusun berdasarkan akuntansi berbasis akrual, kecuali laporan arus kas konsolidasian. Laporan arus kas konsolidasian disusun menggunakan metode langsung dan arus kas dikelompokkan atas dasar kegiatan operasi, investasi, dan pendanaan. Untuk tujuan laporan arus kas konsolidasian, kas dan setara kas mencakup kas, giro pada BI, giro pada bank lain, dan investasi jangka pendek lancar lainnya dengan jangka waktu 3 (tiga) bulan atau kurang sejak tanggal perolehan, sepanjang tidak digunakan sebagai jaminan serta tidak dibatasi penggunaannya. Seluruh angka dalam laporan keuangan konsolidasian ini, kecuali dinyatakan secara khusus, dibulatkan dan disajikan dalam jutaan Rupiah yang terdekat.
A6: Prinsip-prinsip konsolidasi | C6: Laporan keuangan konsolidasian meliputi laporan keuangan Bank CIMB Niaga dan Entitas Anak. Bank mengendalikan suatu entitas ketika Bank terekspos terhadap, atau memiliki hak atas, pengembalian variabel dari keterlibatannya terhadap entitas dan memiliki kemampuan untuk mempengaruhi pengembalian tersebut melalui kekuasaannya atas entitas tersebut. Dampak signifikan dari seluruh transaksi dan saldo antara perusahaan-perusahaan yang dikonsolidasikan telah dieliminasi dalam penyajian laporan keuangan konsolidasian. Kebijakan akuntansi penting yang dipakai dalam penyajian laporan keuangan konsolidasian telah diterapkan secara konsisten oleh Bank CIMB Niaga dan Entitas Anak, kecuali dinyatakan secara khusus. Kepentingan nonpengendali atas hasil usaha dan ekuitas Entitas Anak disajikan terpisah pada masing-masing laporan laba rugi dan penghasilan komprehensif lain konsolidasian serta laporan posisi keuangan konsolidasian. Bila pengendalian atas suatu entitas diperoleh dalam tahun berjalan, hasil usaha entitas tersebut dicatat sebagai laba/rugi sejak tanggal pengendalian dimulai. Bila pengendalian berakhir dalam tahun berjalan, hasil usaha entitas tersebut dimasukkan ke dalam laporan keuangan konsolidasian untuk periode dimana pengendalian masih berlangsung. | D6: Laporan keuangan konsolidasian meliputi laporan keuangan Bank CIMB Niaga dan Entitas Anak. Bank mengendalikan suatu entitas ketika Bank terekspos terhadap, atau memiliki hak atas, pengembalian variabel dari keterlibatannya terhadap entitas dan memiliki kemampuan untuk mempengaruhi pengembalian tersebut melalui kekuasaannya atas entitas tersebut. Dampak signifikan dari seluruh transaksi dan saldo antara perusahaan-perusahaan yang dikonsolidasikan telah dieliminasi dalam penyajian laporan keuangan konsolidasian. Kebijakan akuntansi penting yang dipakai dalam penyajian laporan keuangan konsolidasian telah diterapkan secara konsisten oleh Bank CIMB Niaga dan Entitas Anak, kecuali dinyatakan secara khusus. Kepentingan nonpengendali atas hasil usaha dan ekuitas Entitas Anak disajikan terpisah pada masing-masing laporan laba rugi dan penghasilan komprehensif lain konsolidasian serta laporan posisi keuangan konsolidasian. Bila pengendalian atas suatu entitas diperoleh dalam tahun berjalan, hasil usaha entitas tersebut dicatat sebagai laba/rugi sejak tanggal pengendalian dimulai. Bila pengendalian berakhir dalam tahun berjalan, hasil usaha entitas tersebut dimasukkan ke dalam laporan keuangan konsolidasian untuk periode dimana pengendalian masih berlangsung. | E6: Laporan keuangan konsolidasian meliputi laporan keuangan Bank CIMB Niaga dan Entitas Anak. Bank mengendalikan suatu entitas ketika Bank terekspos terhadap, atau memiliki hak atas, pengembalian variabel dari keterlibatannya terhadap entitas dan memiliki kemampuan untuk mempengaruhi pengembalian tersebut melalui kekuasaannya atas entitas tersebut. Dampak signifikan dari seluruh transaksi dan saldo antara perusahaan-perusahaan yang dikonsolidasikan telah dieliminasi dalam penyajian laporan keuangan konsolidasian. Kebijakan akuntansi material yang dipakai dalam penyajian laporan keuangan konsolidasian telah diterapkan secara konsisten oleh Bank CIMB Niaga dan Entitas Anak, kecuali dinyatakan secara khusus. Kepentingan nonpengendali atas hasil usaha dan ekuitas Entitas Anak disajikan terpisah pada masing-masing laporan laba rugi dan penghasilan komprehensif lain konsolidasian serta laporan posisi keuangan konsolidasian. Bila pengendalian atas suatu entitas diperoleh dalam tahun berjalan, hasil usaha entitas tersebut dicatat sebagai laba rugi sejak tanggal pengendalian dimulai. Bila pengendalian berakhir dalam tahun berjalan, hasil usaha entitas tersebut dimasukkan ke dalam laporan keuangan konsolidasian untuk periode dimana pengendalian masih berlangsung. | F6: Laporan keuangan konsolidasian meliputi laporan keuangan Bank CIMB Niaga dan Entitas Anak. Bank mengendalikan suatu entitas ketika Bank terekspos terhadap, atau memiliki hak atas, pengembalian variabel dari keterlibatannya terhadap entitas dan memiliki kemampuan untuk mempengaruhi pengembalian tersebut melalui kekuasaannya atas entitas tersebut. Dampak signifikan dari seluruh transaksi dan saldo antara perusahaan-perusahaan yang dikonsolidasikan telah dieliminasi dalam penyajian laporan keuangan konsolidasian. Kebijakan akuntansi material yang dipakai dalam penyajian laporan keuangan konsolidasian telah diterapkan secara konsisten oleh Bank CIMB Niaga dan Entitas Anak, kecuali dinyatakan secara khusus. Kepentingan nonpengendali atas hasil usaha dan ekuitas Entitas Anak disajikan terpisah pada masing-masing laporan laba rugi dan penghasilan komprehensif lain konsolidasian serta laporan posisi keuangan konsolidasian. Bila pengendalian atas suatu entitas diperoleh dalam tahun berjalan, hasil usaha entitas tersebut dicatat sebagai laba rugi sejak tanggal pengendalian dimulai. Bila pengendalian berakhir dalam tahun berjalan, hasil usaha entitas tersebut dimasukkan ke dalam laporan keuangan konsolidasian untuk periode dimana pengendalian masih berlangsung.
A7: Kas dan setara kas | C7: Kas meliputi kas kecil, kas besar, kas di dalam Anjungan Tunai Mandiri (ATM)/Cash Deposit Machine (CDM), dan bank notes. Kas dan setara kas mencakup kas, giro pada BI, giro pada bank lain, dan investasi jangka pendek lancar lainnya dengan jangka waktu 3 (tiga) bulan atau kurang sejak tanggal perolehan | D7: Kas meliputi kas kecil, kas besar, kas di dalam Anjungan Tunai Mandiri (ATM)/Cash Deposit Machine (CDM), dan bank notes. Kas dan setara kas mencakup kas, giro pada BI, giro pada bank lain, dan investasi jangka pendek lancar lainnya dengan jangka waktu 3 (tiga) bulan atau kurang sejak tanggal perolehan | E7: Kas meliputi kas kecil, kas besar, kas di dalam Anjungan Tunai Mandiri ()/Cash Deposit Machine (), dan bank notes. | F7: Kas meliputi kas kecil, kas besar, kas di dalam Anjungan Tunai Mandiri ()/Cash Deposit Machine (), dan bank notes.
A8: Aset tetap | C8: Tanah dan bangunan disajikan sebesar nilai wajar, dikurangi akumulasi penyusutan untuk bangunan dan akumulasi rugi penurunan nilai (jika ada). Penilaian terhadap tanah dan bangunan dilakukan oleh penilai independen eksternal. Penilaian atas aset tersebut dilakukan secara berkala (setiap 3 - 5 tahun) untuk memastikan bahwa nilai wajar aset yang direvaluasi tidak berbeda secara material dengan nilai tercatatnya. Akumulasi penyusutan pada tanggal revaluasi dieliminasi terhadap nilai tercatat bruto aset dan nilai netonya disajikan kembali sebesar nilai revaluasian aset tetap. Selisih penilaian kembali aset tetap dikreditkan ke akun “cadangan revaluasi aset tetap” yang disajikan pada bagian ekuitas. Aset tetap, selain tanah dan bangunan, diakui sebesar harga perolehan setelah dikurangi akumulasi penyusutan. Harga perolehan mencakup semua pengeluaran yang terkait secara langsung dengan perolehan aset tetap. Tanah tidak disusutkan. Penyusutan aset tetap selain tanah dihitung dengan menggunakan metode garis lurus untuk mengalokasikan harga perolehan atau nilai setelah penilaian kembali mencapai nilai sisa sepanjang estimasi masa manfaatnya. Apabila nilai tercatat aset lebih besar dari nilai yang dapat diperoleh kembali, nilai tercatat aset diturunkan menjadi sebesar nilai yang dapat diperoleh kembali, dengan menggunakan nilai tertinggi antara harga jual neto dan nilai pakai. Apabila aset tetap tidak digunakan lagi atau dijual, maka nilai perolehan dan akumulasi penyusutannya dihapuskan dari laporan keuangan konsolidasian. Keuntungan atau kerugian yang terjadi, diakui sebagai laba/rugi periode terjadinya. Untuk aset tetap yang direvaluasi, surplus revaluasi aset tetap selanjutnya dialihkan kepada saldo laba saat aset tersebut dihentikan pengakuannya. Keuntungan atau kerugian yang timbul dari penghentian pengakuan aset tetap ditentukan sebesar selisih antara jumlah hasil pelepasan neto, jika ada, dan jumlah tercatatnya. Biaya pemeliharaan dan perbaikan dicatat sebagai beban pada saat terjadinya. Pengeluaran yang memperpanjang masa manfaat aset dikapitalisasi dan disusutkan. Aset dalam penyelesaian merupakan aset yang masih dalam proses penyelesaian dan belum siap untuk digunakan, serta dimaksudkan untuk dipergunakan dalam kegiatan usaha. Aset ini dicatat sebesar biaya yang telah dikeluarkan. | D8: Tanah dan bangunan disajikan sebesar nilai wajar, dikurangi akumulasi penyusutan untuk bangunan dan akumulasi rugi penurunan nilai (jika ada). Penilaian terhadap tanah dan bangunan dilakukan oleh penilai independen eksternal. Penilaian atas aset tersebut dilakukan secara berkala (setiap 3 - 5 tahun) untuk memastikan bahwa nilai wajar aset yang direvaluasi tidak berbeda secara material dengan nilai tercatatnya. Akumulasi penyusutan pada tanggal revaluasi dieliminasi terhadap nilai tercatat bruto aset dan nilai netonya disajikan kembali sebesar nilai revaluasian aset tetap. Selisih penilaian kembali aset tetap dikreditkan ke akun “cadangan revaluasi aset tetap” yang disajikan pada bagian ekuitas. Aset tetap, selain tanah dan bangunan, diakui sebesar harga perolehan setelah dikurangi akumulasi penyusutan. Harga perolehan mencakup semua pengeluaran yang terkait secara langsung dengan perolehan aset tetap. Tanah tidak disusutkan. Penyusutan aset tetap selain tanah dihitung dengan menggunakan metode garis lurus untuk mengalokasikan harga perolehan atau nilai setelah penilaian kembali mencapai nilai sisa sepanjang estimasi masa manfaatnya. Apabila nilai tercatat aset lebih besar dari nilai yang dapat diperoleh kembali, nilai tercatat aset diturunkan menjadi sebesar nilai yang dapat diperoleh kembali, dengan menggunakan nilai tertinggi antara harga jual neto dan nilai pakai. Apabila aset tetap tidak digunakan lagi atau dijual, maka nilai perolehan dan akumulasi penyusutannya dihapuskan dari laporan keuangan konsolidasian. Keuntungan atau kerugian yang terjadi, diakui sebagai laba/rugi periode terjadinya. Untuk aset tetap yang direvaluasi, surplus revaluasi aset tetap selanjutnya dialihkan kepada saldo laba saat aset tersebut dihentikan pengakuannya. Keuntungan atau kerugian yang timbul dari penghentian pengakuan aset tetap ditentukan sebesar selisih antara jumlah hasil pelepasan neto, jika ada, dan jumlah tercatatnya. Biaya pemeliharaan dan perbaikan dicatat sebagai beban pada saat terjadinya. Pengeluaran yang memperpanjang masa manfaat aset dikapitalisasi dan disusutkan. Aset dalam penyelesaian merupakan aset yang masih dalam proses penyelesaian dan belum siap untuk digunakan, serta dimaksudkan untuk dipergunakan dalam kegiatan usaha. Aset ini dicatat sebesar biaya yang telah dikeluarkan. | E8: Tanah dan bangunan disajikan sebesar nilai wajar, dikurangi akumulasi penyusutan untuk bangunan dan akumulasi rugi penurunan nilai (jika ada). Penilaian terhadap tanah dan bangunan dilakukan oleh penilai independen eksternal. Penilaian atas aset tersebut dilakukan secara berkala setiap 3 tahun untuk memastikan bahwa nilai wajar aset yang direvaluasi tidak berbeda secara material dengan nilai tercatatnya. Akumulasi penyusutan pada tanggal revaluasi dieliminasi terhadap nilai tercatat bruto aset dan nilai netonya disajikan kembali sebesar nilai revaluasian aset tetap. Selisih penilaian kembali aset tetap dikreditkan ke akun penilaian kembali aset tetap yang disajikan pada bagian ekuitas. Aset tetap, selain tanah dan bangunan, diakui sebesar harga perolehan setelah dikurangi akumulasi penyusutan. Harga perolehan mencakup semua pengeluaran yang terkait secara langsung dengan perolehan aset tetap. Tanah tidak disusutkan. Setiap perluasan hak atas tanah dianggap sebagai sesuatu yang dapat diatribusikan secara langsung, dianggap sebagai bagian dari aset dan dikapitalisasi ke tanah. Apabila nilai tercatat aset lebih besar dari nilai yang dapat diperoleh kembali, nilai tercatat aset diturunkan menjadi sebesar nilai yang dapat diperoleh kembali, dengan menggunakan nilai tertinggi antara harga jual neto dan nilai pakai. Apabila aset tetap tidak digunakan lagi atau dijual, maka nilai perolehan dan akumulasi penyusutannya dihapuskan dari laporan keuangan konsolidasian. Keuntungan atau kerugian yang terjadi, diakui sebagai laba rugi periode terjadinya. Untuk aset tetap yang direvaluasi, surplus revaluasi aset tetap selanjutnya dialihkan kepada saldo laba saat aset tersebut dihentikan pengakuannya. Keuntungan atau kerugian yang timbul dari penghentian pengakuan aset tetap ditentukan sebesar selisih antara jumlah hasil pelepasan neto, jika ada, dan jumlah tercatatnya. | F8: Tanah dan bangunan disajikan sebesar nilai wajar, dikurangi akumulasi penyusutan untuk bangunan dan akumulasi rugi penurunan nilai (jika ada). Penilaian terhadap tanah dan bangunan dilakukan oleh penilai independen eksternal. Penilaian atas aset tersebut dilakukan secara berkala setiap 3 tahun untuk memastikan bahwa nilai wajar aset yang direvaluasi tidak berbeda secara material dengan nilai tercatatnya. Akumulasi penyusutan pada tanggal revaluasi dieliminasi terhadap nilai tercatat bruto aset dan nilai netonya disajikan kembali sebesar nilai revaluasian aset tetap. Selisih penilaian kembali aset tetap dikreditkan ke akun penilaian kembali aset tetap yang disajikan pada bagian ekuitas. Aset tetap, selain tanah dan bangunan, diakui sebesar harga perolehan setelah dikurangi akumulasi penyusutan. Harga perolehan mencakup semua pengeluaran yang terkait secara langsung dengan perolehan aset tetap. Tanah tidak disusutkan. Setiap perluasan hak atas tanah dianggap sebagai sesuatu yang dapat diatribusikan secara langsung, dianggap sebagai bagian dari aset dan dikapitalisasi ke tanah. Apabila nilai tercatat aset lebih besar dari nilai yang dapat diperoleh kembali, nilai tercatat aset diturunkan menjadi sebesar nilai yang dapat diperoleh kembali, dengan menggunakan nilai tertinggi antara harga jual neto dan nilai pakai. Apabila aset tetap tidak digunakan lagi atau dijual, maka nilai perolehan dan akumulasi penyusutannya dihapuskan dari laporan keuangan konsolidasian. Keuntungan atau kerugian yang terjadi, diakui sebagai laba rugi periode terjadinya. Untuk aset tetap yang direvaluasi, surplus revaluasi aset tetap selanjutnya dialihkan kepada saldo laba saat aset tersebut dihentikan pengakuannya. Keuntungan atau kerugian yang timbul dari penghentian pengakuan aset tetap ditentukan sebesar selisih antara jumlah hasil pelepasan neto, jika ada, dan jumlah tercatatnya.
A9: Penurunan nilai aset nonkeuangan | C9: Apabila nilai tercatat aset lebih besar dari nilai yang dapat diperoleh kembali, nilai tercatat aset diturunkan menjadi sebesar nilai yang dapat diperoleh kembali, dengan menggunakan nilai tertinggi antara harga jual neto dan nilai pakai. | D9: Apabila nilai tercatat aset lebih besar dari nilai yang dapat diperoleh kembali, nilai tercatat aset diturunkan menjadi sebesar nilai yang dapat diperoleh kembali, dengan menggunakan nilai tertinggi antara harga jual neto dan nilai pakai. | E9: Apabila nilai tercatat aset lebih besar dari nilai yang dapat diperoleh kembali, nilai tercatat aset diturunkan menjadi sebesar nilai yang dapat diperoleh kembali, dengan menggunakan nilai tertinggi antara harga jual neto dan nilai pakai. | F9: Apabila nilai tercatat aset lebih besar dari nilai yang dapat diperoleh kembali, nilai tercatat aset diturunkan menjadi sebesar nilai yang dapat diperoleh kembali, dengan menggunakan nilai tertinggi antara harga jual neto dan nilai pakai.
A10: Beban tangguhan
A11: Pengakuan pendapatan dan beban | C11: Pendapatan bunga atas aset keuangan bank yang diukur dengan nilai wajar melalui penghasilan komprehensif lain atau biaya perolehan diamortisasi dan beban bunga atas perolehan seluruh liabilitas keuangan yang diukur dengan biaya perolehan diamortisasi, diakui pada laba rugi berdasarkan suku bunga efektif. Suku bunga efektif adalah suku bunga yang secara tepat mendiskontokan estimasi pembayaran atau penerimaan kas di masa datang selama perkiraan umur dari instrumen keuangan, atau bilamana tepat, digunakan periode yang lebih singkat untuk memperoleh nilai tercatat bersih dari aset keuangan atau liabilitas keuangan. Pada saat menghitung suku bunga efektif, Bank dan Entitas Anak mengestimasi arus kas dengan mempertimbangkan seluruh persyaratan kontraktual dalam instrumen keuangan tersebut seperti pelunasan dipercepat, opsi beli (call option), dan opsi serupa lainnya, namun tidak mempertimbangkan kerugian kredit di masa datang. Perhitungan ini mencakup seluruh komisi, provisi, dan bentuk lain yang dibayarkan atau diterima oleh para pihak dalam kontrak yang merupakan bagian tak terpisahkan dari suku bunga efektif, biaya transaksi, dan seluruh premi atau diskon lainnya. Pendapatan bunga atas aset keuangan yang diukur dengan nilai wajar melalui penghasilan komprehensif lain atau biaya amortisasi yang mengalami penurunan nilai setelah pengakuan awal (tahapan 3) diakui berdasarkan suku bunga efektif kredit yang disesuaikan. Tingkat bunga ini dihitung dengan cara yang sama dalam perhitungan suku bunga efektif kecuali bahwa cadangan kerugian kredit ekspektasian sudah termasuk dalam arus kas ekspektasian. Oleh karenanya, pendapatan bunga diakui atas aset keuangan dalam klasifikasi biaya perolehan diamortisasi termasuk kerugian kredit ekspektasian. Dalam kondisi risiko kredit atas aset keuangan tahapan 3 mengalami perbaikan sehingga aset keuangan tidak lagi dipertimbangkan mengalami penurunan nilai, pengakuan pendapatan bunga dihitung berdasarkan nilai tercatat bruto aset keuangan. Pendapatan syariah terdiri dari keuntungan murabahah, pendapatan ijarah muntahiyah bittamlik, bagi hasil pembiayaan mudharabah dan musyarakah, serta pendapatan qardh. Keuntungan murabahah dan pendapatan ijarah muntahiyah bittamlik diakui selama periode akad berdasarkan konsep akrual. Pendapatan bagi hasil pembiayaan mudharabah dan musyarakah diakui pada saat diterima atau dalam periode terjadinya hak bagi hasil sesuai porsi bagi hasil (nisbah) yang disepakati. Pendapatan dari qardh diakui pada saat diterima. Hak pihak ketiga atas bagi hasil milik nasabah didasarkan pada prinsip mudharabah. Pendapatan yang dibagikan adalah pendapatan yang telah diterima. Pembagian laba dilakukan berdasarkan prinsip bagi hasil yaitu dihitung dari pendapatan yang diterima berupa laba bruto (gross profit margin). Provisi dan komisi yang berkaitan langsung dengan kegiatan pemberian kredit diakui sebagai bagian/(pengurang) dari biaya perolehan kredit dan akan diakui sebagai pendapatan bunga dengan cara diamortisasi berdasarkan metode suku bunga efektif. Pendapatan provisi dan komisi yang tidak berkaitan dengan kegiatan pemberian kredit atas suatu jangka waktu diakui sebagai pendapatan pada saat terjadinya transaksi. Beban tenaga kerja meliputi beban berupa gaji karyawan, bonus, lembur, tunjangan, dan pelatihan. Beban umum dan administrasi merupakan beban yang timbul sehubungan dengan aktivitas kantor dan operasional Bank CIMB Niaga dan Entitas Anak. Seluruh pendapatan dan beban yang terjadi dibebankan sebagai laba/rugi pada saat terjadinya. | D11: Pendapatan bunga atas aset keuangan bank yang diukur dengan nilai wajar melalui penghasilan komprehensif lain atau biaya perolehan diamortisasi dan beban bunga atas perolehan seluruh liabilitas keuangan yang diukur dengan biaya perolehan diamortisasi, diakui pada laba rugi berdasarkan suku bunga efektif. Suku bunga efektif adalah suku bunga yang secara tepat mendiskontokan estimasi pembayaran atau penerimaan kas di masa datang selama perkiraan umur dari instrumen keuangan, atau bilamana tepat, digunakan periode yang lebih singkat untuk memperoleh nilai tercatat bersih dari aset keuangan atau liabilitas keuangan. Pada saat menghitung suku bunga efektif, Bank dan Entitas Anak mengestimasi arus kas dengan mempertimbangkan seluruh persyaratan kontraktual dalam instrumen keuangan tersebut seperti pelunasan dipercepat, opsi beli (call option), dan opsi serupa lainnya, namun tidak mempertimbangkan kerugian kredit di masa datang. Perhitungan ini mencakup seluruh komisi, provisi, dan bentuk lain yang dibayarkan atau diterima oleh para pihak dalam kontrak yang merupakan bagian tak terpisahkan dari suku bunga efektif, biaya transaksi, dan seluruh premi atau diskon lainnya. Pendapatan bunga atas aset keuangan yang diukur dengan nilai wajar melalui penghasilan komprehensif lain atau biaya amortisasi yang mengalami penurunan nilai setelah pengakuan awal (tahapan 3) diakui berdasarkan suku bunga efektif kredit yang disesuaikan. Tingkat bunga ini dihitung dengan cara yang sama dalam perhitungan suku bunga efektif kecuali bahwa cadangan kerugian kredit ekspektasian sudah termasuk dalam arus kas ekspektasian. Oleh karenanya, pendapatan bunga diakui atas aset keuangan dalam klasifikasi biaya perolehan diamortisasi termasuk kerugian kredit ekspektasian. Dalam kondisi risiko kredit atas aset keuangan tahapan 3 mengalami perbaikan sehingga aset keuangan tidak lagi dipertimbangkan mengalami penurunan nilai, pengakuan pendapatan bunga dihitung berdasarkan nilai tercatat bruto aset keuangan. Pendapatan syariah terdiri dari keuntungan murabahah, pendapatan ijarah muntahiyah bittamlik, bagi hasil pembiayaan mudharabah dan musyarakah, serta pendapatan qardh. Keuntungan murabahah dan pendapatan ijarah muntahiyah bittamlik diakui selama periode akad berdasarkan konsep akrual. Pendapatan bagi hasil pembiayaan mudharabah dan musyarakah diakui pada saat diterima atau dalam periode terjadinya hak bagi hasil sesuai porsi bagi hasil (nisbah) yang disepakati. Pendapatan dari qardh diakui pada saat diterima. Hak pihak ketiga atas bagi hasil milik nasabah didasarkan pada prinsip mudharabah. Pendapatan yang dibagikan adalah pendapatan yang telah diterima. Pembagian laba dilakukan berdasarkan prinsip bagi hasil yaitu dihitung dari pendapatan yang diterima berupa laba bruto (gross profit margin). Provisi dan komisi yang berkaitan langsung dengan kegiatan pemberian kredit diakui sebagai bagian/(pengurang) dari biaya perolehan kredit dan akan diakui sebagai pendapatan bunga dengan cara diamortisasi berdasarkan metode suku bunga efektif. Pendapatan provisi dan komisi yang tidak berkaitan dengan kegiatan pemberian kredit atas suatu jangka waktu diakui sebagai pendapatan pada saat terjadinya transaksi. Beban tenaga kerja meliputi beban berupa gaji karyawan, bonus, lembur, tunjangan, dan pelatihan. Beban umum dan administrasi merupakan beban yang timbul sehubungan dengan aktivitas kantor dan operasional Bank CIMB Niaga dan Entitas Anak. Seluruh pendapatan dan beban yang terjadi dibebankan sebagai laba/rugi pada saat terjadinya. | E11: Pendapatan bunga atas aset keuangan bank yang diukur dengan nilai wajar melalui penghasilan komprehensif lain atau biaya perolehan diamortisasi dan beban bunga atas perolehan seluruh liabilitas keuangan yang diukur dengan biaya perolehan diamortisasi, diakui pada laba rugi berdasarkan suku bunga efektif. Suku bunga efektif adalah suku bunga yang secara tepat mendiskontokan estimasi pembayaran atau penerimaan kas di masa datang selama perkiraan umur dari instrumen keuangan, atau bilamana tepat, digunakan periode yang lebih singkat untuk memperoleh nilai tercatat bersih dari aset keuangan atau liabilitas keuangan. Pada saat menghitung suku bunga efektif, Bank dan Entitas Anak mengestimasi arus kas dengan mempertimbangkan seluruh persyaratan kontraktual dalam instrumen keuangan tersebut seperti pelunasan dipercepat, opsi beli (call option), dan opsi serupa lainnya, namun tidak mempertimbangkan kerugian kredit di masa datang. Perhitungan ini mencakup seluruh komisi, provisi, dan bentuk lain yang dibayarkan atau diterima oleh para pihak dalam kontrak yang merupakan bagian tak terpisahkan dari suku bunga efektif, biaya transaksi, dan seluruh premi atau diskon lainnya. Pendapatan bunga atas aset keuangan yang diukur dengan nilai wajar melalui penghasilan komprehensif lain atau biaya amortisasi yang mengalami penurunan nilai setelah pengakuan awal (tahapan 3) diakui berdasarkan suku bunga efektif kredit yang disesuaikan. Tingkat bunga ini dihitung dengan cara yang sama dalam perhitungan suku bunga efektif kecuali bahwa cadangan kerugian kredit ekspektasian sudah termasuk dalam arus kas ekspektasian. Oleh karenanya, pendapatan bunga diakui atas aset keuangan dalam klasifikasi biaya perolehan diamortisasi termasuk kerugian kredit ekspektasian. Dalam kondisi risiko kredit atas aset keuangan tahapan 3 mengalami perbaikan sehingga aset keuangan tidak lagi dipertimbangkan mengalami penurunan nilai, pengakuan pendapatan bunga dihitung berdasarkan nilai tercatat bruto aset keuangan. Pendapatan syariah terdiri dari keuntungan murabahah, pendapatan ijarah muntahiyah bittamlik, bagi hasil pembiayaan mudharabah dan musyarakah, serta pendapatan qardh. Keuntungan murabahah dan pendapatan ijarah muntahiyah bittamlik diakui selama periode akad berdasarkan konsep akrual. Pendapatan bagi hasil pembiayaan mudharabah dan musyarakah diakui pada saat diterima atau dalam periode terjadinya hak bagi hasil sesuai porsi bagi hasil (nisbah) yang disepakati. Pendapatan dari qardh diakui pada saat diterima. Hak pihak ketiga atas bagi hasil milik nasabah didasarkan pada prinsip mudharabah. Pendapatan yang dibagikan adalah pendapatan yang telah diterima. Pembagian laba dilakukan berdasarkan prinsip bagi hasil yaitu dihitung dari pendapatan yang diterima berupa laba bruto (gross profit margin). Provisi dan komisi yang berkaitan langsung dengan kegiatan pemberian kredit diakui sebagai bagian/(pengurang) dari biaya perolehan kredit dan akan diakui sebagai pendapatan bunga dengan cara diamortisasi berdasarkan metode suku bunga efektif. Pendapatan provisi dan komisi yang tidak berkaitan dengan kegiatan pemberian kredit atas suatu jangka waktu diakui sebagai pendapatan pada saat terjadinya transaksi. Beban tenaga kerja meliputi beban berupa gaji karyawan, bonus, lembur, tunjangan, dan pelatihan. Beban umum dan administrasi merupakan beban yang timbul sehubungan dengan aktivitas kantor dan operasional Bank CIMB Niaga dan Entitas Anak. Seluruh pendapatan dan beban yang terjadi dibebankan sebagai laba/rugi pada saat terjadinya. | F11: Pendapatan bunga atas aset keuangan bank yang diukur dengan nilai wajar melalui penghasilan komprehensif lain atau biaya perolehan diamortisasi dan beban bunga atas perolehan seluruh liabilitas keuangan yang diukur dengan biaya perolehan diamortisasi, diakui pada laba rugi berdasarkan suku bunga efektif. Suku bunga efektif adalah suku bunga yang secara tepat mendiskontokan estimasi pembayaran atau penerimaan kas di masa datang selama perkiraan umur dari instrumen keuangan, atau bilamana tepat, digunakan periode yang lebih singkat untuk memperoleh nilai tercatat bersih dari aset keuangan atau liabilitas keuangan. Pada saat menghitung suku bunga efektif, Bank dan Entitas Anak mengestimasi arus kas dengan mempertimbangkan seluruh persyaratan kontraktual dalam instrumen keuangan tersebut seperti pelunasan dipercepat, opsi beli (call option), dan opsi serupa lainnya, namun tidak mempertimbangkan kerugian kredit di masa datang. Perhitungan ini mencakup seluruh komisi, provisi, dan bentuk lain yang dibayarkan atau diterima oleh para pihak dalam kontrak yang merupakan bagian tak terpisahkan dari suku bunga efektif, biaya transaksi, dan seluruh premi atau diskon lainnya. Pendapatan bunga atas aset keuangan yang diukur dengan nilai wajar melalui penghasilan komprehensif lain atau biaya amortisasi yang mengalami penurunan nilai setelah pengakuan awal (tahapan 3) diakui berdasarkan suku bunga efektif kredit yang disesuaikan. Tingkat bunga ini dihitung dengan cara yang sama dalam perhitungan suku bunga efektif kecuali bahwa cadangan kerugian kredit ekspektasian sudah termasuk dalam arus kas ekspektasian. Oleh karenanya, pendapatan bunga diakui atas aset keuangan dalam klasifikasi biaya perolehan diamortisasi termasuk kerugian kredit ekspektasian. Dalam kondisi risiko kredit atas aset keuangan tahapan 3 mengalami perbaikan sehingga aset keuangan tidak lagi dipertimbangkan mengalami penurunan nilai, pengakuan pendapatan bunga dihitung berdasarkan nilai tercatat bruto aset keuangan. Pendapatan syariah terdiri dari keuntungan murabahah, pendapatan ijarah muntahiyah bittamlik, bagi hasil pembiayaan mudharabah dan musyarakah, serta pendapatan qardh. Keuntungan murabahah dan pendapatan ijarah muntahiyah bittamlik diakui selama periode akad berdasarkan konsep akrual. Pendapatan bagi hasil pembiayaan mudharabah dan musyarakah diakui pada saat diterima atau dalam periode terjadinya hak bagi hasil sesuai porsi bagi hasil (nisbah) yang disepakati. Pendapatan dari qardh diakui pada saat diterima. Hak pihak ketiga atas bagi hasil milik nasabah didasarkan pada prinsip mudharabah. Pendapatan yang dibagikan adalah pendapatan yang telah diterima. Pembagian laba dilakukan berdasarkan prinsip bagi hasil yaitu dihitung dari pendapatan yang diterima berupa laba bruto (gross profit margin). Provisi dan komisi yang berkaitan langsung dengan kegiatan pemberian kredit diakui sebagai bagian/(pengurang) dari biaya perolehan kredit dan akan diakui sebagai pendapatan bunga dengan cara diamortisasi berdasarkan metode suku bunga efektif. Pendapatan provisi dan komisi yang tidak berkaitan dengan kegiatan pemberian kredit atas suatu jangka waktu diakui sebagai pendapatan pada saat terjadinya transaksi. Beban tenaga kerja meliputi beban berupa gaji karyawan, bonus, lembur, tunjangan, dan pelatihan. Beban umum dan administrasi merupakan beban yang timbul sehubungan dengan aktivitas kantor dan operasional Bank CIMB Niaga dan Entitas Anak. Seluruh pendapatan dan beban yang terjadi dibebankan sebagai laba/rugi pada saat terjadinya.
A12: Penjabaran mata uang asing | C12: Laporan keuangan konsolidasian Bank CIMB Niaga dan Entitas Anak disajikan dalam Rupiah yang merupakan mata uang fungsional Bank CIMB Niaga dan Entitas Anak. Laporan keuangan konsolidasian disajikan dalam mata uang Rupiah, yang merupakan mata uang pelaporan Bank CIMB Niaga dan Entitas Anak. Transaksi dalam mata uang asing dijabarkan ke dalam mata uang Rupiah dengan menggunakan kurs yang berlaku pada tanggal transaksi. Aset dan liabilitas moneter dalam mata uang asing dijabarkan ke dalam Rupiah menggunakan kurs penutupan pada tanggal pelaporan dengan menggunakan kurs spot Bank Indonesia di sistem Reuters pada pukul 16.00 WIB untuk tanggal 31 Desember 2022, 2021, dan 2020. Aset dan liabilitas nonmoneter dalam mata uang asing yang diukur berdasarkan biaya historis dijabarkan ke dalam Rupiah dengan kurs pada tanggal pengakuan awal. Aset dan liabilitas nonmoneter yang diukur berdasarkan nilai wajar dijabarkan ke dalam Rupiah dengan kurs pada tanggal nilai wajar ditentukan. Keuntungan atau kerugian selisih kurs yang timbul dari transaksi dalam mata uang asing dan dari penjabaran aset dan liabilitas moneter dalam mata uang asing, diakui sebagai laba/rugi, kecuali apabila ditangguhkan pada pendapatan komprehensif lainnya sebagai lindung nilai arus kas yang memenuhi syarat. Selisih penjabaran mata uang asing atas efek utang dan aset moneter keuangan lainnya yang diukur berdasarkan nilai wajar dicatat sebagai bagian dari keuntungan dan kerugian selisih kurs. | D12: Laporan keuangan konsolidasian Bank CIMB Niaga dan Entitas Anak disajikan dalam Rupiah yang merupakan mata uang fungsional Bank CIMB Niaga dan Entitas Anak. Laporan keuangan konsolidasian disajikan dalam mata uang Rupiah, yang merupakan mata uang pelaporan Bank CIMB Niaga dan Entitas Anak. Transaksi dalam mata uang asing dijabarkan ke dalam mata uang Rupiah dengan menggunakan kurs yang berlaku pada tanggal transaksi. Aset dan liabilitas moneter dalam mata uang asing dijabarkan ke dalam Rupiah menggunakan kurs penutupan pada tanggal pelaporan dengan menggunakan kurs spot Bank Indonesia di sistem Reuters pada pukul 16.00 WIB untuk tanggal 31 Desember 2023, 2022, dan 2021. Aset dan liabilitas non-moneter dalam mata uang asing yang diukur berdasarkan biaya historis dijabarkan ke dalam Rupiah dengan kurs pada tanggal pengakuan awal. Aset dan liabilitas non-moneter yang diukur berdasarkan nilai wajar dijabarkan ke dalam Rupiah dengan kurs pada tanggal nilai wajar ditentukan. Keuntungan atau kerugian selisih kurs yang timbul dari transaksi dalam mata uang asing dan dari penjabaran aset dan liabilitas moneter dalam mata uang asing, diakui sebagai laba/rugi, kecuali apabila ditangguhkan pada pendapatan komprehensif lainnya sebagai lindung nilai arus kas yang memenuhi syarat. Selisih penjabaran mata uang asing atas efek utang dan aset moneter keuangan lainnya yang diukur berdasarkan nilai wajar dicatat sebagai bagian dari keuntungan dan kerugian selisih kurs. | E12: Laporan keuangan konsolidasian Bank CIMB Niaga dan Entitas Anak disajikan dalam Rupiah yang merupakan mata uang fungsional Bank CIMB Niaga dan Entitas Anak. Laporan keuangan konsolidasian disajikan dalam mata uang Rupiah, yang merupakan mata uang pelaporan Bank CIMB Niaga dan Entitas Anak. Transaksi dalam mata uang asing dijabarkan ke dalam mata uang Rupiah dengan menggunakan kurs yang berlaku pada tanggal transaksi. Aset dan liabilitas moneter dalam mata uang asing dijabarkan ke dalam Rupiah menggunakan kurs penutupan pada tanggal pelaporan dengan menggunakan kurs spot Bank Indonesia di sistem Reuters pada pukul 16.00 WIB untuk tanggal 30 September 2024 dan 31 Desember 2023. Aset dan liabilitas non-moneter dalam mata uang asing yang diukur berdasarkan biaya historis dijabarkan ke dalam Rupiah dengan kurs pada tanggal pengakuan awal. Aset dan liabilitas non-moneter yang diukur berdasarkan nilai wajar dijabarkan ke dalam Rupiah dengan kurs pada tanggal nilai wajar ditentukan. Keuntungan atau kerugian selisih kurs yang timbul dari transaksi dalam mata uang asing dan dari penjabaran aset dan liabilitas moneter dalam mata uang asing, diakui sebagai laba rugi, kecuali apabila ditangguhkan pada pendapatan komprehensif lainnya sebagai lindung nilai arus kas yang memenuhi syarat. Selisih penjabaran mata uang asing atas efek utang dan aset moneter keuangan lainnya yang diukur berdasarkan nilai wajar dicatat sebagai bagian dari keuntungan dan kerugian selisih kurs. | F12: Laporan keuangan konsolidasian Bank CIMB Niaga dan Entitas Anak disajikan dalam Rupiah yang merupakan mata uang fungsional Bank CIMB Niaga dan Entitas Anak. Laporan keuangan konsolidasian disajikan dalam mata uang Rupiah, yang merupakan mata uang pelaporan Bank CIMB Niaga dan Entitas Anak. Transaksi dalam mata uang asing dijabarkan ke dalam mata uang Rupiah dengan menggunakan kurs yang berlaku pada tanggal transaksi. Aset dan liabilitas moneter dalam mata uang asing dijabarkan ke dalam Rupiah menggunakan kurs penutupan pada tanggal pelaporan dengan menggunakan kurs spot Bank Indonesia di sistem Reuters pada pukul 16.00 WIB untuk tanggal 31 Desember 2025, 2024, dan 2023. Aset dan liabilitas non-moneter dalam mata uang asing yang diukur berdasarkan biaya historis dijabarkan ke dalam Rupiah dengan kurs pada tanggal pengakuan awal. Aset dan liabilitas non-moneter yang diukur berdasarkan nilai wajar dijabarkan ke dalam Rupiah dengan kurs pada tanggal nilai wajar ditentukan. Aset dan liabilitas non-moneter dalam mata uang asing yang diukur berdasarkan biaya historis dijabarkan ke dalam Rupiah dengan kurs pada tanggal pengakuan awal. Aset dan liabilitas non-moneter yang diukur berdasarkan nilai wajar dijabarkan ke dalam Rupiah dengan kurs pada tanggal nilai wajar ditentukan. Keuntungan atau kerugian selisih kurs yang timbul dari transaksi dalam mata uang asing dan dari penjabaran aset dan liabilitas moneter dalam mata uang asing, diakui sebagai laba rugi, kecuali apabila ditangguhkan pada pendapatan komprehensif lainnya sebagai lindung nilai arus kas yang memenuhi syarat. Selisih penjabaran mata uang asing atas efek utang dan aset moneter keuangan lainnya yang diukur berdasarkan nilai wajar dicatat sebagai bagian dari keuntungan dan kerugian selisih kurs.
A13: Transaksi dengan pihak berelasi | C13: Bank CIMB Niaga dan Entitas Anak melakukan transaksi dengan pihak berelasi. Sesuai dengan PSAK 7 (revisi 2015) tentang “Pengungkapan Pihak-pihak yang Berelasi”, yang dimaksud dengan pihak yang berelasi adalah orang atau entitas yang berelasi dengan entitas pelapor sebagai berikut: a. Orang atau anggota keluarga terdekatnya berelasi dengan entitas pelapor jika orang tersebut: i. memiliki pengendalian atau pengendalian bersama terhadap entitas pelapor; ii. memiliki pengaruh signifikan terhadap entitas pelapor; atau iii. personal manajemen kunci entitas pelapor atau entitas induk pelapor. b. Suatu entitas berelasi dengan entitas pelapor jika memenuhi hal-hal sebagai berikut: i. entitas dan entitas pelapor adalah anggota dari kelompok usaha yang sama (artinya entitas induk, entitas anak, dan entitas anak berikutnya terkait dengan entitas lain); ii. suatu entitas adalah entitas asosiasi atau ventura bersama bagi entitas lain (atau entitas asosiasi atau ventura bersama yang merupakan anggota suatu kelompok usaha, di mana entitas lain tersebut adalah anggotanya); iii. kedua entitas tersebut adalah ventura bersama dari pihak ketiga yang sama; iv. suatu entitas adalah ventura bersama dari entitas ketiga dan entitas yang lain adalah entitas asosiasi dari entitas ketiga; v. entitas tersebut adalah suatu program imbalan pasca kerja untuk imbalan kerja dari suatu entitas pelapor atau entitas yang terkait dengan entitas pelapor; vi. entitas yang dikendalikan atau dikendalikan bersama oleh orang yang diidentifikasi dalam butir (a); vii. orang yang diidentifikasi, dalam butir (a) (i) memiliki pengaruh signifikan terhadap entitas atau anggota manajemen kunci entitas (atau entitas induk dari entitas); atau viii. entitas, atau bagian dari grup dimana entitas merupakan anggotanya, menyediakan personal manajemen kunci kepada entitas pelapor atau kepada pemegang saham dari entitas pelaporan. | D13: Bank CIMB Niaga dan Entitas Anak melakukan transaksi dengan pihak berelasi. Sesuai dengan PSAK 7 (revisi 2015) tentang “Pengungkapan Pihak-pihak yang Berelasi”, yang dimaksud dengan pihak yang berelasi adalah orang atau entitas yang berelasi dengan entitas pelapor sebagai berikut: a. Orang atau anggota keluarga terdekatnya berelasi dengan entitas pelapor jika orang tersebut: i. memiliki pengendalian atau pengendalian bersama terhadap entitas pelapor; ii. memiliki pengaruh signifikan terhadap entitas pelapor; atau iii. personal manajemen kunci entitas pelapor atau entitas induk pelapor. b. Suatu entitas berelasi dengan entitas pelapor jika memenuhi hal-hal sebagai berikut: i. entitas dan entitas pelapor adalah anggota dari kelompok usaha yang sama (artinya entitas induk, entitas anak, dan entitas anak berikutnya terkait dengan entitas lain); ii. suatu entitas adalah entitas asosiasi atau ventura bersama bagi entitas lain (atau entitas asosiasi atau ventura bersama yang merupakan anggota suatu kelompok usaha, di mana entitas lain tersebut adalah anggotanya); iii. kedua entitas tersebut adalah ventura bersama dari pihak ketiga yang sama; iv. suatu entitas adalah ventura bersama dari entitas ketiga dan entitas yang lain adalah entitas asosiasi dari entitas ketiga; v. entitas tersebut adalah suatu program imbalan pasca kerja untuk imbalan kerja dari suatu entitas pelapor atau entitas yang terkait dengan entitas pelapor; vi. entitas yang dikendalikan atau dikendalikan bersama oleh orang yang diidentifikasi dalam butir (a); vii. orang yang diidentifikasi, dalam butir (a) (i) memiliki pengaruh signifikan terhadap entitas atau anggota manajemen kunci entitas (atau entitas induk dari entitas); atau viii. entitas, atau bagian dari grup dimana entitas merupakan anggotanya, menyediakan personal manajemen kunci kepada entitas pelapor atau kepada pemegang saham dari entitas pelaporan. | E13: Bank CIMB Niaga dan Entitas Anak melakukan transaksi dengan pihak berelasi. Sesuai dengan PSAK 7 (revisi 2015) tentang Pihak-pihak yang Berelasi yang dimaksud dengan pihak yang berelasi adalah orang atau entitas yang berelasi dengan entitas pelapor sebagai berikut: a. Orang atau anggota keluarga terdekatnya berelasi dengan entitas pelapor jika orang tersebut: i. memiliki pengendalian atau pengendalian bersama terhadap entitas pelapor; ii. memiliki pengaruh signifikan terhadap entitas pelapor; atau iii. personal manajemen kunci entitas pelapor atau entitas induk pelapor. b. Suatu entitas berelasi dengan entitas pelapor jika memenuhi hal-hal sebagai berikut: i. entitas dan entitas pelapor adalah anggota dari kelompok usaha yang sama (artinya entitas induk, entitas anak, dan entitas anak berikutnya terkait dengan entitas lain); ii. suatu entitas adalah entitas asosiasi atau ventura bersama bagi entitas lain (atau entitas asosiasi atau ventura bersama yang merupakan anggota suatu kelompok usaha, di mana entitas lain tersebut adalah anggotanya); iii. kedua entitas tersebut adalah ventura bersama dari pihak ketiga yang sama; iv. suatu entitas adalah ventura bersama dari entitas ketiga dan entitas yang lain adalah entitas asosiasi dari entitas ketiga; v. entitas tersebut adalah suatu program imbalan pasca kerja untuk imbalan kerja dari suatu entitas pelapor atau entitas yang terkait dengan entitas pelapor; vi. entitas yang dikendalikan atau dikendalikan bersama oleh orang yang diidentifikasi dalam butir (a); vii. orang yang diidentifikasi, dalam butir (a) (i) memiliki pengaruh signifikan terhadap entitas atau anggota manajemen kunci entitas (atau entitas induk dari entitas); atau viii. entitas, atau bagian dari grup dimana entitas merupakan anggotanya, menyediakan personal manajemen kunci kepada entitas pelapor atau kepada pemegang saham dari entitas pelaporan. | F13: Bank CIMB Niaga dan Entitas Anak melakukan transaksi dengan pihak berelasi. Sesuai dengan PSAK 224 (revisi 2015) tentang Pihak-pihak yang Berelasi yang dimaksud dengan pihak yang berelasi adalah orang atau entitas yang berelasi dengan entitas pelapor sebagai berikut: a. Orang atau anggota keluarga terdekatnya berelasi dengan entitas pelapor jika orang tersebut: i. memiliki pengendalian atau pengendalian bersama terhadap entitas pelapor; ii. memiliki pengaruh signifikan terhadap entitas pelapor; atau iii. personal manajemen kunci entitas pelapor atau entitas induk pelapor. b. Suatu entitas berelasi dengan entitas pelapor jika memenuhi hal-hal sebagai berikut: i. entitas dan entitas pelapor adalah anggota dari kelompok usaha yang sama (artinya entitas induk, entitas anak, dan entitas anak berikutnya terkait dengan entitas lain); ii. suatu entitas adalah entitas asosiasi atau ventura bersama bagi entitas lain (atau entitas asosiasi atau ventura bersama yang merupakan anggota suatu kelompok usaha, di mana entitas lain tersebut adalah anggotanya); iii. kedua entitas tersebut adalah ventura bersama dari pihak ketiga yang sama; iv. suatu entitas adalah ventura bersama dari entitas ketiga dan entitas yang lain adalah entitas asosiasi dari entitas ketiga; v. entitas tersebut adalah suatu program imbalan pasca kerja untuk imbalan kerja dari suatu entitas pelapor atau entitas yang terkait dengan entitas pelapor; vi. entitas yang dikendalikan atau dikendalikan bersama oleh orang yang diidentifikasi dalam butir (a); vii. orang yang diidentifikasi, dalam butir (a) (i) memiliki pengaruh signifikan terhadap entitas atau anggota manajemen kunci entitas (atau entitas induk dari entitas); atau viii. entitas, atau bagian dari grup dimana entitas merupakan anggotanya, menyediakan personal manajemen kunci kepada entitas pelapor atau kepada pemegang saham dari entitas pelaporan.
A14: Pajak penghasilan | C14: Beban pajak kini dihitung berdasarkan peraturan perpajakan yang berlaku atau yang secara substantif berlaku pada akhir periode pelaporan, di negara dimana perusahaan dan entitas anak beroperasi dan menghasilkan pendapatan kena pajak. Manajemen secara periodik mengevaluasi posisi yang dilaporkan di Surat Pemberitahuan Tahunan (SPT) sehubungan dengan situasi di mana aturan pajak yang berlaku membutuhkan interpretasi. Jika perlu, manajeman menentukan provisi berdasarkan jumlah yang diharapkan akan dibayar kepada otoritas pajak. Pajak penghasilan tangguhan diakui sepenuhnya, dengan menggunakan metode liabilitas untuk semua perbedaan temporer yang berasal dari selisih antara dasar pengenaan pajak aset dan liabilitas dengan nilai tercatatnya pada laporan keuangan konsolidasian. Pajak penghasilan tangguhan diukur dengan menggunakan tarif pajak (dan hukum) yang sudah diberlakukan atau secara substantif berlaku pada akhir periode pelaporan dan diekspektasikan digunakan ketika aset pajak tangguhan yang berhubungan direalisasi atau liabilitas pajak tangguhan diselesaikan. Aset pajak tangguhan diakui hanya jika kemungkinan jumlah penghasilan kena pajak dimasa depan akan memadai untuk dikompensasi dengan perbedaan temporer yang masih dapat dimanfaatkan. Aset dan liabilitas pajak penghasilan tangguhan dapat saling hapus apabila terdapat hak yang berkekuatan hukum untuk melakukan saling hapus antara aset pajak kini dengan liabilitas pajak kini dan apabila aset dan liabilitas pajak penghasilan tangguhan dikenakan oleh otoritas perpajakan yang sama. Aset pajak kini dan liabilitas pajak kini akan saling hapus ketika entitas memiliki hak yang berkekuatan hukum untuk melakukan saling hapus dan adanya niat untuk melakukan penyelesaian saldo-saldo tersebut secara neto atau untuk merealisasikan dan menyelesaikan liabilitas secara bersamaan. Koreksi atas liabilitas pajak diakui pada saat surat ketetapan pajak diterima, atau apabila diajukan keberatan dan/atau banding, maka koreksi diakui pada saat keputusan atas keberatan dan/atau banding tersebut diterima. Manajemen juga dapat membentuk pencadangan terhadap liabilitas pajak di masa depan sebesar jumlah yang diestimasikan akan dibayarkan ke kantor pajak jika berdasarkan evaluasi pada tanggal laporan posisi keuangan konsolidasian terdapat risiko pajak yang probable. Asumsi dan estimasi yang digunakan dalam perhitungan pembentukan cadangan tersebut memiliki unsur ketidakpastian. | D14: Beban pajak kini dihitung berdasarkan peraturan perpajakan yang berlaku atau yang secara substantif berlaku pada akhir periode pelaporan, di negara dimana perusahaan dan entitas anak beroperasi dan menghasilkan pendapatan kena pajak. Manajemen secara periodik mengevaluasi posisi yang dilaporkan di Surat Pemberitahuan Tahunan (SPT) sehubungan dengan situasi di mana aturan pajak yang berlaku membutuhkan interpretasi. Jika perlu, manajeman menentukan provisi berdasarkan jumlah yang diharapkan akan dibayar kepada otoritas pajak. Pajak penghasilan tangguhan diakui sepenuhnya, dengan menggunakan metode liabilitas untuk semua perbedaan temporer yang berasal dari selisih antara dasar pengenaan pajak aset dan liabilitas dengan nilai tercatatnya pada laporan keuangan konsolidasian. Pajak penghasilan tangguhan diukur dengan menggunakan tarif pajak (dan hukum) yang sudah diberlakukan atau secara substantif berlaku pada akhir periode pelaporan dan diekspektasikan digunakan ketika aset pajak tangguhan yang berhubungan direalisasi atau liabilitas pajak tangguhan diselesaikan. Aset pajak tangguhan diakui hanya jika kemungkinan jumlah penghasilan kena pajak dimasa depan akan memadai untuk dikompensasi dengan perbedaan temporer yang masih dapat dimanfaatkan. Aset dan liabilitas pajak penghasilan tangguhan dapat saling hapus apabila terdapat hak yang berkekuatan hukum untuk melakukan saling hapus antara aset pajak kini dengan liabilitas pajak kini dan apabila aset dan liabilitas pajak penghasilan tangguhan dikenakan oleh otoritas perpajakan yang sama. Aset pajak kini dan liabilitas pajak kini akan saling hapus ketika entitas memiliki hak yang berkekuatan hukum untuk melakukan saling hapus dan adanya niat untuk melakukan penyelesaian saldo-saldo tersebut secara neto atau untuk merealisasikan dan menyelesaikan liabilitas secara bersamaan. Koreksi atas liabilitas pajak diakui pada saat surat ketetapan pajak diterima, atau apabila diajukan keberatan dan/atau banding, maka koreksi diakui pada saat keputusan atas keberatan dan/atau banding tersebut diterima. Manajemen juga dapat membentuk pencadangan terhadap liabilitas pajak di masa depan sebesar jumlah yang diestimasikan akan dibayarkan ke kantor pajak jika berdasarkan evaluasi pada tanggal laporan posisi keuangan konsolidasian terdapat risiko pajak yang probable. Asumsi dan estimasi yang digunakan dalam perhitungan pembentukan cadangan tersebut memiliki unsur ketidakpastian. | E14: Beban pajak kini dihitung berdasarkan peraturan perpajakan yang berlaku atau yang secara substantif berlaku pada akhir periode pelaporan, di negara dimana perusahaan dan entitas anak beroperasi dan menghasilkan pendapatan kena pajak. Manajemen secara periodik mengevaluasi posisi yang dilaporkan di Surat Pemberitahuan Tahunan (SPT) sehubungan dengan situasi di mana aturan pajak yang berlaku membutuhkan interpretasi. Jika perlu, manajeman menentukan provisi berdasarkan jumlah yang diharapkan akan dibayar kepada otoritas pajak. Pajak penghasilan tangguhan diakui sepenuhnya, dengan menggunakan metode liabilitas untuk semua perbedaan temporer yang berasal dari selisih antara dasar pengenaan pajak aset dan liabilitas dengan nilai tercatatnya pada laporan keuangan konsolidasian. Pajak penghasilan tangguhan diukur dengan menggunakan tarif pajak (dan hukum) yang sudah diberlakukan atau secara substantif berlaku pada akhir periode pelaporan dan diekspektasikan digunakan ketika aset pajak tangguhan yang berhubungan direalisasi atau liabilitas pajak tangguhan diselesaikan. Aset pajak tangguhan diakui hanya jika kemungkinan jumlah penghasilan kena pajak dimasa depan akan memadai untuk dikompensasi dengan perbedaan temporer yang masih dapat dimanfaatkan. Aset dan liabilitas pajak penghasilan tangguhan dapat saling hapus apabila terdapat hak yang berkekuatan hukum untuk melakukan saling hapus antara aset pajak kini dengan liabilitas pajak kini dan apabila aset dan liabilitas pajak penghasilan tangguhan dikenakan oleh otoritas perpajakan yang sama. Aset pajak kini dan liabilitas pajak kini akan saling hapus ketika entitas memiliki hak yang berkekuatan hukum untuk melakukan saling hapus dan adanya niat untuk melakukan penyelesaian saldo-saldo tersebut secara neto atau untuk merealisasikan dan menyelesaikan liabilitas secara bersamaan. Koreksi atas liabilitas pajak diakui pada saat surat ketetapan pajak diterima, atau apabila diajukan keberatan dan/atau banding, maka koreksi diakui pada saat keputusan atas keberatan dan/atau banding tersebut diterima. Manajemen juga dapat membentuk pencadangan terhadap liabilitas pajak di masa depan sebesar jumlah yang diestimasikan akan dibayarkan ke kantor pajak jika berdasarkan evaluasi pada tanggal laporan posisi keuangan konsolidasian terdapat risiko pajak yang probable. Asumsi dan estimasi yang digunakan dalam perhitungan pembentukan cadangan tersebut memiliki unsur ketidakpastian. | F14: Beban pajak kini dihitung berdasarkan peraturan perpajakan yang berlaku atau yang secara substantif berlaku pada akhir periode pelaporan, di negara dimana perusahaan dan entitas anak beroperasi dan menghasilkan pendapatan kena pajak. Manajemen secara periodik mengevaluasi posisi yang dilaporkan di Surat Pemberitahuan Tahunan (SPT) sehubungan dengan situasi di mana aturan pajak yang berlaku membutuhkan interpretasi. Jika perlu, manajeman menentukan provisi berdasarkan jumlah yang diharapkan akan dibayar kepada otoritas pajak. Pajak penghasilan tangguhan diakui sepenuhnya, dengan menggunakan metode liabilitas untuk semua perbedaan temporer yang berasal dari selisih antara dasar pengenaan pajak aset dan liabilitas dengan nilai tercatatnya pada laporan keuangan konsolidasian. Pajak penghasilan tangguhan diukur dengan menggunakan tarif pajak (dan hukum) yang sudah diberlakukan atau secara substantif berlaku pada akhir periode pelaporan dan diekspektasikan digunakan ketika aset pajak tangguhan yang berhubungan direalisasi atau liabilitas pajak tangguhan diselesaikan. Aset pajak tangguhan diakui hanya jika kemungkinan jumlah penghasilan kena pajak dimasa depan akan memadai untuk dikompensasi dengan perbedaan temporer yang masih dapat dimanfaatkan. Aset dan liabilitas pajak penghasilan tangguhan dapat saling hapus apabila terdapat hak yang berkekuatan hukum untuk melakukan saling hapus antara aset pajak kini dengan liabilitas pajak kini dan apabila aset dan liabilitas pajak penghasilan tangguhan dikenakan oleh otoritas perpajakan yang sama. Aset pajak kini dan liabilitas pajak kini akan saling hapus ketika entitas memiliki hak yang berkekuatan hukum untuk melakukan saling hapus dan adanya niat untuk melakukan penyelesaian saldo-saldo tersebut secara neto atau untuk merealisasikan dan menyelesaikan liabilitas secara bersamaan. Koreksi atas liabilitas pajak diakui pada saat surat ketetapan pajak diterima, atau apabila diajukan keberatan dan/atau banding, maka koreksi diakui pada saat keputusan atas keberatan dan/atau banding tersebut diterima. Manajemen juga dapat membentuk pencadangan terhadap liabilitas pajak di masa depan sebesar jumlah yang diestimasikan akan dibayarkan ke kantor pajak jika berdasarkan evaluasi pada tanggal laporan posisi keuangan konsolidasian terdapat risiko pajak yang probable. Asumsi dan estimasi yang digunakan dalam perhitungan pembentukan cadangan tersebut memiliki unsur ketidakpastian.
A15: Pinjaman | C15: Pinjaman yang diterima termasuk pinjaman yang diterima Entitas Anak dari berbagai bank dan institusi keuangan. Pinjaman subordinasi merupakan pinjaman yang diperoleh berdasarkan suatu perjanjian subordinasi, dimana kedudukan hak pemberi pinjaman subordinasi adalah lebih rendah daripada kedudukan hak pemberi pinjaman lain. Pada pengukuran awal pinjaman diterima dan pinjaman subordinasi disajikan sebesar nilai wajar dikurangi dengan biaya transaksi yang dapat diatribusikan langsung dengan perolehan/penerbitan pinjaman dan obligasi subordinasi. Pinjaman yang diterima dan pinjaman subordinasi diklasifikasikan sebagai liabilitas keuangan yang diukur dengan biaya perolehan diamortisasi (lihat Catatan 2f untuk kebijakan akuntansi atas liabilitas keuangan yang diukur dengan biaya perolehan diamortisasi). | D15: Pinjaman yang diterima termasuk pinjaman yang diterima Entitas Anak dari berbagai bank dan institusi keuangan. Pinjaman subordinasi merupakan pinjaman yang diperoleh berdasarkan suatu perjanjian subordinasi, dimana kedudukan hak pemberi pinjaman subordinasi adalah lebih rendah daripada kedudukan hak pemberi pinjaman lain. Pada pengukuran awal pinjaman diterima dan pinjaman subordinasi disajikan sebesar nilai wajar dikurangi dengan biaya transaksi yang dapat diatribusikan langsung dengan perolehan/penerbitan pinjaman dan obligasi subordinasi. Pinjaman yang diterima dan pinjaman subordinasi diklasifikasikan sebagai liabilitas keuangan yang diukur dengan biaya perolehan diamortisasi (lihat Catatan 2f untuk kebijakan akuntansi atas liabilitas keuangan yang diukur dengan biaya perolehan diamortisasi). | E15: Pinjaman yang diterima termasuk pinjaman yang diterima Entitas Anak dari berbagai bank dan institusi keuangan. Pinjaman subordinasi merupakan pinjaman yang diperoleh berdasarkan suatu perjanjian subordinasi, dimana kedudukan hak pemberi pinjaman subordinasi adalah lebih rendah daripada kedudukan hak pemberi pinjaman lain. Pada pengukuran awal pinjaman diterima dan pinjaman subordinasi disajikan sebesar nilai wajar dikurangi dengan biaya transaksi yang dapat diatribusikan langsung dengan perolehan/penerbitan pinjaman dan obligasi subordinasi. Pinjaman yang diterima dan pinjaman subordinasi diklasifikasikan sebagai liabilitas keuangan yang diukur dengan biaya perolehan diamortisasi (lihat Catatan 2f untuk kebijakan akuntansi atas liabilitas keuangan yang diukur dengan biaya perolehan diamortisasi). | F15: Pinjaman yang diterima termasuk pinjaman yang diterima Entitas Anak dari berbagai bank dan institusi keuangan. Pinjaman subordinasi merupakan pinjaman yang diperoleh berdasarkan suatu perjanjian subordinasi, dimana kedudukan hak pemberi pinjaman subordinasi adalah lebih rendah daripada kedudukan hak pemberi pinjaman lain. Pada pengukuran awal pinjaman diterima dan pinjaman subordinasi disajikan sebesar nilai wajar dikurangi dengan biaya transaksi yang dapat diatribusikan langsung dengan perolehan/penerbitan pinjaman dan obligasi subordinasi. Pinjaman yang diterima dan pinjaman subordinasi diklasifikasikan sebagai liabilitas keuangan yang diukur dengan biaya perolehan diamortisasi (lihat Catatan 2f untuk kebijakan akuntansi atas liabilitas keuangan yang diukur dengan biaya perolehan diamortisasi).
A16: Provisi | C16: Provisi dan komisi yang berkaitan langsung dengan kegiatan pemberian kredit diakui sebagai bagian/(pengurang) dari biaya perolehan kredit dan akan diakui sebagai pendapatan bunga dengan cara diamortisasi berdasarkan metode suku bunga efektif. Pendapatan provisi dan komisi yang tidak berkaitan dengan kegiatan pemberian kredit atas suatu jangka waktu diakui sebagai pendapatan pada saat terjadinya transaksi. | D16: Provisi dan komisi yang berkaitan langsung dengan kegiatan pemberian kredit diakui sebagai bagian/(pengurang) dari biaya perolehan kredit dan akan diakui sebagai pendapatan bunga dengan cara diamortisasi berdasarkan metode suku bunga efektif. Pendapatan provisi dan komisi yang tidak berkaitan dengan kegiatan pemberian kredit atas suatu jangka waktu diakui sebagai pendapatan pada saat terjadinya transaksi. | E16: Provisi dan komisi yang berkaitan langsung dengan kegiatan pemberian kredit diakui sebagai bagian/(pengurang) dari biaya perolehan kredit dan akan diakui sebagai pendapatan bunga dengan cara diamortisasi berdasarkan metode suku bunga efektif. Pendapatan provisi dan komisi yang tidak berkaitan dengan kegiatan pemberian kredit atas suatu jangka waktu diakui sebagai pendapatan pada saat terjadinya transaksi. | F16: Provisi dan komisi yang berkaitan langsung dengan kegiatan pemberian kredit diakui sebagai bagian/(pengurang) dari biaya perolehan kredit dan akan diakui sebagai pendapatan bunga dengan cara diamortisasi berdasarkan metode suku bunga efektif. Pendapatan provisi dan komisi yang tidak berkaitan dengan kegiatan pemberian kredit atas suatu jangka waktu diakui sebagai pendapatan pada saat terjadinya transaksi.
A17: Imbalan kerja karyawan | C17: Bank CIMB Niaga dan Entitas Anak memiliki program-program pensiun sesuai dengan peraturan dan perundang-undangan yang berhubungan dengan ketenagakerjaan atau kebijakan yang ditetapkan oleh Bank CIMB Niaga dan Entitas Anak. Program-program ini pada umumnya didanai melalui pembayaran kepada pengelola dana pensiun yang besarnya ditentukan dalam perhitungan aktuarial yang dilakukan secara berkala. Bank CIMB Niaga dan Entitas Anak harus menyediakan program pensiun dengan jumlah minimal tertentu sesuai dengan ketentuan UU terkait Ketenagakerjaan yang berlaku. Karena UU terkait Ketenagakerjaan menentukan rumus tertentu untuk menghitung jumlah minimal imbalan pensiun. Program pensiun manfaat pasti adalah program pensiun yang menentukan jumlah imbalan pensiun yang akan diberikan, biasanya didasarkan pada satu faktor atau lebih seperti usia, masa kerja atau jumlah kompensasi. Liabilitas program pensiun imbalan pasti yang diakui di laporan posisi keuangan konsolidasian adalah nilai kini liabilitas imbalan pasti pada tanggal laporan posisi keuangan dikurangi nilai wajar aset program, yang disesuaikan dengan keuntungan/kerugian aktuarial. Liabilitas imbalan pasti dihitung setiap tahun oleh aktuaris independen dengan menggunakan metode Projected Unit Credit. Nilai kini liabilitas imbalan pasti ditentukan dengan mendiskontokan estimasi arus kas keluar di masa yang akan datang dengan menggunakan tingkat bunga Obligasi Pemerintah dalam mata uang yang sama dengan mata uang pensiun yang akan dibayarkan dan waktu jatuh tempo yang kurang lebih sama dengan waktu jatuh tempo pensiun yang bersangkutan. Keuntungan dan kerugian aktuarial yang timbul dari penyesuaian dan perubahan dalam asumsi-asumsi aktuarial langsung diakui seluruhnya melalui pendapatan komprehensif lainnya pada saat terjadinya. Biaya jasa lalu diakui segera dalam laba rugi. Keuntungan dan kerugian dari kurtailmen atau penyelesaian program manfaat pasti diakui di laba rugi ketika kurtailmen atau penyelesaian tersebut terjadi. Kontribusi pegawai tidak berkaitan dengan jumlah tahun jasa sehingga Bank CIMB Niaga dan Entitas Anak mengakui kontribusi pegawai sebagai pengurang biaya jasa pada periode berjalan. | D17: Bank CIMB Niaga dan Entitas Anak memiliki program-program pensiun sesuai dengan peraturan dan perundang-undangan yang berhubungan dengan ketenagakerjaan atau kebijakan yang ditetapkan oleh Bank CIMB Niaga dan Entitas Anak. Program-program ini pada umumnya didanai melalui pembayaran kepada pengelola dana pensiun yang besarnya ditentukan dalam perhitungan aktuarial yang dilakukan secara berkala. Bank CIMB Niaga dan Entitas Anak harus menyediakan program pensiun dengan jumlah minimal tertentu sesuai dengan ketentuan UU terkait Ketenagakerjaan yang berlaku. Karena UU terkait Ketenagakerjaan menentukan rumus tertentu untuk menghitung jumlah minimal imbalan pensiun. Program pensiun manfaat pasti adalah program pensiun yang menentukan jumlah imbalan pensiun yang akan diberikan, biasanya didasarkan pada satu faktor atau lebih seperti usia, masa kerja atau jumlah kompensasi. Liabilitas program pensiun imbalan pasti yang diakui di laporan posisi keuangan konsolidasian adalah nilai kini liabilitas imbalan pasti pada tanggal laporan posisi keuangan dikurangi nilai wajar aset program, yang disesuaikan dengan keuntungan/kerugian aktuarial. Liabilitas imbalan pasti dihitung setiap tahun oleh aktuaris independen dengan menggunakan metode Projected Unit Credit. Nilai kini liabilitas imbalan pasti ditentukan dengan mendiskontokan estimasi arus kas keluar di masa yang akan datang dengan menggunakan tingkat bunga Obligasi Pemerintah dalam mata uang yang sama dengan mata uang pensiun yang akan dibayarkan dan waktu jatuh tempo yang kurang lebih sama dengan waktu jatuh tempo pensiun yang bersangkutan. Keuntungan dan kerugian aktuarial yang timbul dari penyesuaian dan perubahan dalam asumsi-asumsi aktuarial langsung diakui seluruhnya melalui pendapatan komprehensif lainnya pada saat terjadinya. Biaya jasa lalu diakui segera dalam laba rugi. Keuntungan dan kerugian dari kurtailmen atau penyelesaian program manfaat pasti diakui di laba rugi ketika kurtailmen atau penyelesaian tersebut terjadi. Kontribusi pegawai tidak berkaitan dengan jumlah tahun jasa sehingga Bank CIMB Niaga dan Entitas Anak mengakui kontribusi pegawai sebagai pengurang biaya jasa pada periode berjalan. | E17: Bank CIMB Niaga dan Entitas Anak memiliki program-program pensiun sesuai dengan peraturan dan perundang-undangan yang berhubungan dengan ketenagakerjaan atau kebijakan yang ditetapkan oleh Bank CIMB Niaga dan Entitas Anak. Program-program ini pada umumnya didanai melalui pembayaran kepada pengelola dana pensiun yang besarnya ditentukan dalam perhitungan aktuarial yang dilakukan secara berkala. Bank CIMB Niaga dan Entitas Anak harus menyediakan program pensiun dengan jumlah minimal tertentu sesuai dengan ketentuan UU terkait Ketenagakerjaan yang berlaku. Karena UU terkait Ketenagakerjaan menentukan rumus tertentu untuk menghitung jumlah minimal imbalan pensiun. Program pensiun manfaat pasti adalah program pensiun yang menentukan jumlah imbalan pensiun yang akan diberikan, biasanya didasarkan pada satu faktor atau lebih seperti usia, masa kerja atau jumlah kompensasi. Liabilitas program pensiun imbalan pasti yang diakui di laporan posisi keuangan konsolidasian adalah nilai kini liabilitas imbalan pasti pada tanggal laporan posisi keuangan dikurangi nilai wajar aset program, yang disesuaikan dengan keuntungan/kerugian aktuarial. Liabilitas imbalan pasti dihitung setiap tahun oleh aktuaris independen dengan menggunakan metode Projected Unit Credit. Nilai kini liabilitas imbalan pasti ditentukan dengan mendiskontokan estimasi arus kas keluar di masa yang akan datang dengan menggunakan tingkat bunga Obligasi Pemerintah dalam mata uang yang sama dengan mata uang pensiun yang akan dibayarkan dan waktu jatuh tempo yang kurang lebih sama dengan waktu jatuh tempo pensiun yang bersangkutan. Keuntungan dan kerugian aktuarial yang timbul dari penyesuaian dan perubahan dalam asumsi-asumsi aktuarial langsung diakui seluruhnya melalui pendapatan komprehensif lainnya pada saat terjadinya. Biaya jasa lalu diakui segera dalam laba rugi. Keuntungan dan kerugian dari kurtailmen atau penyelesaian program manfaat pasti diakui di laba rugi ketika kurtailmen atau penyelesaian tersebut terjadi. Kontribusi pegawai tidak berkaitan dengan jumlah tahun jasa sehingga Bank CIMB Niaga dan Entitas Anak mengakui kontribusi pegawai sebagai pengurang biaya jasa pada periode berjalan. | F17: Bank CIMB Niaga dan Entitas Anak memiliki program-program pensiun sesuai dengan peraturan dan perundang-undangan yang berhubungan dengan ketenagakerjaan atau kebijakan yang ditetapkan oleh Bank CIMB Niaga dan Entitas Anak. Program-program ini pada umumnya didanai melalui pembayaran kepada pengelola dana pensiun yang besarnya ditentukan dalam perhitungan aktuarial yang dilakukan secara berkala. Bank CIMB Niaga dan Entitas Anak harus menyediakan program pensiun dengan jumlah minimal tertentu sesuai dengan ketentuan UU terkait Ketenagakerjaan yang berlaku. Karena UU terkait Ketenagakerjaan menentukan rumus tertentu untuk menghitung jumlah minimal imbalan pensiun. Program pensiun manfaat pasti adalah program pensiun yang menentukan jumlah imbalan pensiun yang akan diberikan, biasanya didasarkan pada satu faktor atau lebih seperti usia, masa kerja atau jumlah kompensasi. Liabilitas program pensiun imbalan pasti yang diakui di laporan posisi keuangan konsolidasian adalah nilai kini liabilitas imbalan pasti pada tanggal laporan posisi keuangan dikurangi nilai wajar aset program, yang disesuaikan dengan keuntungan/kerugian aktuarial. Liabilitas imbalan pasti dihitung setiap tahun oleh aktuaris independen dengan menggunakan metode Projected Unit Credit. Nilai kini liabilitas imbalan pasti ditentukan dengan mendiskontokan estimasi arus kas keluar di masa yang akan datang dengan menggunakan tingkat bunga Obligasi Pemerintah dalam mata uang yang sama dengan mata uang pensiun yang akan dibayarkan dan waktu jatuh tempo yang kurang lebih sama dengan waktu jatuh tempo pensiun yang bersangkutan. Keuntungan dan kerugian aktuarial yang timbul dari penyesuaian dan perubahan dalam asumsi-asumsi aktuarial langsung diakui seluruhnya melalui pendapatan komprehensif lainnya pada saat terjadinya. Biaya jasa lalu diakui segera dalam laba rugi. Keuntungan dan kerugian dari kurtailmen atau penyelesaian program manfaat pasti diakui di laba rugi ketika kurtailmen atau penyelesaian tersebut terjadi. Kontribusi pegawai tidak berkaitan dengan jumlah tahun jasa sehingga Bank CIMB Niaga dan Entitas Anak mengakui kontribusi pegawai sebagai pengurang biaya jasa pada tahun berjalan.
A18: Laba per saham | C18: Laba per saham dasar dihitung dengan membagi laba bersih dengan rata-rata tertimbang jumlah saham biasa yang beredar pada periode yang bersangkutan. Laba per saham dilusian dihitung dengan membagi laba bersih dengan rata-rata tertimbang jumlah saham yang beredar ditambah dengan rata-rata tertimbang jumlah saham yang akan diterbitkan atas konversi efek yang berpotensi saham yang bersifat dilutif. | D18: Laba per saham dasar dihitung dengan membagi laba bersih dengan rata-rata tertimbang jumlah saham biasa yang beredar pada periode yang bersangkutan. Laba per saham dilusian dihitung dengan membagi laba bersih dengan rata-rata tertimbang jumlah saham yang beredar ditambah dengan rata-rata tertimbang jumlah saham yang akan diterbitkan atas konversi efek yang berpotensi saham yang bersifat dilutif. | E18: Laba per saham dasar dihitung dengan membagi laba bersih dengan rata-rata tertimbang jumlah saham biasa yang beredar pada periode yang bersangkutan. Laba per saham dilusian dihitung dengan membagi laba bersih dengan rata-rata tertimbang jumlah saham yang beredar ditambah dengan rata-rata tertimbang jumlah saham yang akan diterbitkan atas konversi efek yang berpotensi saham yang bersifat dilutif. | F18: Laba per saham dasar dihitung dengan membagi laba bersih yang tersedia bagi pemegang saham dengan rata-rata tertimbang saham biasa yang beredar pada tahun yang bersangkutan. Laba per saham dilusian dihitung dengan membagi laba bersih dengan rata-rata tertimbang jumlah saham yang beredar ditambah dengan rata-rata tertimbang jumlah saham yang akan diterbitkan atas konversi efek yang berpotensi saham yang bersifat dilutif.
A19: Dividen
A20: Pelaporan segmen | C20: Sebuah segmen operasi adalah suatu komponen dari entitas: a. yang terlibat dalam aktivitas bisnis yang memperoleh pendapatan dan menimbulkan beban (termasuk pendapatan dan beban yang terkait dengan transaksi dengan komponen lain dari entitas yang sama); b. hasil operasinya dikaji ulang secara reguler oleh manajemen untuk membuat keputusan tentang sumber daya yang dialokasikan pada segmen tersebut dan menilai kinerjanya; dan c. tersedia informasi keuangan yang dapat dipisahkan. Bank CIMB Niaga menyajikan segmen operasi berdasarkan informasi yang disiapkan secara internal untuk pengambil keputusan operasional. Berdasarkan PSAK 5 (Revisi 2015), sebuah segmen usaha adalah sekelompok aset dan operasi yang menyediakan barang atau jasa yang memiliki risiko serta tingkat pengembalian yang berbeda dengan segmen usaha lainnya. Sebuah segmen geografis menyediakan jasa di dalam lingkungan ekonomi tertentu yang memiliki risiko serta tingkat pengembalian yang berbeda dengan segmen operasi lainnya yang berada dalam lingkungan ekonomi lain. Bank CIMB Niaga melaporkan informasi segmen sekunder berdasarkan daerah Jakarta, Jawa Barat, Jawa Tengah, Jawa Timur, Indonesia Timur, dan Sumatera. | D20: Sebuah segmen operasi adalah suatu komponen dari entitas: a. yang terlibat dalam aktivitas bisnis yang memperoleh pendapatan dan menimbulkan beban (termasuk pendapatan dan beban yang terkait dengan transaksi dengan komponen lain dari entitas yang sama); b. hasil operasinya dikaji ulang secara reguler oleh manajemen untuk membuat keputusan tentang sumber daya yang dialokasikan pada segmen tersebut dan menilai kinerjanya; dan c. tersedia informasi keuangan yang dapat dipisahkan. Bank CIMB Niaga menyajikan segmen operasi berdasarkan informasi yang disiapkan secara internal untuk pengambil keputusan operasional. Berdasarkan PSAK 5 (Revisi 2015), sebuah segmen usaha adalah sekelompok aset dan operasi yang menyediakan barang atau jasa yang memiliki risiko serta tingkat pengembalian yang berbeda dengan segmen usaha lainnya. Sebuah segmen geografis menyediakan jasa di dalam lingkungan ekonomi tertentu yang memiliki risiko serta tingkat pengembalian yang berbeda dengan segmen operasi lainnya yang berada dalam lingkungan ekonomi lain. Bank CIMB Niaga melaporkan informasi segmen sekunder berdasarkan daerah Jakarta, Jawa Barat, Jawa Tengah, Jawa Timur, Indonesia Timur, dan Sumatera. | E20: Sebuah segmen operasi adalah suatu komponen dari entitas: a. yang terlibat dalam aktivitas bisnis yang memperoleh pendapatan dan menimbulkan beban (termasuk pendapatan dan beban yang terkait dengan transaksi dengan komponen lain dari entitas yang sama); b. hasil operasinya dikaji ulang secara reguler oleh manajemen untuk membuat keputusan tentang sumber daya yang dialokasikan pada segmen tersebut dan menilai kinerjanya; dan c. tersedia informasi keuangan yang dapat dipisahkan. Bank CIMB Niaga menyajikan segmen operasi berdasarkan informasi yang disiapkan secara internal untuk pengambil keputusan operasional. Berdasarkan PSAK 5 (Revisi 2015), sebuah segmen usaha adalah sekelompok aset dan operasi yang menyediakan barang atau jasa yang memiliki risiko serta tingkat pengembalian yang berbeda dengan segmen usaha lainnya. Sebuah segmen geografis menyediakan jasa di dalam lingkungan ekonomi tertentu yang memiliki risiko serta tingkat pengembalian yang berbeda dengan segmen operasi lainnya yang berada dalam lingkungan ekonomi lain. Bank CIMB Niaga melaporkan informasi segmen sekunder berdasarkan daerah Jakarta, Jawa Barat, Jawa Tengah, Jawa Timur, Indonesia Timur, dan Sumatera. | F20: Sebuah segmen operasi adalah suatu komponen dari entitas: a. yang terlibat dalam aktivitas bisnis yang memperoleh pendapatan dan menimbulkan beban (termasuk pendapatan dan beban yang terkait dengan transaksi dengan komponen lain dari entitas yang sama); b. hasil operasinya dikaji ulang secara reguler oleh manajemen untuk membuat keputusan tentang sumber daya yang dialokasikan pada segmen tersebut dan menilai kinerjanya; dan c. tersedia informasi keuangan yang dapat dipisahkan. Bank CIMB Niaga menyajikan segmen operasi berdasarkan informasi yang disiapkan secara internal untuk pengambil keputusan operasional. Berdasarkan PSAK 108 (Revisi 2015), sebuah segmen usaha adalah sekelompok aset dan operasi yang menyediakan barang atau jasa yang memiliki risiko serta tingkat pengembalian yang berbeda dengan segmen usaha lainnya. Sebuah segmen geografis menyediakan jasa di dalam lingkungan ekonomi tertentu yang memiliki risiko serta tingkat pengembalian yang berbeda dengan segmen operasi lainnya yang berada dalam lingkungan ekonomi lain. Bank CIMB Niaga melaporkan informasi segmen sekunder berdasarkan daerah Jakarta, Jawa Barat, Jawa Tengah, Jawa Timur, Indonesia Timur, dan Sumatera.
A21: Instrumen keuangan derivatif | C21: Dalam melakukan usaha bisnisnya, Bank CIMB Niaga melakukan transaksi instrumen keuangan derivatif seperti kontrak tunai dan berjangka mata uang asing, foreign currency swaps, kontrak opsi mata uang asing, dan swap tingkat suku bunga. Instrumen keuangan derivatif dinilai dan dibukukan di laporan posisi keuangan konsolidasian pada nilai wajar dengan menggunakan harga pasar. Derivatif dicatat sebagai aset apabila memiliki nilai wajar positif dan sebagai liabilitas apabila memiliki nilai wajar negatif. Keuntungan atau kerugian yang terjadi dari perubahan nilai wajar diakui sebagai laba/rugi. | D21: Dalam melakukan usaha bisnisnya, Bank CIMB Niaga melakukan transaksi instrumen keuangan derivatif seperti kontrak tunai dan berjangka mata uang asing, foreign currency swaps, kontrak opsi mata uang asing, dan swap tingkat suku bunga. Instrumen keuangan derivatif dinilai dan dibukukan di laporan posisi keuangan konsolidasian pada nilai wajar dengan menggunakan harga pasar. Derivatif dicatat sebagai aset apabila memiliki nilai wajar positif dan sebagai liabilitas apabila memiliki nilai wajar negatif. Keuntungan atau kerugian yang terjadi dari perubahan nilai wajar diakui sebagai laba/rugi. | E21: Dalam melakukan usaha bisnisnya, Bank CIMB Niaga melakukan transaksi instrumen keuangan derivatif seperti kontrak tunai dan berjangka mata uang asing, foreign currency swaps, kontrak opsi mata uang asing, dan swap tingkat suku bunga. Instrumen keuangan derivatif dinilai dan dibukukan di laporan posisi keuangan konsolidasian pada nilai wajar dengan menggunakan harga pasar. Derivatif dicatat sebagai aset apabila memiliki nilai wajar positif dan sebagai liabilitas apabila memiliki nilai wajar negatif. Keuntungan atau kerugian yang terjadi dari perubahan nilai wajar diakui sebagai laba/rugi. | F21: Dalam melakukan usaha bisnisnya, Bank CIMB Niaga melakukan transaksi instrumen keuangan derivatif seperti kontrak tunai dan berjangka mata uang asing, foreign currency swaps, kontrak opsi mata uang asing, dan swap tingkat suku bunga. Instrumen keuangan derivatif dinilai dan dibukukan di laporan posisi keuangan konsolidasian pada nilai wajar dengan menggunakan harga pasar. Derivatif dicatat sebagai aset apabila memiliki nilai wajar positif dan sebagai liabilitas apabila memiliki nilai wajar negatif. Keuntungan atau kerugian yang terjadi dari perubahan nilai wajar diakui sebagai laba/rugi.
A22: Penerapan standar akutansi baru | C22: Pernyataan Standar Akuntansi Keuangan (PSAK) dan Interpretasi Standar Akuntansi Keuangan (ISAK) yang telah disahkan oleh Dewan Standar Akuntansi Keuangan (DSAK) namun belum berlaku efektif untuk laporan keuangan untuk tahun buku yang dimulai pada tanggal 1 January 2022 adalah sebagai berikut: - Amandemen PSAK 1 : “Penyajian Laporan Keuangan” tentang pengungkapan kebijakan akuntansi yang mengubah istilah “signifikan” menjadi “material” dan memberi penjelasan mengenai kebijakan akuntansi material”; - Amendemen PSAK 1: “Penyajian Laporan Keuangan” tentang klasifikasi liabilitas; - Amendemen PSAK 25: “Kebijakan Akuntansi, Perubahan Estimasi Akuntansi, dan Kesalahan” tentang definisi “estimasi akuntansi” dan penjelasannya; - Amendemen PSAK 16: “Aset Tetap” tentang hasil sebelum penggunaan yang diintensikan; - Amendemen PSAK 46: “Pajak Penghasilan” tentang Pajak Tangguhan terkait Aset dan Liabilitas yang timbul dari Transaksi Tunggal yang diadopsi dari Amendemen IAS 12 Income Taxes tentang Deferred Tax related to Assets and Liabilities arising from a Single Transaction; dan - Amendemen PSAK 107: “Akuntansi Ijarah” Standar tersebut akan berlaku efektif pada 1 Januari 2023 dan penerapan dini diperbolehkan. - Amandemen PSAK 1: “Penyajian Laporan Keuangan Tentang Klasifikasi Liabilitas Sebagai Jangka Pendek Atau Jangka Panjang”. - Amendemen PSAK 73: “Sewa” terkait liabilitas sewa pada transaksi jual dan sewa-balik. Standar tersebut akan berlaku efektif pada 1 Januari 2024 dan penerapan dini diperbolehkan. - PSAK 74 "Kontrak Asuransi"; - Amandemen PSAK 74 : “Kontak Asuransi” terkait Penerapan Awal PSAK 74 dan PSAK 71 – Informasi Komparatif. Standar tersebut akan berlaku efektif pada 1 Januari 2025. Pada saat penerbitan laporan keuangan konsolidasian, Bank CIMB Niaga dan Entitas Anak masih mengevaluasi dampak yang mungkin timbul dari penerapan standar baru dan revisi tersebut terhadap laporan keuangan. | D22: Pernyataan Standar Akuntansi Keuangan (PSAK) dan Interpretasi Standar Akuntansi Keuangan (ISAK) yang telah disahkan oleh Dewan Standar Akuntansi Keuangan (DSAK) namun belum berlaku efektif untuk laporan keuangan untuk tahun buku yang dimulai pada tanggal 1 January 2023 adalah sebagai berikut: - Amandemen PSAK 1: “Penyajian Laporan Keuangan Tentang Klasifikasi Liabilitas Sebagai Jangka Pendek Atau Jangka Panjang”. - Amendemen PSAK 73: “Sewa” terkait liabilitas sewa pada transaksi jual dan sewa-balik Standar tersebut akan berlaku efektif pada 1 Januari 2024 dan penerapan dini diperbolehkan. - PSAK 74 "Kontrak Asuransi"; - Amandemen PSAK 74: “Kontrak Asuransi” terkait Penerapan Awal PSAK 74 dan PSAK 71 – Informasi Komparatif. Standar tersebut akan berlaku efektif pada 1 Januari 2025. Pada saat penerbitan laporan keuangan konsolidasian, Bank CIMB Niaga dan Entitas Anak masih mengevaluasi dampak yang mungkin timbul dari penerapan standar baru dan revisi tersebut terhadap laporan keuangan. | E22: Dewan Standar Akuntansi Keuangan Ikatan Akuntan Indonesia (-IAI) telah melakukan amandemen atas beberapa standar akuntansi yang berlaku efektif pada tanggal 1 Januari 2024, sebagai berikut: - Amandemen PSAK 201 (sebelumya PSAK 1): Laporan Keuangan Tentang Klasifikasi Liabilitas Sebagai Jangka Pendek Atau Jangka Panjang - Amendemen PSAK 116 (sebelumnya PSAK 73): terkait liabilitas sewa pada transaksi jual dan sewa-balik. - Amendemen PSAK 207 Arus Kas. - Amandemen PSAK 107 Keuangan: Pengungkapan Pengaturan Pembiayaan Pemasok.
A23: Kombinasi bisnis
A24: Penentuan nilai wajar | C24: Nilai wajar adalah harga yang akan diterima untuk menjual suatu aset atau harga yang akan dibayar untuk mengalihkan suatu liabilitas dalam transaksi teratur (orderly transaction) antara pelaku pasar (market participants) pada tanggal pengukuran di pasar utama atau, jika tidak terdapat pasar utama, di pasar dimana Bank CIMB Niaga dan Entitas Anak memiliki akses pada tanggal tersebut, atau menggunakan teknik penilaian atau penilaian internal yang didasarkan pada data yang dapat diobservasi dari instrumen keuangan yang sama dengan model tertentu. Nilai wajar liabilitas mencerminkan risiko wanprestasinya. Jika tersedia, Bank CIMB Niaga dan Entitas Anak mengukur nilai wajar instrumen keuangan dengan menggunakan harga kuotasian di pasar aktif untuk instrumen tersebut. Instrumen keuangan dianggap memiliki kuotasi di pasar aktif, jika harga kuotasi tersedia sewaktu-waktu dan dapat diperoleh secara rutin dari bursa, pedagang efek (dealer), perantara efek (broker), kelompok industri, badan pengawas (pricing service atau regulatory agency), dan harga tersebut mencerminkan transaksi pasar yang aktual dan rutin dalam suatu transaksi yang wajar. Jika kriteria di atas tidak terpenuhi, maka pasar aktif dinyatakan tidak tersedia. Indikasi-indikasi dari pasar tidak aktif adalah terdapat selisih yang besar antara harga penawaran dan permintaan atau kenaikan signifikan dalam selisih harga penawaran dan permintaan dan hanya terdapat beberapa transaksi terkini. Nilai wajar untuk instrumen keuangan yang diperdagangkan di pasar aktif ditentukan berdasarkan nilai pasar yang berlaku pada tanggal laporan posisi keuangan. Termasuk di dalamnya adalah nilai pasar dari IDMA (Interdealer Market Association) atau harga yang diberikan oleh broker (quoted price) dari Bloomberg dan Reuters pada tanggal laporan posisi keuangan. Nilai wajar untuk semua instrumen keuangan lainnya ditentukan dengan menggunakan teknik penilaian. Dengan teknik ini, nilai wajar merupakan suatu estimasi yang dihasilkan dari data yang dapat diobservasi dari instrumen keuangan yang sama, menggunakan model-model untuk mendapatkan estimasi nilai kini dari arus kas masa depan yang diharapkan atau teknik penilaian lainnya menggunakan input yang tersedia pada tanggal laporan posisi keuangan konsolidasian. Bank menggunakan beberapa teknik penilaian yang digunakan secara umum untuk menentukan nilai wajar dari instrumen keuangan dengan tingkat kompleksitas yang rendah, seperti opsi mata uang, swap suku bunga dan swap mata uang. Input yang digunakan dalam teknik penilaian untuk instrumen keuangan di atas adalah data pasar yang dapat diobservasi. Untuk instrumen yang lebih kompleks, Bank CIMB Niaga menggunakan model penilaian internal, yang pada umumnya berdasarkan teknik dan metode penilaian yang umumnya diakui sebagai transacted standar industri. Model penilaian terutama digunakan untuk menilai kontrak derivatif yang ditransaksikan melalui pasar over the counter (OTC) dan instrumen hutang lainnya yang pasarnya tidak aktif. Input dari model ini tidak berasal dari data yang dapat diobservasi di pasar. Untuk instrumen keuangan yang tidak mempunyai harga pasar, estimasi atas nilai wajar ditetapkan dengan mengacu pada nilai wajar instrumen lain yang secara substansi memiliki karakteristik yang sama atau dihitung berdasarkan ekspektasi arus kas yang didiskonto dengan tingkat suku bunga pasar yang relevan. Structured interest rate derivatives ditentukan menggunakan option pricing models (sebagai contoh, the Black-Scholes model). Pada saat nilai wajar dari unlisted equity instruments tidak dapat ditentukan dengan handal, instrumen tersebut dinilai sebesar biaya perolehan dikurangi penurunan nilai. Nilai wajar atas kredit yang diberikan dan piutang, serta liabilitas kepada bank dan nasabah ditentukan menggunakan nilai kini berdasarkan arus kas kontraktual dengan mempertimbangkan kualitas kredit, likuiditas, dan biaya. Bukti terbaik dari nilai wajar pada saat pengakuan awal adalah harga transaksinya (yaitu nilai wajar pembayaran yang diserahkan atau diterima), kecuali nilai wajar dari instrumen tersebut dapat dibuktikan dengan perbandingan transaksi untuk instrumen yang sama di pasar terkini yang dapat diobservasi (yaitu yang tanpa modifikasi atau re-packaging) atau berdasarkan teknik penilaian dimana variabelnya hanya data dari pasar yang dapat diobservasi. Untuk instrumen keuangan yang diukur menggunakan nilai wajar, Bank CIMB Niaga dan Entitas Anak menggunakan hirarki nilai wajar yang mencerminkan signifikasi input yang digunakan dalam melakukan pengukuran (tingkat 1, 2, dan 3) seperti dijelaskan pada Catatan 51e. | D24: Nilai wajar adalah harga yang akan diterima untuk menjual suatu aset atau harga yang akan dibayar untuk mengalihkan suatu liabilitas dalam transaksi teratur (orderly transaction) antara pelaku pasar (market participants) pada tanggal pengukuran di pasar utama atau, jika tidak terdapat pasar utama, di pasar dimana Bank CIMB Niaga dan Entitas Anak memiliki akses pada tanggal tersebut, atau menggunakan teknik penilaian atau penilaian internal yang didasarkan pada data yang dapat diobservasi dari instrumen keuangan yang sama dengan model tertentu. Nilai wajar liabilitas mencerminkan risiko wanprestasinya. Jika tersedia, Bank CIMB Niaga dan Entitas Anak mengukur nilai wajar instrumen keuangan dengan menggunakan harga kuotasian di pasar aktif untuk instrumen tersebut. Instrumen keuangan dianggap memiliki kuotasi di pasar aktif, jika harga kuotasi tersedia sewaktu-waktu dan dapat diperoleh secara rutin dari bursa, pedagang efek (dealer), perantara efek (broker), kelompok industri, badan pengawas (pricing service atau regulatory agency), dan harga tersebut mencerminkan transaksi pasar yang aktual dan rutin dalam suatu transaksi yang wajar. Jika kriteria di atas tidak terpenuhi, maka pasar aktif dinyatakan tidak tersedia. Indikasi-indikasi dari pasar tidak aktif adalah terdapat selisih yang besar antara harga penawaran dan permintaan atau kenaikan signifikan dalam selisih harga penawaran dan permintaan dan hanya terdapat beberapa transaksi terkini. Nilai wajar untuk instrumen keuangan yang diperdagangkan di pasar aktif ditentukan berdasarkan nilai pasar yang berlaku pada tanggal laporan posisi keuangan. Termasuk di dalamnya adalah nilai pasar dari IDMA (Interdealer Market Association) atau harga yang diberikan oleh broker (quoted price) dari Bloomberg dan Reuters pada tanggal laporan posisi keuangan. Nilai wajar untuk semua instrumen keuangan lainnya ditentukan dengan menggunakan teknik penilaian. Dengan teknik ini, nilai wajar merupakan suatu estimasi yang dihasilkan dari data yang dapat diobservasi dari instrumen keuangan yang sama, menggunakan model-model untuk mendapatkan estimasi nilai kini dari arus kas masa depan yang diharapkan atau teknik penilaian lainnya menggunakan input yang tersedia pada tanggal laporan posisi keuangan konsolidasian. Bank menggunakan beberapa teknik penilaian yang digunakan secara umum untuk menentukan nilai wajar dari instrumen keuangan dengan tingkat kompleksitas yang rendah, seperti opsi mata uang, swap suku bunga dan swap mata uang. Input yang digunakan dalam teknik penilaian untuk instrumen keuangan di atas adalah data pasar yang dapat diobservasi. Untuk instrumen yang lebih kompleks, Bank CIMB Niaga menggunakan model penilaian internal, yang pada umumnya berdasarkan teknik dan metode penilaian yang umumnya diakui sebagai transacted standar industri. Model penilaian terutama digunakan untuk menilai kontrak derivatif yang ditransaksikan melalui pasar over the counter (OTC) dan instrumen hutang lainnya yang pasarnya tidak aktif. Input dari model ini tidak berasal dari data yang dapat diobservasi di pasar. Untuk instrumen keuangan yang tidak mempunyai harga pasar, estimasi atas nilai wajar ditetapkan dengan mengacu pada nilai wajar instrumen lain yang secara substansi memiliki karakteristik yang sama atau dihitung berdasarkan ekspektasi arus kas yang didiskonto dengan tingkat suku bunga pasar yang relevan. Structured interest rate derivatives ditentukan menggunakan option pricing models (sebagai contoh, the Black-Scholes model). Pada saat nilai wajar dari unlisted equity instruments tidak dapat ditentukan dengan handal, instrumen tersebut dinilai sebesar biaya perolehan dikurangi penurunan nilai. Nilai wajar atas kredit yang diberikan dan piutang, serta liabilitas kepada bank dan nasabah ditentukan menggunakan nilai kini berdasarkan arus kas kontraktual dengan mempertimbangkan kualitas kredit, likuiditas, dan biaya. Bukti terbaik dari nilai wajar pada saat pengakuan awal adalah harga transaksinya (yaitu nilai wajar pembayaran yang diserahkan atau diterima), kecuali nilai wajar dari instrumen tersebut dapat dibuktikan dengan perbandingan transaksi untuk instrumen yang sama di pasar terkini yang dapat diobservasi (yaitu yang tanpa modifikasi atau re-packaging) atau berdasarkan teknik penilaian dimana variabelnya hanya data dari pasar yang dapat diobservasi. Untuk instrumen keuangan yang diukur menggunakan nilai wajar, Bank CIMB Niaga dan Entitas Anak menggunakan hirarki nilai wajar yang mencerminkan signifikasi input yang digunakan dalam melakukan pengukuran (tingkat 1, 2, dan 3) seperti dijelaskan pada Catatan 51e. | E24: Nilai wajar adalah harga yang akan diterima untuk menjual suatu aset atau harga yang akan dibayar untuk mengalihkan suatu liabilitas dalam transaksi teratur (orderly transaction) antara pelaku pasar (market participants) pada tanggal pengukuran di pasar utama atau, jika tidak terdapat pasar utama, di pasar dimana Bank CIMB Niaga dan Entitas Anak memiliki akses pada tanggal tersebut, atau menggunakan teknik penilaian atau penilaian internal yang didasarkan pada data yang dapat diobservasi dari instrumen keuangan yang sama dengan model tertentu. Nilai wajar liabilitas mencerminkan risiko wanprestasinya. Jika tersedia, Bank CIMB Niaga dan Entitas Anak mengukur nilai wajar instrumen keuangan dengan menggunakan harga kuotasian di pasar aktif untuk instrumen tersebut. Instrumen keuangan dianggap memiliki kuotasi di pasar aktif, jika harga kuotasi tersedia sewaktu-waktu dan dapat diperoleh secara rutin dari bursa, pedagang efek (dealer), perantara efek (broker), kelompok industri, badan pengawas (pricing service atau regulatory agency), dan harga tersebut mencerminkan transaksi pasar yang aktual dan rutin dalam suatu transaksi yang wajar. Jika kriteria di atas tidak terpenuhi, maka pasar aktif dinyatakan tidak tersedia. Indikasi-indikasi dari pasar tidak aktif adalah terdapat selisih yang besar antara harga penawaran dan permintaan atau kenaikan signifikan dalam selisih harga penawaran dan permintaan dan hanya terdapat beberapa transaksi terkini. Nilai wajar untuk instrumen keuangan yang diperdagangkan di pasar aktif ditentukan berdasarkan nilai pasar yang berlaku pada tanggal laporan posisi keuangan. Termasuk di dalamnya adalah nilai pasar dari IDMA (Interdealer Market Association) atau harga yang diberikan oleh broker (quoted price) dari Bloomberg dan Reuters pada tanggal laporan posisi keuangan. Nilai wajar untuk semua instrumen keuangan lainnya ditentukan dengan menggunakan teknik penilaian. Dengan teknik ini, nilai wajar merupakan suatu estimasi yang dihasilkan dari data yang dapat diobservasi dari instrumen keuangan yang sama, menggunakan model-model untuk mendapatkan estimasi nilai kini dari arus kas masa depan yang diharapkan atau teknik penilaian lainnya menggunakan input yang tersedia pada tanggal laporan posisi keuangan konsolidasian. Bank menggunakan beberapa teknik penilaian yang digunakan secara umum untuk menentukan nilai wajar dari instrumen keuangan dengan tingkat kompleksitas yang rendah, seperti opsi mata uang, swap suku bunga dan swap mata uang. Input yang digunakan dalam teknik penilaian untuk instrumen keuangan di atas adalah data pasar yang dapat diobservasi. Untuk instrumen yang lebih kompleks, Bank CIMB Niaga menggunakan model penilaian internal, yang pada umumnya berdasarkan teknik dan metode penilaian yang umumnya diakui sebagai transacted standar industri. Model penilaian terutama digunakan untuk menilai kontrak derivatif yang ditransaksikan melalui pasar over the counter (OTC) dan instrumen hutang lainnya yang pasarnya tidak aktif. Input dari model ini tidak berasal dari data yang dapat diobservasi di pasar. Untuk instrumen keuangan yang tidak mempunyai harga pasar, estimasi atas nilai wajar ditetapkan dengan mengacu pada nilai wajar instrumen lain yang secara substansi memiliki karakteristik yang sama atau dihitung berdasarkan ekspektasi arus kas yang didiskonto dengan tingkat suku bunga pasar yang relevan. Structured interest rate derivatives ditentukan menggunakan option pricing models (sebagai contoh, the Black-Scholes model). Pada saat nilai wajar dari unlisted equity instruments tidak dapat ditentukan dengan handal, instrumen tersebut dinilai sebesar biaya perolehan dikurangi penurunan nilai. Nilai wajar atas kredit yang diberikan dan piutang, serta liabilitas kepada bank dan nasabah ditentukan menggunakan nilai kini berdasarkan arus kas kontraktual dengan mempertimbangkan kualitas kredit, likuiditas, dan biaya. Bukti terbaik dari nilai wajar pada saat pengakuan awal adalah harga transaksinya (yaitu nilai wajar pembayaran yang diserahkan atau diterima), kecuali nilai wajar dari instrumen tersebut dapat dibuktikan dengan perbandingan transaksi untuk instrumen yang sama di pasar terkini yang dapat diobservasi (yaitu yang tanpa modifikasi atau re-packaging) atau berdasarkan teknik penilaian dimana variabelnya hanya data dari pasar yang dapat diobservasi. Untuk instrumen keuangan yang diukur menggunakan nilai wajar, Bank CIMB Niaga dan Entitas Anak menggunakan hirarki nilai wajar yang mencerminkan signifikasi input yang digunakan dalam melakukan pengukuran (tingkat 1, 2, dan 3) seperti dijelaskan pada Catatan 51e. | F24: Nilai wajar adalah harga yang akan diterima untuk menjual suatu aset atau harga yang akan dibayar untuk mengalihkan suatu liabilitas dalam transaksi teratur (orderly transaction) antara pelaku pasar (market participants) pada tanggal pengukuran di pasar utama atau, jika tidak terdapat pasar utama, di pasar dimana Bank CIMB Niaga dan Entitas Anak memiliki akses pada tanggal tersebut, atau menggunakan teknik penilaian atau penilaian internal yang didasarkan pada data yang dapat diobservasi dari instrumen keuangan yang sama dengan model tertentu. Nilai wajar liabilitas mencerminkan risiko wanprestasinya. Jika tersedia, Bank CIMB Niaga dan Entitas Anak mengukur nilai wajar instrumen keuangan dengan menggunakan harga kuotasian di pasar aktif untuk instrumen tersebut. Instrumen keuangan dianggap memiliki kuotasi di pasar aktif, jika harga kuotasi tersedia sewaktu-waktu dan dapat diperoleh secara rutin dari bursa, pedagang efek (dealer), perantara efek (broker), kelompok industri, badan pengawas (pricing service atau regulatory agency), dan harga tersebut mencerminkan transaksi pasar yang aktual dan rutin dalam suatu transaksi yang wajar. Jika kriteria di atas tidak terpenuhi, maka pasar aktif dinyatakan tidak tersedia. Indikasi-indikasi dari pasar tidak aktif adalah terdapat selisih yang besar antara harga penawaran dan permintaan atau kenaikan signifikan dalam selisih harga penawaran dan permintaan dan hanya terdapat beberapa transaksi terkini. Nilai wajar untuk instrumen keuangan yang diperdagangkan di pasar aktif ditentukan berdasarkan nilai pasar yang berlaku pada tanggal laporan posisi keuangan. Termasuk di dalamnya adalah nilai pasar dari IDMA (Interdealer Market Association) atau harga yang diberikan oleh broker (quoted price) dari Bloomberg dan Reuters pada tanggal laporan posisi keuangan. Nilai wajar untuk semua instrumen keuangan lainnya ditentukan dengan menggunakan teknik penilaian. Dengan teknik ini, nilai wajar merupakan suatu estimasi yang dihasilkan dari data yang dapat diobservasi dari instrumen keuangan yang sama, menggunakan model-model untuk mendapatkan estimasi nilai kini dari arus kas masa depan yang diharapkan atau teknik penilaian lainnya menggunakan input yang tersedia pada tanggal laporan posisi keuangan konsolidasian. Bank menggunakan beberapa teknik penilaian yang digunakan secara umum untuk menentukan nilai wajar dari instrumen keuangan dengan tingkat kompleksitas yang rendah, seperti opsi mata uang, swap suku bunga dan swap mata uang. Input yang digunakan dalam teknik penilaian untuk instrumen keuangan di atas adalah data pasar yang dapat diobservasi. Untuk instrumen yang lebih kompleks, Bank CIMB Niaga menggunakan model penilaian internal, yang pada umumnya berdasarkan teknik dan metode penilaian yang umumnya diakui sebagai transacted standar industri. Model penilaian terutama digunakan untuk menilai kontrak derivatif yang ditransaksikan melalui pasar over the counter (OTC) dan instrumen hutang lainnya yang pasarnya tidak aktif. Input dari model ini tidak berasal dari data yang dapat diobservasi di pasar. Untuk instrumen keuangan yang tidak mempunyai harga pasar, estimasi atas nilai wajar ditetapkan dengan mengacu pada nilai wajar instrumen lain yang secara substansi memiliki karakteristik yang sama atau dihitung berdasarkan ekspektasi arus kas yang didiskonto dengan tingkat suku bunga pasar yang relevan. Structured interest rate derivatives ditentukan menggunakan option pricing models (sebagai contoh, the Black-Scholes model). Pada saat nilai wajar dari unlisted equity instruments tidak dapat ditentukan dengan handal, instrumen tersebut dinilai sebesar biaya perolehan dikurangi penurunan nilai. Nilai wajar atas kredit yang diberikan dan piutang, serta liabilitas kepada bank dan nasabah ditentukan menggunakan nilai kini berdasarkan arus kas kontraktual dengan mempertimbangkan kualitas kredit, likuiditas, dan biaya. Bukti terbaik dari nilai wajar pada saat pengakuan awal adalah harga transaksinya (yaitu nilai wajar pembayaran yang diserahkan atau diterima), kecuali nilai wajar dari instrumen tersebut dapat dibuktikan dengan perbandingan transaksi untuk instrumen yang sama di pasar terkini yang dapat diobservasi (yaitu yang tanpa modifikasi atau re-packaging) atau berdasarkan teknik penilaian dimana variabelnya hanya data dari pasar yang dapat diobservasi. Untuk instrumen keuangan yang diukur menggunakan nilai wajar, Bank CIMB Niaga dan Entitas Anak menggunakan hirarki nilai wajar yang mencerminkan signifikasi input yang digunakan dalam melakukan pengukuran (tingkat 1, 2, dan 3) seperti dijelaskan pada Catatan 51e.
A25: Transaksi dan saldo dalam mata uang asing | C25: Transaksi dalam mata uang asing dijabarkan ke dalam mata uang Rupiah dengan menggunakan kurs yang berlaku pada tanggal transaksi. Aset dan liabilitas moneter dalam mata uang asing dijabarkan ke dalam Rupiah menggunakan kurs penutupan pada tanggal pelaporan dengan menggunakan kurs spot Bank Indonesia di sistem Reuters pada pukul 16.00 WIB untuk tanggal 31 Desember 2022, 2021, dan 2020. Aset dan liabilitas nonmoneter dalam mata uang asing yang diukur berdasarkan biaya historis dijabarkan ke dalam Rupiah dengan kurs pada tanggal pengakuan awal. Aset dan liabilitas nonmoneter yang diukur berdasarkan nilai wajar dijabarkan ke dalam Rupiah dengan kurs pada tanggal nilai wajar ditentukan. Keuntungan atau kerugian selisih kurs yang timbul dari transaksi dalam mata uang asing dan dari penjabaran aset dan liabilitas moneter dalam mata uang asing, diakui sebagai laba/rugi, kecuali apabila ditangguhkan pada pendapatan komprehensif lainnya sebagai lindung nilai arus kas yang memenuhi syarat. Selisih penjabaran mata uang asing atas efek utang dan aset moneter keuangan lainnya yang diukur berdasarkan nilai wajar dicatat sebagai bagian dari keuntungan dan kerugian selisih kurs. | D25: Transaksi dalam mata uang asing dijabarkan ke dalam mata uang Rupiah dengan menggunakan kurs yang berlaku pada tanggal transaksi. Aset dan liabilitas moneter dalam mata uang asing dijabarkan ke dalam Rupiah menggunakan kurs penutupan pada tanggal pelaporan dengan menggunakan kurs spot Bank Indonesia di sistem Reuters pada pukul 16.00 WIB untuk tanggal 31 Desember 2023, 2022, dan 2021. Aset dan liabilitas non-moneter dalam mata uang asing yang diukur berdasarkan biaya historis dijabarkan ke dalam Rupiah dengan kurs pada tanggal pengakuan awal. Aset dan liabilitas non-moneter yang diukur berdasarkan nilai wajar dijabarkan ke dalam Rupiah dengan kurs pada tanggal nilai wajar ditentukan. Keuntungan atau kerugian selisih kurs yang timbul dari transaksi dalam mata uang asing dan dari penjabaran aset dan liabilitas moneter dalam mata uang asing, diakui sebagai laba/rugi, kecuali apabila ditangguhkan pada pendapatan komprehensif lainnya sebagai lindung nilai arus kas yang memenuhi syarat. Selisih penjabaran mata uang asing atas efek utang dan aset moneter keuangan lainnya yang diukur berdasarkan nilai wajar dicatat sebagai bagian dari keuntungan dan kerugian selisih kurs. | E25: Transaksi dalam mata uang asing dijabarkan ke dalam mata uang Rupiah dengan menggunakan kurs yang berlaku pada tanggal transaksi. Aset dan liabilitas moneter dalam mata uang asing dijabarkan ke dalam Rupiah menggunakan kurs penutupan pada tanggal pelaporan dengan menggunakan kurs spot Bank Indonesia di sistem Reuters pada pukul 16.00 WIB untuk tanggal 30 September 2024 dan 31 Desember 2023. Aset dan liabilitas non-moneter dalam mata uang asing yang diukur berdasarkan biaya historis dijabarkan ke dalam Rupiah dengan kurs pada tanggal pengakuan awal. Aset dan liabilitas non-moneter yang diukur berdasarkan nilai wajar dijabarkan ke dalam Rupiah dengan kurs pada tanggal nilai wajar ditentukan. Keuntungan atau kerugian selisih kurs yang timbul dari transaksi dalam mata uang asing dan dari penjabaran aset dan liabilitas moneter dalam mata uang asing, diakui sebagai laba rugi, kecuali apabila ditangguhkan pada pendapatan komprehensif lainnya sebagai lindung nilai arus kas yang memenuhi syarat. Selisih penjabaran mata uang asing atas efek utang dan aset moneter keuangan lainnya yang diukur berdasarkan nilai wajar dicatat sebagai bagian dari keuntungan dan kerugian selisih kurs. | F25: Aset dan liabilitas moneter dalam mata uang asing dijabarkan ke dalam Rupiah menggunakan kurs penutupan pada tanggal pelaporan dengan menggunakan kurs spot Bank Indonesia di sistem Reuters pada pukul 16.00 WIB untuk tanggal 31 Desember 2025, 2024, dan 2023. Aset dan liabilitas non-moneter dalam mata uang asing yang diukur berdasarkan biaya historis dijabarkan ke dalam Rupiah dengan kurs pada tanggal pengakuan awal. Aset dan liabilitas non-moneter yang diukur berdasarkan nilai wajar dijabarkan ke dalam Rupiah dengan kurs pada tanggal nilai wajar ditentukan. Keuntungan atau kerugian selisih kurs yang timbul dari transaksi dalam mata uang asing dan dari penjabaran aset dan liabilitas moneter dalam mata uang asing, diakui sebagai laba rugi, kecuali apabila ditangguhkan pada pendapatan komprehensif lainnya sebagai lindung nilai arus kas yang memenuhi syarat. Selisih penjabaran mata uang asing atas efek utang dan aset moneter keuangan lainnya yang diukur berdasarkan nilai wajar dicatat sebagai bagian dari keuntungan dan kerugian selisih kurs.
A26: Giro pada Bank Indonesia dan bank lain | C26: Giro pada bank lain dan Bank Indonesia (BI) diklasifikasikan sebagai biaya perolehan yang diamortisasi. Lihat Catatan 2f untuk kebijakan akuntansi atas biaya perolehan yang diamortisasi. Giro pada bank lain dan Bank Indonesia dinyatakan sebesar saldo giro dikurangi dengan cadangan kerugian penurunan nilai. Giro Wajib Minimum (dahulu disebut Giro Wajib Minimum Primer) adalah simpanan minimum yang wajib dipelihara oleh Bank dalam bentuk saldo rekening giro pada BI yang besarnya ditetapkan oleh BI sebesar persentase tertentu dari dana pihak ketiga. Penyangga Likuiditas Makroprudensial (dahulu disebut Giro Wajib Minimum Sekunder) adalah cadangan minimum yang wajib dipelihara oleh Bank dalam bentuk Sertifikat Bank Indonesia (SBI), Sertifikat Deposito Bank Indonesia (SDBI), Surat Utang Negara (SUN) dan/atau Surat Berharga Negara (SBN), yang besarnya ditetapkan BI sebesar persentase tertentu. | D26: Giro pada bank lain dan Bank Indonesia (BI) diklasifikasikan sebagai biaya perolehan yang diamortisasi. Lihat Catatan 2f untuk kebijakan akuntansi atas biaya perolehan yang diamortisasi. Giro pada bank lain dan Bank Indonesia dinyatakan sebesar saldo giro dikurangi dengan cadangan kerugian penurunan nilai. Giro Wajib Minimum (dahulu disebut Giro Wajib Minimum Primer) adalah simpanan minimum yang wajib dipelihara oleh Bank dalam bentuk saldo rekening giro pada BI yang besarnya ditetapkan oleh BI sebesar persentase tertentu dari dana pihak ketiga. Penyangga Likuiditas Makroprudensial (dahulu disebut Giro Wajib Minimum Sekunder) adalah cadangan minimum yang wajib dipelihara oleh Bank dalam bentuk Sertifikat Bank Indonesia (SBI), Sertifikat Deposito Bank Indonesia (SDBI), Surat Utang Negara (SUN) dan/atau Surat Berharga Negara (SBN), yang besarnya ditetapkan BI sebesar persentase tertentu. | E26: Giro pada bank lain dan Bank Indonesia () diklasifikasikan sebagai biaya perolehan yang diamortisasi. Lihat Catatan 2f untuk kebijakan akuntansi atas biaya perolehan yang diamortisasi. Giro pada bank lain dan Bank Indonesia dinyatakan sebesar saldo giro dikurangi dengan cadangan kerugian penurunan nilai. Giro Wajib Minimum (dahulu disebut Giro Wajib Minimum Primer) adalah simpanan minimum yang wajib dipelihara oleh Bank dalam bentuk saldo rekening giro pada BI yang besarnya ditetapkan oleh BI sebesar persentase tertentu dari dana pihak ketiga. Penyangga Likuiditas Makroprudensial (dahulu disebut Giro Wajib Minimum Sekunder) adalah cadangan minimum yang wajib dipelihara oleh Bank dalam bentuk Sertifikat Bank Indonesia (), Sekuritas Rupiah Bank Indonesia (), Sertifikat Deposito Bank Indonesia (), Surat Utang Negara () dan/atau Surat Berharga Negara (), yang besarnya ditetapkan BI sebesar persentase tertentu. | F26: Giro pada bank lain dan Bank Indonesia () diklasifikasikan sebagai biaya perolehan yang diamortisasi. Lihat Catatan 2f untuk kebijakan akuntansi atas biaya perolehan yang diamortisasi. Giro pada bank lain dan Bank Indonesia dinyatakan sebesar saldo giro dikurangi dengan cadangan kerugian penurunan nilai. Giro Wajib Minimum (dahulu disebut Giro Wajib Minimum Primer) adalah simpanan minimum yang wajib dipelihara oleh Bank dalam bentuk saldo rekening giro pada BI yang besarnya ditetapkan oleh BI sebesar persentase tertentu dari dana pihak ketiga. Penyangga Likuiditas Makroprudensial (dahulu disebut Giro Wajib Minimum Sekunder) adalah cadangan minimum yang wajib dipelihara oleh Bank dalam bentuk Sertifikat Bank Indonesia (), Sekuritas Rupiah Bank Indonesia (), Sertifikat Deposito Bank Indonesia (), Surat Utang Negara () dan/atau Surat Berharga Negara (), yang besarnya ditetapkan BI sebesar persentase tertentu.
A27: Penempatan pada Bank Indonesia dan bank lain | C27: Penempatan pada bank lain dan Bank Indonesia diklasifikasikan sebagai biaya perolehan diamortisasi. Lihat Catatan 2f untuk kebijakan akuntansi atas biaya perolehan diamortisasi. | D27: Penempatan pada bank lain dan Bank Indonesia diklasifikasikan sebagai biaya perolehan diamortisasi. Lihat Catatan 2f untuk kebijakan akuntansi atas biaya perolehan diamortisasi. | E27: Penempatan pada bank lain dan Bank Indonesia diklasifikasikan sebagai biaya perolehan diamortisasi. Lihat Catatan 2f untuk kebijakan akuntansi atas biaya perolehan diamortisasi. | F27: Penempatan pada bank lain dan Bank Indonesia diklasifikasikan sebagai biaya perolehan diamortisasi. Lihat Catatan 2f untuk kebijakan akuntansi atas biaya perolehan diamortisasi.
A28: Efek-efek | C28: Efek-efek yang dimiliki terdiri dari SBI, obligasi korporasi, wesel jangka menengah, tagihan wesel ekspor, dan efek-efek pasar uang dan pasar modal lainnya. Efek-efek dan Obligasi Pemerintah diklasifikasikan sebagai aset keuangan yang diukur pada nilai wajar melalui laba/rugi, penghasilan komprehensif lain, dan biaya perolehan diamortisasi. Lihat Catatan 2f untuk kebijakan akuntansi atas aset keuangan dalam kelompok diukur pada nilai wajar melalui laba rugi, penghasilan komprehensif lain dan biaya perolehan diamortisasi. Efek-efek dan Obligasi Pemerintah yang memiliki jatuh tempo kurang dari satu tahun diklasifikasikan sebagai investasi likuid. | D28: Efek-efek yang dimiliki terdiri dari SBI, obligasi korporasi, wesel jangka menengah, tagihan wesel ekspor, dan efek-efek pasar uang dan pasar modal lainnya. Efek-efek dan Obligasi Pemerintah diklasifikasikan sebagai aset keuangan yang diukur pada nilai wajar melalui laba/rugi, penghasilan komprehensif lain, dan biaya perolehan diamortisasi. Lihat Catatan 2f untuk kebijakan akuntansi atas aset keuangan dalam kelompok diukur pada nilai wajar melalui laba rugi, penghasilan komprehensif lain dan biaya perolehan diamortisasi. Efek-efek dan Obligasi Pemerintah yang memiliki jatuh tempo kurang dari satu tahun diklasifikasikan sebagai investasi likuid. | E28: Efek-efek yang dimiliki terdiri dari SRBI, obligasi korporasi, wesel jangka menengah, tagihan wesel ekspor, reksadana dan efek-efek pasar uang dan pasar modal lainnya. Efek-efek dan Obligasi Pemerintah diklasifikasikan sebagai aset keuangan yang diukur pada nilai wajar melalui laba rugi, penghasilan komprehensif lain, dan biaya perolehan diamortisasi. Lihat Catatan 2f untuk kebijakan akuntansi atas aset keuangan dalam kelompok diukur pada nilai wajar melalui laba rugi, penghasilan komprehensif lain, dan biaya perolehan diamortisasi. Investasi dalam unit reksadana dinyatakan sebesar nilai pasar sesuai nilai aset bersih dari reksadana pada tanggal laporan posisi keuangan konsolidasian. Efek-efek dan Obligasi Pemerintah yang memiliki jatuh tempo kurang dari satu tahun diklasifikasikan sebagai investasi likuid. | F28: Efek-efek yang dimiliki terdiri dari SRBI, obligasi korporasi, wesel jangka menengah, tagihan wesel ekspor, reksadana dan efek-efek pasar uang dan pasar modal lainnya. Efek-efek dan Obligasi Pemerintah diklasifikasikan sebagai aset keuangan yang diukur pada nilai wajar melalui laba rugi, penghasilan komprehensif lain, dan biaya perolehan diamortisasi. Lihat Catatan 2f untuk kebijakan akuntansi atas aset keuangan dalam kelompok diukur pada nilai wajar melalui laba rugi, penghasilan komprehensif lain, dan biaya perolehan diamortisasi. Investasi dalam unit reksadana dinyatakan sebesar nilai pasar sesuai nilai aset bersih dari reksadana pada tanggal laporan posisi keuangan konsolidasian. Efek-efek dan Obligasi Pemerintah yang memiliki jatuh tempo kurang dari satu tahun diklasifikasikan sebagai investasi likuid.
A29: Investasi jangka pendek
A30: Aset hak guna | C30: Aset hak–guna pada awalnya diukur berdasarkan biaya yang terdiri dari: - Jumlah pengukuran awal liabilitas sewa - Nilai bersih dari setiap pembayaran sewa yang dilakukan pada/sebelum tanggal mulai sewa dengan aset insentif sewa yang diterima. - Biaya langsung awal; dan - Biaya penonaktifan atau pemulihan. Aset hak – guna yang bukan properti investasi selanjutnya diukur pada biaya perolehan, dikurangi akumulasi penyusutan dan kerugian penurunan nilai (jika ada). Aset hak – guna pada umumnya disusutkan mana yang lebih singkat selama masa manfaat aset dan masa sewa pada basis garis lurus. Jika Bank yakin akan melakukan opsi pembelian, aset hak – guna disusutkan selama masa manfaat aset pendasar. Selain itu, aset hak – guna akan disesuaikan untuk pengukuran kembali liabilitas sewa tertentu. Aset hak – guna disajikan dalam pos yang sama dengan pos yang digunakan untuk menyajikan aset pendasar serupa jika aset tersebut dimiliki. | D30: Aset hak–guna pada awalnya diukur berdasarkan biaya yang terdiri dari: - Jumlah pengukuran awal liabilitas sewa - Nilai bersih dari setiap pembayaran sewa yang dilakukan pada/sebelum tanggal mulai sewa dengan aset insentif sewa yang diterima. - Biaya langsung awal; dan - Biaya penonaktifan atau pemulihan. Aset hak – guna yang bukan properti investasi selanjutnya diukur pada biaya perolehan, dikurangi akumulasi penyusutan dan kerugian penurunan nilai (jika ada). Aset hak – guna pada umumnya disusutkan mana yang lebih singkat selama masa manfaat aset dan masa sewa pada basis garis lurus. Jika Bank yakin akan melakukan opsi pembelian, aset hak – guna disusutkan selama masa manfaat aset pendasar. Selain itu, aset hak – guna akan disesuaikan untuk pengukuran kembali liabilitas sewa tertentu. Aset hak – guna disajikan dalam pos yang sama dengan pos yang digunakan untuk menyajikan aset pendasar serupa jika aset tersebut dimiliki. | E30: Aset hak guna pada awalnya diukur berdasarkan biaya yang terdiri dari: - Jumlah pengukuran awal liabilitas sewa; - Nilai bersih dari setiap pembayaran sewa yang dilakukan pada/sebelum tanggal mulai sewa dengan aset insentif sewa yang diterima; - Biaya langsung awal; dan - Biaya penonaktifan atau pemulihan. Aset hak guna yang bukan properti investasi selanjutnya diukur pada biaya perolehan, dikurangi akumulasi penyusutan dan kerugian penurunan nilai (jika ada). Aset hak guna pada umumnya disusutkan mana yang lebih singkat selama masa manfaat aset dan masa sewa pada basis garis lurus. Jika Bank dan Entitas Anak yakin akan melakukan opsi pembelian, aset hak guna disusutkan selama masa manfaat aset pendasar. Selain itu, aset hak guna akan disesuaikan untuk pengukuran kembali liabilitas sewa tertentu. Aset hak guna disajikan dalam pos yang sama dengan pos yang digunakan untuk menyajikan aset pendasar serupa jika aset tersebut dimiliki. | F30: Aset hak guna pada awalnya diukur berdasarkan biaya yang terdiri dari: - Jumlah pengukuran awal liabilitas sewa; - Nilai bersih dari setiap pembayaran sewa yang dilakukan pada/sebelum tanggal mulai sewa dengan aset insentif sewa yang diterima; - Biaya langsung awal; dan - Biaya penonaktifan atau pemulihan. Aset hak guna yang bukan properti investasi selanjutnya diukur pada biaya perolehan, dikurangi akumulasi penyusutan dan kerugian penurunan nilai (jika ada). Aset hak guna pada umumnya disusutkan mana yang lebih singkat selama masa manfaat aset dan masa sewa pada basis garis lurus. Jika Bank dan Entitas Anak yakin akan melakukan opsi pembelian, aset hak guna disusutkan selama masa manfaat aset pendasar. Selain itu, aset hak guna akan disesuaikan untuk pengukuran kembali liabilitas sewa tertentu. Aset hak guna disajikan dalam pos yang sama dengan pos yang digunakan untuk menyajikan aset pendasar serupa jika aset tersebut dimiliki.
A31: Properti investasi
A32: Goodwill
A33: Investasi pada entitas asosiasi
A34: Aset takberwujud | C34: Aset takberwujud diakui jika, dan hanya jika, biaya perolehan aset tersebut dapat diukur secara andal dan kemungkinan besar Bank akan memperoleh manfaat ekonomis masa depan dari aset tersebut. Aset takberwujud terdiri dari perangkat lunak yang dibeli Bank. Perangkat lunak yang dibeli dicatat sebesar biaya perolehan dikurangi akumulasi amortisasi. Metode amortisasi, estimasi masa manfaat dan nilai residual ditelaah pada setiap akhir tahun pelaporan dan disesuaikan jika dianggap tepat. Masa manfaat perangkat lunak adalah lima hingga lima belas tahun. Metode amortisasi yang digunakan adalah garis lurus. Tidak terdapat aset takberwujud yang tidak dapat diestimasi umur ekonomisnya. | D34: Aset takberwujud diakui jika, dan hanya jika, biaya perolehan aset tersebut dapat diukur secara andal dan kemungkinan besar Bank akan memperoleh manfaat ekonomis masa depan dari aset tersebut. Aset takberwujud terdiri dari perangkat lunak yang dibeli Bank. Perangkat lunak yang dibeli dicatat sebesar biaya perolehan dikurangi akumulasi amortisasi. Metode amortisasi, estimasi masa manfaat dan nilai residual ditelaah pada setiap akhir tahun pelaporan dan disesuaikan jika dianggap tepat. Masa manfaat perangkat lunak adalah lima hingga lima belas tahun. Metode amortisasi yang digunakan adalah garis lurus. Tidak terdapat aset takberwujud yang tidak dapat diestimasi umur ekonomisnya. | E34: Aset takberwujud diakui jika, dan hanya jika, biaya perolehan aset tersebut dapat diukur secara andal dan kemungkinan besar Bank akan memperoleh manfaat ekonomis masa depan dari aset tersebut. Aset takberwujud terdiri dari perangkat lunak yang dibeli Bank. Perangkat lunak yang dibeli dicatat sebesar biaya perolehan dikurangi akumulasi amortisasi. Metode amortisasi, estimasi masa manfaat dan nilai residual ditelaah pada setiap akhir tahun pelaporan dan disesuaikan jika dianggap tepat. Masa manfaat perangkat lunak adalah lima hingga lima belas tahun. Metode amortisasi yang digunakan adalah garis lurus. Tidak terdapat aset takberwujud yang tidak dapat diestimasi umur ekonomisnya. | F34: Aset takberwujud diakui jika, dan hanya jika, biaya perolehan aset tersebut dapat diukur secara andal dan kemungkinan besar Bank akan memperoleh manfaat ekonomis masa depan dari aset tersebut. Aset takberwujud terdiri dari perangkat lunak yang dibeli Bank. Perangkat lunak yang dibeli dicatat sebesar biaya perolehan dikurangi akumulasi amortisasi. Metode amortisasi, estimasi masa manfaat dan nilai residual ditelaah pada setiap akhir tahun pelaporan dan disesuaikan jika dianggap tepat. Masa manfaat perangkat lunak adalah lima hingga lima belas tahun. Metode amortisasi yang digunakan adalah garis lurus. Tidak terdapat aset takberwujud yang tidak dapat diestimasi umur ekonomisnya.
